Workbook
Name Elementos: Distrib_Elementos!$D$1:$H$514

Sheet Reactivos resumen
A3: Tipo de contratación | B3: Proveedor o contratista 2023 | C3: Suma de Valor total | D3: Suma de Valor Total LNDV | E3: Suma de Valor total LDV | F3: Suma de Valor total LANIP | G3: Suma de Valor Total LDF | H3: Suma de Valor Total LDF&MR | I3: Suma de Valor Total SPA | J3: Suma de Valor Total LANIA | K3: Suma de Valor Total RED LASE
A4: Licitación pública | B4: ANNAR | C4: 2.1528847e+08 | D4: 71582930 | E4: 36072683 | F4: 44359036 | G4: 7771381.6 | H4: 1961051.5 | I4: 0 | J4: 53541386 | K4: 0
B5: AVÁNTIKA | C5: 2.6008814e+09 | D5: 6.4822632e+08 | E5: 9.164649e+08 | F5: 4.3274671e+08 | G5: 2.273364e+08 | H5: 70378323 | I5: 5376506.1 | J5: 2.7570239e+08 | K5: 24649819
B6: BIOCELL | C6: 4.144055e+08 | D6: 62646946 | E6: 52699187 | F6: 0 | G6: 182972968 | H6: 1.160864e+08 | I6: 0 | J6: 0 | K6: 0
B7: CAHOZ | C7: 6.7065289e+08 | D7: 2.3393317e+08 | E7: 1.8655068e+08 | F7: 2996455.4 | G7: 1.1530436e+08 | H7: 1.3186823e+08 | I7: 0 | J7: 0 | K7: 0
B8: CYMA | C8: 53020875 | D8: 14958869 | E8: 3102830.8 | F8: 12017292 | G8: 13988408 | H8: 3792059.7 | I8: 0 | J8: 2625572.2 | K8: 2535842.4
B9: DESIERTO | C9: 4.796347e+08 | D9: 1.6818908e+08 | E9: 88977776 | F9: 1.0752892e+08 | G9: 58265446 | H9: 13038757 | I9: 0 | J9: 43160068 | K9: 474657.68
B10: DISPROQUILAB | C10: 1274423.4 | D10: 182060.48 | E10: 273090.72 | F10: 91030.24 | G10: 546181.44 | H10: 0 | I10: 0 | J10: 182060.48 | K10: 0
B11: EQUIPOS Y LAB | C11: 43022308 | D11: 43022308 | E11: 0 | F11: 0 | G11: 0 | H11: 0 | I11: 0 | J11: 0 | K11: 0
B12: INSOLAB | C12: 29871092 | D12: 0 | E12: 0 | F12: 11145746 | G12: 0 | H12: 0 | I12: 0 | J12: 18725347 | K12: 0
B13: SCIENTIFIC PRODUCTS | C13: 1326440.6 | D13: 390129.6 | E13: 0 | F13: 442146.88 | G13: 130043.2 | H13: 0 | I13: 0 | J13: 364120.96 | K13: 0
B14: UT GENMEDIMALCO | C14: 2.8379789e+08 | D14: 97218395 | E14: 1.5248439e+08 | F14: 14744014 | G14: 14376003 | H14: 939808 | I14: 0 | J14: 1888358.4 | K14: 2146914.9
B15: VIDCOL | C15: 1.7707968e+08 | D15: 49908384 | E15: 15761892 | F15: 62793195 | G15: 10731165 | H15: 11077233 | I15: 0 | J15: 24669905 | K15: 2137910.2
B16: (en blanco) | C16: 0 | D16: 0 | E16: 0 | F16: 0 | G16: 0 | H16: 0 | I16: 0 | J16: 0 | K16: 0
A17: Total Licitación pública | C17: 4.9702556e+09 | D17: 1.3902586e+09 | E17: 1.4523874e+09 | F17: 6.8886454e+08 | G17: 6.3142236e+08 | H17: 3.4914185e+08 | I17: 5376506.1 | J17: 4.2085921e+08 | K17: 31945144
A18: Total general | C18: 4.9702556e+09 | D18: 1.3902586e+09 | E18: 1.4523874e+09 | F18: 6.8886454e+08 | G18: 6.3142236e+08 | H18: 3.4914185e+08 | I18: 5376506.1 | J18: 4.2085921e+08 | K18: 31945144

Sheet Resumen elementos
A3: Etiquetas de fila | B3: Proveedor o contratista 2023 | C3: Suma de Valor total del adjudicado | D3: Suma de Valor Total LNDV | E3: Suma de Valor total LDV | F3: Suma de Valor total LANIP | G3: Suma de Valor Total LDF | H3: Suma de Valor Total LDF&MR | I3: Suma de Valor Total RED LASE | J3: Suma de Valor Total LANIA | K3: Suma de Valor Total SPA
A4: Contratación directa | C4: 2.6989826e+08 | D4: 28783762 | E4: 19386840 | F4: 34092224 | G4: 97411460 | H4: 88539913 | I4: 0 | J4: 1684059.4 | K4: 0
B5: A M Asesoría y Mantenimiento Ltda | C5: 2.3618576e+08 | D5: 28783762 | E5: 19386840 | F5: 10523096 | G5: 88952150 | H5: 88539913 | I5: 0 | J5: 0 | K5: 0
B6: R Biopharm Colombia SAS | C6: 23569128 | D6: 0 | E6: 0 | F6: 23569128 | G6: 0 | H6: 0 | I6: 0 | J6: 0 | K6: 0
B7: Sanitas SAS | C7: 10143370 | D7: 0 | E7: 0 | F7: 0 | G7: 8459310.2 | H7: 0 | I7: 0 | J7: 1684059.4 | K7: 0
A8: Licitación pública | C8: 3.5997675e+09 | D8: 5.4487658e+08 | E8: 5.1206518e+08 | F8: 3.9030048e+08 | G8: 2.8055717e+08 | H8: 2.3924485e+08 | I8: 3.2288959e+08 | J8: 4.3047917e+08 | K8: 8.6201871e+08
B9: ANNAR | C9: 4551512 | D9: 0 | E9: 2275756 | F9: 0 | G9: 0 | H9: 0 | I9: 0 | J9: 2275756 | K9: 0
B10: AVANTIKA | C10: 2.6164499e+09 | D10: 4.2616177e+08 | E10: 3.6093419e+08 | F10: 3.0497562e+08 | G10: 1.7866518e+08 | H10: 1.6497277e+08 | I10: 3.1920781e+08 | J10: 3.2311148e+08 | K10: 5.3443815e+08
B11: CAHOZ | C11: 84434189 | D11: 16339668 | E11: 47006195 | F11: 14004352 | G11: 3756948 | H11: 0 | I11: 0 | J11: 3327025.2 | K11: 0
B12: CYMA | C12: 39175807 | D12: 133424.32 | E12: 4840847.2 | F12: 2074189 | G12: 2156625.5 | H12: 102723.2 | I12: 0 | J12: 3359991.2 | K12: 26508006
B13: DESIERTO | C13: 1.6899717e+08 | D13: 30272284 | E13: 25929919 | F13: 19934790 | G13: 24181690 | H13: 24020683 | I13: 1308220.4 | J13: 15524533 | K13: 14472202
B14: DISPROQUILAB | C14: 16894952 | D14: 10240902 | E14: 4241749.1 | F14: 0 | G14: 0 | H14: 357618.8 | I14: 0 | J14: 2054682.6 | K14: 0
B15: INSOLAB | C15: 20445652 | D15: 0 | E15: 383525.81 | F15: 14608331 | G15: 0 | H15: 0 | I15: 0 | J15: 5453795.4 | K15: 0
B16: JIMSA | C16: 5849212 | D16: 0 | E16: 945818.4 | F16: 185776 | G16: 1484022.4 | H16: 0 | I16: 0 | J16: 3233595.2 | K16: 0
B17: METALCORTE | C17: 81189093 | D17: 132644.06 | E17: 4187930.9 | F17: 634740.86 | G17: 705484.36 | H17: 88429.376 | I17: 0 | J17: 0 | K17: 75439863
B18: QUIMIREL | C18: 285574.87 | D18: 0 | E18: 0 | F18: 0 | G18: 0 | H18: 285574.87 | I18: 0 | J18: 0 | K18: 0
B19: SADIREP | C19: 1.8280752e+08 | D19: 894697.22 | E19: 8166487.8 | F19: 91467.36 | G19: 10972411 | H19: 6039577.8 | I19: 0 | J19: 1980153.6 | K19: 1.5466273e+08
B20: SCIENTIFIC PRODUCTS | C20: 7139371.7 | D20: 0 | E20: 936311.04 | F20: 0 | G20: 1144380.2 | H20: 3433140.5 | I20: 0 | J20: 1625540 | K20: 0
... B23: (en blanco) | C23: 0 | D23: 0 | E23: 0 | F23: 0 | G23: 0 | H23: 0 | I23: 0 | J23: 0 | K23: 0
A24: (en blanco) | C24: 0 | D24: 0 | E24: 0 | F24: 0 | G24: 0 | H24: 0 | I24: 0 | J24: 0 | K24: 0
B25: (en blanco) | C25: 0 | D25: 0 | E25: 0 | F25: 0 | G25: 0 | H25: 0 | I25: 0 | J25: 0 | K25: 0
A26: Total general | C26: 3.8696658e+09 | D26: 5.7366034e+08 | E26: 5.3145202e+08 | F26: 4.243927e+08 | G26: 3.7796863e+08 | H26: 3.2778476e+08 | I26: 3.2288959e+08 | J26: 4.3216322e+08 | K26: 8.6201871e+08

Sheet Distri_Reactivos
D1: DISTRIBUCIÓN REACTIVOS
A2: RESPONSABLE | B2: MAX | C2: Consecutivo oferta economica (las observaciones fueron realizadas con base en este número de ITEM) Dar respuesta teniendo en cuenta este número | D2: ítem | E2: Descripción técnica | F2: NUMERO CAS- PARA LOS QUE APLIQUE | G2: FORMULA PARA LOS QUE APLIQUE | H2: Marca-Ref | I2: Presentación | J2: Cantidad | K2: Valor de referencia | L2: Valor Total | M2: Cantidad LANIP | N2: Valor total LANIP | O2: Cantidad LDV | P2: Valor total LDV | Q2: Cantidad LNDV | R2: Valor Total LNDV | S2: GGCA | T2: Valor GGCA | U2: Cantidad LDF | V2: Valor Total LDF | W2: Cantidad LDF&MR | X2: Valor Total LDF&MR | Y2: Cantidad RED LASE | Z2: Valor Total RED LASE | AA2: Cantidad LANIA | AB2: Valor Total LANIA | AC2: Cantidad SPA | AD2: Valor Total SPA | AE2: Certificado de sustancias de estupefacientes | AF2: Carta de distribución
A3: =IF(B3=Reactivos_[[#This Row],[Cantidad LANIP]],"LANIP",IF(B3=Reactivos_[[#This Row],[Cantidad LDV]],"LDV",IF(B3=Reactivos_[[#This Row],[Cantidad LNDV]],"LNDV",IF(B3=Reactivos_[[#This Row],[GGCA]],"GGCA",IF(B3=Reactivos_[[#This Row],[Cantidad LDF]],"LDF",IF(Reactivos_[[#This Row],[Cantidad LDF&MR]],"LDF&MR",IF(B3=Reactivos_[[#This Row],[Cantidad RED LASE]],"LASE",IF(B3=Reactivos_[[#This Row],[Cantidad LANIA]],"LANIA",IF(B3=Reactivos_[[#This Row],[Cantidad SPA]],"SPA"," "))))))))) -> LDF&MR | B3: =MAX(Reactivos_[[#This Row],[Cantidad LANIP]],Reactivos_[[#This Row],[Cantidad LDV]],Reactivos_[[#This Row],[Cantidad LNDV]],Reactivos_[[#This Row],[GGCA]],Reactivos_[[#This Row],[Cantidad LDF]],Reactivos_[[#This Row],[Cantidad LDF&MR]],Reactivos_[[#This Row],[Cantidad RED LASE]],Reactivos_[[#This Row],[Cantidad LANIA]],Reactivos_[[#This Row],[Cantidad SPA]]) -> 5 | C3: 1 | D3: 1 | E3: 1-Methylimidazole 99% de pureza. | F3: 616-47-7 | H3: SIGMA Aldrich Ref. M50834 | I3: Frasco de 100g | J3: =SUM(Reactivos_[[#This Row],[Cantidad LANIP]],Reactivos_[[#This Row],[Cantidad LDV]],Reactivos_[[#This Row],[Cantidad LNDV]],Reactivos_[[#This Row],[GGCA]],Reactivos_[[#This Row],[Cantidad LDF]],Reactivos_[[#This Row],[Cantidad LDF&MR]],Reactivos_[[#This Row],[Cantidad RED LASE]],Reactivos_[[#This Row],[Cantidad LANIA]],Reactivos_[[#This Row],[Cantidad SPA]]) -> 6 | K3: 392997 | L3: =+Reactivos_[[#This Row],[Cantidad]]*Reactivos_[[#This Row],[Valor de referencia]] -> 2357982 | M3: 1 | N3: =+Reactivos_[[#This Row],[Valor de referencia]]*Reactivos_[[#This Row],[Cantidad LANIP]] -> 392997 | P3: =+Reactivos_[[#This Row],[Cantidad LDV]]*Reactivos_[[#This Row],[Valor de referencia]] -> 0 | R3: =+Reactivos_[[#This Row],[Cantidad LNDV]]*Reactivos_[[#This Row],[Valor de referencia]] -> 0 | T3: =+Reactivos_[[#This Row],[GGCA]]*Reactivos_[[#This Row],[Valor de referencia]] -> 0 | V3: =+Reactivos_[[#This Row],[Cantidad LDF]]*Reactivos_[[#This Row],[Valor de referencia]] -> 0 | W3: 5 | X3: =+Reactivos_[[#This Row],[Cantidad LDF&MR]]*Reactivos_[[#This Row],[Valor de referencia]] -> 1964985 | Z3: =+Reactivos_[[#This Row],[Cantidad RED LASE]]*Reactivos_[[#This Row],[Valor de referencia]] -> 0 | AB3: =+Reactivos_[[#This Row],[Cantidad LANIA]]*Reactivos_[[#This Row],[Valor de referencia]] -> 0 | AD3: =+Reactivos_[[#This Row],[Cantidad SPA]]*Reactivos_[[#This Row],[Valor de referencia]] -> 0 | AE3: No aplica | AF3: SI
A4: =IF(B4=Reactivos_[[#This Row],[Cantidad LANIP]],"LANIP",IF(B4=Reactivos_[[#This Row],[Cantidad LDV]],"LDV",IF(B4=Reactivos_[[#This Row],[Cantidad LNDV]],"LNDV",IF(B4=Reactivos_[[#This Row],[GGCA]],"GGCA",IF(B4=Reactivos_[[#This Row],[Cantidad LDF]],"LDF",IF(Reactivos_[[#This Row],[Cantidad LDF&MR]],"LDF&MR",IF(B4=Reactivos_[[#This Row],[Cantidad RED LASE]],"LASE",IF(B4=Reactivos_[[#This Row],[Cantidad LANIA]],"LANIA",IF(B4=Reactivos_[[#This Row],[Cantidad SPA]],"SPA"," "))))))))) -> LDF | B4: =MAX(Reactivos_[[#This Row],[Cantidad LANIP]],Reactivos_[[#This Row],[Cantidad LDV]],Reactivos_[[#This Row],[Cantidad LNDV]],Reactivos_[[#This Row],[GGCA]],Reactivos_[[#This Row],[Cantidad LDF]],Reactivos_[[#This Row],[Cantidad LDF&MR]],Reactivos_[[#This Row],[Cantidad RED LASE]],Reactivos_[[#This Row],[Cantidad LANIA]],Reactivos_[[#This Row],[Cantidad SPA]]) -> 2 | C4: 2 | D4: 2 | E4: 2-Mercaptoetanol (1.000X), 55mM en D-PBS. | H4: Gibco Ref: 21985023 o equivalente | I4: Frasco x 50 ml | J4: =SUM(Reactivos_[[#This Row],[Cantidad LANIP]],Reactivos_[[#This Row],[Cantidad LDV]],Reactivos_[[#This Row],[Cantidad LNDV]],Reactivos_[[#This Row],[GGCA]],Reactivos_[[#This Row],[Cantidad LDF]],Reactivos_[[#This Row],[Cantidad LDF&MR]],Reactivos_[[#This Row],[Cantidad RED LASE]],Reactivos_[[#This Row],[Cantidad LANIA]],Reactivos_[[#This Row],[Cantidad SPA]]) -> 3 | K4: 373233 | L4: =+Reactivos_[[#This Row],[Cantidad]]*Reactivos_[[#This Row],[Valor de referencia]] -> 1119699 | M4: 0 | N4: =+Reactivos_[[#This Row],[Valor de referencia]]*Reactivos_[[#This Row],[Cantidad LANIP]] -> 0 | P4: =+Reactivos_[[#This Row],[Cantidad LDV]]*Reactivos_[[#This Row],[Valor de referencia]] -> 0 | R4: =+Reactivos_[[#This Row],[Cantidad LNDV]]*Reactivos_[[#This Row],[Valor de referencia]] -> 0 | T4: =+Reactivos_[[#This Row],[GGCA]]*Reactivos_[[#This Row],[Valor de referencia]] -> 0 | U4: 2 | V4: =+Reactivos_[[#This Row],[Cantidad LDF]]*Reactivos_[[#This Row],[Valor de referencia]] -> 746466 | W4: 1 | X4: =+Reactivos_[[#This Row],[Cantidad LDF&MR]]*Reactivos_[[#This Row],[Valor de referencia]] -> 373233 | Z4: =+Reactivos_[[#This Row],[Cantidad RED LASE]]*Reactivos_[[#This Row],[Valor de referencia]] -> 0 | AB4: =+Reactivos_[[#This Row],[Cantidad LANIA]]*Reactivos_[[#This Row],[Valor de referencia]] -> 0 | AD4: =+Reactivos_[[#This Row],[Cantidad SPA]]*Reactivos_[[#This Row],[Valor de referencia]] -> 0 | AE4: No aplica | AF4: SI
A5: =IF(B5=Reactivos_[[#This Row],[Cantidad LANIP]],"LANIP",IF(B5=Reactivos_[[#This Row],[Cantidad LDV]],"LDV",IF(B5=Reactivos_[[#This Row],[Cantidad LNDV]],"LNDV",IF(B5=Reactivos_[[#This Row],[GGCA]],"GGCA",IF(B5=Reactivos_[[#This Row],[Cantidad LDF]],"LDF",IF(Reactivos_[[#This Row],[Cantidad LDF&MR]],"LDF&MR",IF(B5=Reactivos_[[#This Row],[Cantidad RED LASE]],"LASE",IF(B5=Reactivos_[[#This Row],[Cantidad LANIA]],"LANIA",IF(B5=Reactivos_[[#This Row],[Cantidad SPA]],"SPA"," "))))))))) -> LANIP | B5: =MAX(Reactivos_[[#This Row],[Cantidad LANIP]],Reactivos_[[#This Row],[Cantidad LDV]],Reactivos_[[#This Row],[Cantidad LNDV]],Reactivos_[[#This Row],[GGCA]],Reactivos_[[#This Row],[Cantidad LDF]],Reactivos_[[#This Row],[Cantidad LDF&MR]],Reactivos_[[#This Row],[Cantidad RED LASE]],Reactivos_[[#This Row],[Cantidad LANIA]],Reactivos_[[#This Row],[Cantidad SPA]]) -> 2 | C5: 3 | D5: 3 | E5: 2-Nitrobenzaldehido | F5: 552-89-6 | G5: O2NC6H4CHO | H5: Sigma N10802 o equivalente | I5: Frasco x 2g | J5: =SUM(Reactivos_[[#This Row],[Cantidad LANIP]],Reactivos_[[#This Row],[Cantidad LDV]],Reactivos_[[#This Row],[Cantidad LNDV]],Reactivos_[[#This Row],[GGCA]],Reactivos_[[#This Row],[Cantidad LDF]],Reactivos_[[#This Row],[Cantidad LDF&MR]],Reactivos_[[#This Row],[Cantidad RED LASE]],Reactivos_[[#This Row],[Cantidad LANIA]],Reactivos_[[#This Row],[Cantidad SPA]]) -> 2 | K5: 570074 | L5: =+Reactivos_[[#This Row],[Cantidad]]*Reactivos_[[#This Row],[Valor de referencia]] -> 1140148 | M5: 2 | N5: =+Reactivos_[[#This Row],[Valor de referencia]]*Reactivos_[[#This Row],[Cantidad LANIP]] -> 1140148 | P5: =+Reactivos_[[#This Row],[Cantidad LDV]]*Reactivos_[[#This Row],[Valor de referencia]] -> 0 | R5: =+Reactivos_[[#This Row],[Cantidad LNDV]]*Reactivos_[[#This Row],[Valor de referencia]] -> 0 | T5: =+Reactivos_[[#This Row],[GGCA]]*Reactivos_[[#This Row],[Valor de referencia]] -> 0 | V5: =+Reactivos_[[#This Row],[Cantidad LDF]]*Reactivos_[[#This Row],[Valor de referencia]] -> 0 | X5: =+Reactivos_[[#This Row],[Cantidad LDF&MR]]*Reactivos_[[#This Row],[Valor de referencia]] -> 0 | Z5: =+Reactivos_[[#This Row],[Cantidad RED LASE]]*Reactivos_[[#This Row],[Valor de referencia]] -> 0 | AB5: =+Reactivos_[[#This Row],[Cantidad LANIA]]*Reactivos_[[#This Row],[Valor de referencia]] -> 0 | AD5: =+Reactivos_[[#This Row],[Cantidad SPA]]*Reactivos_[[#This Row],[Valor de referencia]] -> 0 | AE5: No aplica | AF5: SI
A6: =IF(B6=Reactivos_[[#This Row],[Cantidad LANIP]],"LANIP",IF(B6=Reactivos_[[#This Row],[Cantidad LDV]],"LDV",IF(B6=Reactivos_[[#This Row],[Cantidad LNDV]],"LNDV",IF(B6=Reactivos_[[#This Row],[GGCA]],"GGCA",IF(B6=Reactivos_[[#This Row],[Cantidad LDF]],"LDF",IF(Reactivos_[[#This Row],[Cantidad LDF&MR]],"LDF&MR",IF(B6=Reactivos_[[#This Row],[Cantidad RED LASE]],"LASE",IF(B6=Reactivos_[[#This Row],[Cantidad LANIA]],"LANIA",IF(B6=Reactivos_[[#This Row],[Cantidad SPA]],"SPA"," "))))))))) -> LANIP | B6: =MAX(Reactivos_[[#This Row],[Cantidad LANIP]],Reactivos_[[#This Row],[Cantidad LDV]],Reactivos_[[#This Row],[Cantidad LNDV]],Reactivos_[[#This Row],[GGCA]],Reactivos_[[#This Row],[Cantidad LDF]],Reactivos_[[#This Row],[Cantidad LDF&MR]],Reactivos_[[#This Row],[Cantidad RED LASE]],Reactivos_[[#This Row],[Cantidad LANIA]],Reactivos_[[#This Row],[Cantidad SPA]]) -> 2 | C6: 4 | D6: 4 | E6: 3-3",5," -TETRAMEILBENCIDINA | F6: 54827-17-7 | G6: C16H20N2 | I6: Frasco x1 g | J6: =SUM(Reactivos_[[#This Row],[Cantidad LANIP]],Reactivos_[[#This Row],[Cantidad LDV]],Reactivos_[[#This Row],[Cantidad LNDV]],Reactivos_[[#This Row],[GGCA]],Reactivos_[[#This Row],[Cantidad LDF]],Reactivos_[[#This Row],[Cantidad LDF&MR]],Reactivos_[[#This Row],[Cantidad RED LASE]],Reactivos_[[#This Row],[Cantidad LANIA]],Reactivos_[[#This Row],[Cantidad SPA]]) -> 2 | K6: 674641 | L6: =+Reactivos_[[#This Row],[Cantidad]]*Reactivos_[[#This Row],[Valor de referencia]] -> 1349282 | M6: 2 | N6: =+Reactivos_[[#This Row],[Valor de referencia]]*Reactivos_[[#This Row],[Cantidad LANIP]] -> 1349282 | P6: =+Reactivos_[[#This Row],[Cantidad LDV]]*Reactivos_[[#This Row],[Valor de referencia]] -> 0 | R6: =+Reactivos_[[#This Row],[Cantidad LNDV]]*Reactivos_[[#This Row],[Valor de referencia]] -> 0 | T6: =+Reactivos_[[#This Row],[GGCA]]*Reactivos_[[#This Row],[Valor de referencia]] -> 0 | V6: =+Reactivos_[[#This Row],[Cantidad LDF]]*Reactivos_[[#This Row],[Valor de referencia]] -> 0 | X6: =+Reactivos_[[#This Row],[Cantidad LDF&MR]]*Reactivos_[[#This Row],[Valor de referencia]] -> 0 | Z6: =+Reactivos_[[#This Row],[Cantidad RED LASE]]*Reactivos_[[#This Row],[Valor de referencia]] -> 0 | AB6: =+Reactivos_[[#This Row],[Cantidad LANIA]]*Reactivos_[[#This Row],[Valor de referencia]] -> 0 | AD6: =+Reactivos_[[#This Row],[Cantidad SPA]]*Reactivos_[[#This Row],[Valor de referencia]] -> 0 | AE6: No aplica | AF6: SI
A7: =IF(B7=Reactivos_[[#This Row],[Cantidad LANIP]],"LANIP",IF(B7=Reactivos_[[#This Row],[Cantidad LDV]],"LDV",IF(B7=Reactivos_[[#This Row],[Cantidad LNDV]],"LNDV",IF(B7=Reactivos_[[#This Row],[GGCA]],"GGCA",IF(B7=Reactivos_[[#This Row],[Cantidad LDF]],"LDF",IF(Reactivos_[[#This Row],[Cantidad LDF&MR]],"LDF&MR",IF(B7=Reactivos_[[#This Row],[Cantidad RED LASE]],"LASE",IF(B7=Reactivos_[[#This Row],[Cantidad LANIA]],"LANIA",IF(B7=Reactivos_[[#This Row],[Cantidad SPA]],"SPA"," "))))))))) -> LNDV | B7: =MAX(Reactivos_[[#This Row],[Cantidad LANIP]],Reactivos_[[#This Row],[Cantidad LDV]],Reactivos_[[#This Row],[Cantidad LNDV]],Reactivos_[[#This Row],[GGCA]],Reactivos_[[#This Row],[Cantidad LDF]],Reactivos_[[#This Row],[Cantidad LDF&MR]],Reactivos_[[#This Row],[Cantidad RED LASE]],Reactivos_[[#This Row],[Cantidad LANIA]],Reactivos_[[#This Row],[Cantidad SPA]]) -> 1 | C7: 5 | D7: 5 | E7: 3-AMINO-9-ETHYL-CARBAZOLE | F7: 132-32-1 | G7: C14H14N2 | H7: SIGMA A5754-50G o equivalente | I7: FRASCO X 50g | J7: =SUM(Reactivos_[[#This Row],[Cantidad LANIP]],Reactivos_[[#This Row],[Cantidad LDV]],Reactivos_[[#This Row],[Cantidad LNDV]],Reactivos_[[#This Row],[GGCA]],Reactivos_[[#This Row],[Cantidad LDF]],Reactivos_[[#This Row],[Cantidad LDF&MR]],Reactivos_[[#This Row],[Cantidad RED LASE]],Reactivos_[[#This Row],[Cantidad LANIA]],Reactivos_[[#This Row],[Cantidad SPA]]) -> 1 | K7: 1197218 | L7: =+Reactivos_[[#This Row],[Cantidad]]*Reactivos_[[#This Row],[Valor de referencia]] -> 1197218 | M7: 0 | N7: =+Reactivos_[[#This Row],[Valor de referencia]]*Reactivos_[[#This Row],[Cantidad LANIP]] -> 0 | P7: =+Reactivos_[[#This Row],[Cantidad LDV]]*Reactivos_[[#This Row],[Valor de referencia]] -> 0 | Q7: 1 | R7: =+Reactivos_[[#This Row],[Cantidad LNDV]]*Reactivos_[[#This Row],[Valor de referencia]] -> 1197218 | T7: =+Reactivos_[[#This Row],[GGCA]]*Reactivos_[[#This Row],[Valor de referencia]] -> 0 | V7: =+Reactivos_[[#This Row],[Cantidad LDF]]*Reactivos_[[#This Row],[Valor de referencia]] -> 0 | X7: =+Reactivos_[[#This Row],[Cantidad LDF&MR]]*Reactivos_[[#This Row],[Valor de referencia]] -> 0 | Z7: =+Reactivos_[[#This Row],[Cantidad RED LASE]]*Reactivos_[[#This Row],[Valor de referencia]] -> 0 | AB7: =+Reactivos_[[#This Row],[Cantidad LANIA]]*Reactivos_[[#This Row],[Valor de referencia]] -> 0 | AD7: =+Reactivos_[[#This Row],[Cantidad SPA]]*Reactivos_[[#This Row],[Valor de referencia]] -> 0 | AE7: No aplica | AF7: SI
A8: =IF(B8=Reactivos_[[#This Row],[Cantidad LANIP]],"LANIP",IF(B8=Reactivos_[[#This Row],[Cantidad LDV]],"LDV",IF(B8=Reactivos_[[#This Row],[Cantidad LNDV]],"LNDV",IF(B8=Reactivos_[[#This Row],[GGCA]],"GGCA",IF(B8=Reactivos_[[#This Row],[Cantidad LDF]],"LDF",IF(Reactivos_[[#This Row],[Cantidad LDF&MR]],"LDF&MR",IF(B8=Reactivos_[[#This Row],[Cantidad RED LASE]],"LASE",IF(B8=Reactivos_[[#This Row],[Cantidad LANIA]],"LANIA",IF(B8=Reactivos_[[#This Row],[Cantidad SPA]],"SPA"," "))))))))) -> LDF | B8: =MAX(Reactivos_[[#This Row],[Cantidad LANIP]],Reactivos_[[#This Row],[Cantidad LDV]],Reactivos_[[#This Row],[Cantidad LNDV]],Reactivos_[[#This Row],[GGCA]],Reactivos_[[#This Row],[Cantidad LDF]],Reactivos_[[#This Row],[Cantidad LDF&MR]],Reactivos_[[#This Row],[Cantidad RED LASE]],Reactivos_[[#This Row],[Cantidad LANIA]],Reactivos_[[#This Row],[Cantidad SPA]]) -> 12 | C8: 6 | D8: 6 | E8: AccuPower 2X GreenStar QPCR Master Mix | H8: Bioneer K-6252 | I8: Kit de 2X Master Mix 0.625 ml x 8 tubos | J8: =SUM(Reactivos_[[#This Row],[Cantidad LANIP]],Reactivos_[[#This Row],[Cantidad LDV]],Reactivos_[[#This Row],[Cantidad LNDV]],Reactivos_[[#This Row],[GGCA]],Reactivos_[[#This Row],[Cantidad LDF]],Reactivos_[[#This Row],[Cantidad LDF&MR]],Reactivos_[[#This Row],[Cantidad RED LASE]],Reactivos_[[#This Row],[Cantidad LANIA]],Reactivos_[[#This Row],[Cantidad SPA]]) -> 22 | K8: 2279068 | L8: =+Reactivos_[[#This Row],[Cantidad]]*Reactivos_[[#This Row],[Valor de referencia]] -> 50139496 | M8: 0 | N8: =+Reactivos_[[#This Row],[Valor de referencia]]*Reactivos_[[#This Row],[Cantidad LANIP]] -> 0 | P8: =+Reactivos_[[#This Row],[Cantidad LDV]]*Reactivos_[[#This Row],[Valor de referencia]] -> 0 | R8: =+Reactivos_[[#This Row],[Cantidad LNDV]]*Reactivos_[[#This Row],[Valor de referencia]] -> 0 | T8: =+Reactivos_[[#This Row],[GGCA]]*Reactivos_[[#This Row],[Valor de referencia]] -> 0 | U8: 12 | V8: =+Reactivos_[[#This Row],[Cantidad LDF]]*Reactivos_[[#This Row],[Valor de referencia]] -> 27348816 | W8: 10 | X8: =+Reactivos_[[#This Row],[Cantidad LDF&MR]]*Reactivos_[[#This Row],[Valor de referencia]] -> 22790680 | Z8: =+Reactivos_[[#This Row],[Cantidad RED LASE]]*Reactivos_[[#This Row],[Valor de referencia]] -> 0 | AB8: =+Reactivos_[[#This Row],[Cantidad LANIA]]*Reactivos_[[#This Row],[Valor de referencia]] -> 0 | AD8: =+Reactivos_[[#This Row],[Cantidad SPA]]*Reactivos_[[#This Row],[Valor de referencia]] -> 0 | AE8: No aplica | AF8: SI
A9: =IF(B9=Reactivos_[[#This Row],[Cantidad LANIP]],"LANIP",IF(B9=Reactivos_[[#This Row],[Cantidad LDV]],"LDV",IF(B9=Reactivos_[[#This Row],[Cantidad LNDV]],"LNDV",IF(B9=Reactivos_[[#This Row],[GGCA]],"GGCA",IF(B9=Reactivos_[[#This Row],[Cantidad LDF]],"LDF",IF(Reactivos_[[#This Row],[Cantidad LDF&MR]],"LDF&MR",IF(B9=Reactivos_[[#This Row],[Cantidad RED LASE]],"LASE",IF(B9=Reactivos_[[#This Row],[Cantidad LANIA]],"LANIA",IF(B9=Reactivos_[[#This Row],[Cantidad SPA]],"SPA"," "))))))))) -> SPA | B9: =MAX(Reactivos_[[#This Row],[Cantidad LANIP]],Reactivos_[[#This Row],[Cantidad LDV]],Reactivos_[[#This Row],[Cantidad LNDV]],Reactivos_[[#This Row],[GGCA]],Reactivos_[[#This Row],[Cantidad LDF]],Reactivos_[[#This Row],[Cantidad LDF&MR]],Reactivos_[[#This Row],[Cantidad RED LASE]],Reactivos_[[#This Row],[Cantidad LANIA]],Reactivos_[[#This Row],[Cantidad SPA]]) -> 32 | C9: 7 | D9: 7 | E9: Aceite de clavo | H9: ENTHOS | I9: Frasco x 250 ml | J9: =SUM(Reactivos_[[#This Row],[Cantidad LANIP]],Reactivos_[[#This Row],[Cantidad LDV]],Reactivos_[[#This Row],[Cantidad LNDV]],Reactivos_[[#This Row],[GGCA]],Reactivos_[[#This Row],[Cantidad LDF]],Reactivos_[[#This Row],[Cantidad LDF&MR]],Reactivos_[[#This Row],[Cantidad RED LASE]],Reactivos_[[#This Row],[Cantidad LANIA]],Reactivos_[[#This Row],[Cantidad SPA]]) -> 42 | K9: 322008 | L9: =+Reactivos_[[#This Row],[Cantidad]]*Reactivos_[[#This Row],[Valor de referencia]] -> 13524336 | M9: 0 | N9: =+Reactivos_[[#This Row],[Valor de referencia]]*Reactivos_[[#This Row],[Cantidad LANIP]] -> 0 | O9: 3 | P9: =+Reactivos_[[#This Row],[Cantidad LDV]]*Reactivos_[[#This Row],[Valor de referencia]] -> 966024 | R9: =+Reactivos_[[#This Row],[Cantidad LNDV]]*Reactivos_[[#This Row],[Valor de referencia]] -> 0 | T9: =+Reactivos_[[#This Row],[GGCA]]*Reactivos_[[#This Row],[Valor de referencia]] -> 0 | U9: 7 | V9: =+Reactivos_[[#This Row],[Cantidad LDF]]*Reactivos_[[#This Row],[Valor de referencia]] -> 2254056 | X9: =+Reactivos_[[#This Row],[Cantidad LDF&MR]]*Reactivos_[[#This Row],[Valor de referencia]] -> 0 | Z9: =+Reactivos_[[#This Row],[Cantidad RED LASE]]*Reactivos_[[#This Row],[Valor de referencia]] -> 0 | AB9: =+Reactivos_[[#This Row],[Cantidad LANIA]]*Reactivos_[[#This Row],[Valor de referencia]] -> 0 | AC9: 32 | AD9: =+Reactivos_[[#This Row],[Cantidad SPA]]*Reactivos_[[#This Row],[Valor de referencia]] -> 10304256 | AE9: No aplica | AF9: NO APLICA
A10: =IF(B10=Reactivos_[[#This Row],[Cantidad LANIP]],"LANIP",IF(B10=Reactivos_[[#This Row],[Cantidad LDV]],"LDV",IF(B10=Reactivos_[[#This Row],[Cantidad LNDV]],"LNDV",IF(B10=Reactivos_[[#This Row],[GGCA]],"GGCA",IF(B10=Reactivos_[[#This Row],[Cantidad LDF]],"LDF",IF(Reactivos_[[#This Row],[Cantidad LDF&MR]],"LDF&MR",IF(B10=Reactivos_[[#This Row],[Cantidad RED LASE]],"LASE",IF(B10=Reactivos_[[#This Row],[Cantidad LANIA]],"LANIA",IF(B10=Reactivos_[[#This Row],[Cantidad SPA]],"SPA"," "))))))))) -> LDV | B10: =MAX(Reactivos_[[#This Row],[Cantidad LANIP]],Reactivos_[[#This Row],[Cantidad LDV]],Reactivos_[[#This Row],[Cantidad LNDV]],Reactivos_[[#This Row],[GGCA]],Reactivos_[[#This Row],[Cantidad LDF]],Reactivos_[[#This Row],[Cantidad LDF&MR]],Reactivos_[[#This Row],[Cantidad RED LASE]],Reactivos_[[#This Row],[Cantidad LANIA]],Reactivos_[[#This Row],[Cantidad SPA]]) -> 7 | C10: 8 | D10: 8 | E10: Aceite de inmersión | H10: Albor o equivalente | I10: Frasco x 100ml | J10: =SUM(Reactivos_[[#This Row],[Cantidad LANIP]],Reactivos_[[#This Row],[Cantidad LDV]],Reactivos_[[#This Row],[Cantidad LNDV]],Reactivos_[[#This Row],[GGCA]],Reactivos_[[#This Row],[Cantidad LDF]],Reactivos_[[#This Row],[Cantidad LDF&MR]],Reactivos_[[#This Row],[Cantidad RED LASE]],Reactivos_[[#This Row],[Cantidad LANIA]],Reactivos_[[#This Row],[Cantidad SPA]]) -> 16 | K10: 154085 | L10: =+Reactivos_[[#This Row],[Cantidad]]*Reactivos_[[#This Row],[Valor de referencia]] -> 2465360 | M10: 1 | N10: =+Reactivos_[[#This Row],[Valor de referencia]]*Reactivos_[[#This Row],[Cantidad LANIP]] -> 154085 | O10: 7 | P10: =+Reactivos_[[#This Row],[Cantidad LDV]]*Reactivos_[[#This Row],[Valor de referencia]] -> 1078595 | R10: =+Reactivos_[[#This Row],[Cantidad LNDV]]*Reactivos_[[#This Row],[Valor de referencia]] -> 0 | T10: =+Reactivos_[[#This Row],[GGCA]]*Reactivos_[[#This Row],[Valor de referencia]] -> 0 | U10: 6 | V10: =+Reactivos_[[#This Row],[Cantidad LDF]]*Reactivos_[[#This Row],[Valor de referencia]] -> 924510 | X10: =+Reactivos_[[#This Row],[Cantidad LDF&MR]]*Reactivos_[[#This Row],[Valor de referencia]] -> 0 | Z10: =+Reactivos_[[#This Row],[Cantidad RED LASE]]*Reactivos_[[#This Row],[Valor de referencia]] -> 0 | AA10: 2 | AB10: =+Reactivos_[[#This Row],[Cantidad LANIA]]*Reactivos_[[#This Row],[Valor de referencia]] -> 308170 | AD10: =+Reactivos_[[#This Row],[Cantidad SPA]]*Reactivos_[[#This Row],[Valor de referencia]] -> 0 | AE10: No aplica | AF10: NO APLICA
A11: =IF(B11=Reactivos_[[#This Row],[Cantidad LANIP]],"LANIP",IF(B11=Reactivos_[[#This Row],[Cantidad LDV]],"LDV",IF(B11=Reactivos_[[#This Row],[Cantidad LNDV]],"LNDV",IF(B11=Reactivos_[[#This Row],[GGCA]],"GGCA",IF(B11=Reactivos_[[#This Row],[Cantidad LDF]],"LDF",IF(Reactivos_[[#This Row],[Cantidad LDF&MR]],"LDF&MR",IF(B11=Reactivos_[[#This Row],[Cantidad RED LASE]],"LASE",IF(B11=Reactivos_[[#This Row],[Cantidad LANIA]],"LANIA",IF(B11=Reactivos_[[#This Row],[Cantidad SPA]],"SPA"," "))))))))) -> LDF | B11: =MAX(Reactivos_[[#This Row],[Cantidad LANIP]],Reactivos_[[#This Row],[Cantidad LDV]],Reactivos_[[#This Row],[Cantidad LNDV]],Reactivos_[[#This Row],[GGCA]],Reactivos_[[#This Row],[Cantidad LDF]],Reactivos_[[#This Row],[Cantidad LDF&MR]],Reactivos_[[#This Row],[Cantidad RED LASE]],Reactivos_[[#This Row],[Cantidad LANIA]],Reactivos_[[#This Row],[Cantidad SPA]]) -> 2 | C11: 9 | D11: 9 | E11: Aceite de parafina | H11: Cualquier marca | I11: Presentación desde frasco x 100 ml hasta presentación frasco x 500 ml | J11: =SUM(Reactivos_[[#This Row],[Cantidad LANIP]],Reactivos_[[#This Row],[Cantidad LDV]],Reactivos_[[#This Row],[Cantidad LNDV]],Reactivos_[[#This Row],[GGCA]],Reactivos_[[#This Row],[Cantidad LDF]],Reactivos_[[#This Row],[Cantidad LDF&MR]],Reactivos_[[#This Row],[Cantidad RED LASE]],Reactivos_[[#This Row],[Cantidad LANIA]],Reactivos_[[#This Row],[Cantidad SPA]]) -> 4 | K11: 267750 | L11: =+Reactivos_[[#This Row],[Cantidad]]*Reactivos_[[#This Row],[Valor de referencia]] -> 1071000 | M11: 0 | N11: =+Reactivos_[[#This Row],[Valor de referencia]]*Reactivos_[[#This Row],[Cantidad LANIP]] -> 0 | P11: =+Reactivos_[[#This Row],[Cantidad LDV]]*Reactivos_[[#This Row],[Valor de referencia]] -> 0 | R11: =+Reactivos_[[#This Row],[Cantidad LNDV]]*Reactivos_[[#This Row],[Valor de referencia]] -> 0 | T11: =+Reactivos_[[#This Row],[GGCA]]*Reactivos_[[#This Row],[Valor de referencia]] -> 0 | U11: 2 | V11: =+Reactivos_[[#This Row],[Cantidad LDF]]*Reactivos_[[#This Row],[Valor de referencia]] -> 535500 | X11: =+Reactivos_[[#This Row],[Cantidad LDF&MR]]*Reactivos_[[#This Row],[Valor de referencia]] -> 0 | Z11: =+Reactivos_[[#This Row],[Cantidad RED LASE]]*Reactivos_[[#This Row],[Valor de referencia]] -> 0 | AA11: 2 | AB11: =+Reactivos_[[#This Row],[Cantidad LANIA]]*Reactivos_[[#This Row],[Valor de referencia]] -> 535500 | AD11: =+Reactivos_[[#This Row],[Cantidad SPA]]*Reactivos_[[#This Row],[Valor de referencia]] -> 0 | AE11: No aplica | AF11: SI
A12: =IF(B12=Reactivos_[[#This Row],[Cantidad LANIP]],"LANIP",IF(B12=Reactivos_[[#This Row],[Cantidad LDV]],"LDV",IF(B12=Reactivos_[[#This Row],[Cantidad LNDV]],"LNDV",IF(B12=Reactivos_[[#This Row],[GGCA]],"GGCA",IF(B12=Reactivos_[[#This Row],[Cantidad LDF]],"LDF",IF(Reactivos_[[#This Row],[Cantidad LDF&MR]],"LDF&MR",IF(B12=Reactivos_[[#This Row],[Cantidad RED LASE]],"LASE",IF(B12=Reactivos_[[#This Row],[Cantidad LANIA]],"LANIA",IF(B12=Reactivos_[[#This Row],[Cantidad SPA]],"SPA"," "))))))))) -> LDV | B12: =MAX(Reactivos_[[#This Row],[Cantidad LANIP]],Reactivos_[[#This Row],[Cantidad LDV]],Reactivos_[[#This Row],[Cantidad LNDV]],Reactivos_[[#This Row],[GGCA]],Reactivos_[[#This Row],[Cantidad LDF]],Reactivos_[[#This Row],[Cantidad LDF&MR]],Reactivos_[[#This Row],[Cantidad RED LASE]],Reactivos_[[#This Row],[Cantidad LANIA]],Reactivos_[[#This Row],[Cantidad SPA]]) -> 8 | C12: 10 | D12: 10 | E12: Aceite mineral | F12: 8042-47-5 | H12: Nacional o merck o equivalente | I12: Frasco x 50ml | J12: =SUM(Reactivos_[[#This Row],[Cantidad LANIP]],Reactivos_[[#This Row],[Cantidad LDV]],Reactivos_[[#This Row],[Cantidad LNDV]],Reactivos_[[#This Row],[GGCA]],Reactivos_[[#This Row],[Cantidad LDF]],Reactivos_[[#This Row],[Cantidad LDF&MR]],Reactivos_[[#This Row],[Cantidad RED LASE]],Reactivos_[[#This Row],[Cantidad LANIA]],Reactivos_[[#This Row],[Cantidad SPA]]) -> 16 | K12: 136434 | L12: =+Reactivos_[[#This Row],[Cantidad]]*Reactivos_[[#This Row],[Valor de referencia]] -> 2182944 | M12: 0 | N12: =+Reactivos_[[#This Row],[Valor de referencia]]*Reactivos_[[#This Row],[Cantidad LANIP]] -> 0 | O12: 8 | P12: =+Reactivos_[[#This Row],[Cantidad LDV]]*Reactivos_[[#This Row],[Valor de referencia]] -> 1091472 | Q12: 4 | R12: =+Reactivos_[[#This Row],[Cantidad LNDV]]*Reactivos_[[#This Row],[Valor de referencia]] -> 545736 | T12: =+Reactivos_[[#This Row],[GGCA]]*Reactivos_[[#This Row],[Valor de referencia]] -> 0 | U12: 4 | V12: =+Reactivos_[[#This Row],[Cantidad LDF]]*Reactivos_[[#This Row],[Valor de referencia]] -> 545736 | X12: =+Reactivos_[[#This Row],[Cantidad LDF&MR]]*Reactivos_[[#This Row],[Valor de referencia]] -> 0 | Z12: =+Reactivos_[[#This Row],[Cantidad RED LASE]]*Reactivos_[[#This Row],[Valor de referencia]] -> 0 | AB12: =+Reactivos_[[#This Row],[Cantidad LANIA]]*Reactivos_[[#This Row],[Valor de referencia]] -> 0 | AD12: =+Reactivos_[[#This Row],[Cantidad SPA]]*Reactivos_[[#This Row],[Valor de referencia]] -> 0 | AE12: No aplica | AF12: NO APLICA
A13: =IF(B13=Reactivos_[[#This Row],[Cantidad LANIP]],"LANIP",IF(B13=Reactivos_[[#This Row],[Cantidad LDV]],"LDV",IF(B13=Reactivos_[[#This Row],[Cantidad LNDV]],"LNDV",IF(B13=Reactivos_[[#This Row],[GGCA]],"GGCA",IF(B13=Reactivos_[[#This Row],[Cantidad LDF]],"LDF",IF(Reactivos_[[#This Row],[Cantidad LDF&MR]],"LDF&MR",IF(B13=Reactivos_[[#This Row],[Cantidad RED LASE]],"LASE",IF(B13=Reactivos_[[#This Row],[Cantidad LANIA]],"LANIA",IF(B13=Reactivos_[[#This Row],[Cantidad SPA]],"SPA"," "))))))))) -> LANIA | B13: =MAX(Reactivos_[[#This Row],[Cantidad LANIP]],Reactivos_[[#This Row],[Cantidad LDV]],Reactivos_[[#This Row],[Cantidad LNDV]],Reactivos_[[#This Row],[GGCA]],Reactivos_[[#This Row],[Cantidad LDF]],Reactivos_[[#This Row],[Cantidad LDF&MR]],Reactivos_[[#This Row],[Cantidad RED LASE]],Reactivos_[[#This Row],[Cantidad LANIA]],Reactivos_[[#This Row],[Cantidad SPA]]) -> 4 | C13: 11 | D13: 12 | E13: Acetato de amonio grado masas | F13: 631-61-8 | G13: C2H7NO2 | H13: Merck o SCHARLAU o equivalnete | I13: Frasco x 50g | J13: =SUM(Reactivos_[[#This Row],[Cantidad LANIP]],Reactivos_[[#This Row],[Cantidad LDV]],Reactivos_[[#This Row],[Cantidad LNDV]],Reactivos_[[#This Row],[GGCA]],Reactivos_[[#This Row],[Cantidad LDF]],Reactivos_[[#This Row],[Cantidad LDF&MR]],Reactivos_[[#This Row],[Cantidad RED LASE]],Reactivos_[[#This Row],[Cantidad LANIA]],Reactivos_[[#This Row],[Cantidad SPA]]) -> 5 | K13: 900286 | L13: =+Reactivos_[[#This Row],[Cantidad]]*Reactivos_[[#This Row],[Valor de referencia]] -> 4501430 | M13: 1 | N13: =+Reactivos_[[#This Row],[Valor de referencia]]*Reactivos_[[#This Row],[Cantidad LANIP]] -> 900286 | P13: =+Reactivos_[[#This Row],[Cantidad LDV]]*Reactivos_[[#This Row],[Valor de referencia]] -> 0 | R13: =+Reactivos_[[#This Row],[Cantidad LNDV]]*Reactivos_[[#This Row],[Valor de referencia]] -> 0 | T13: =+Reactivos_[[#This Row],[GGCA]]*Reactivos_[[#This Row],[Valor de referencia]] -> 0 | V13: =+Reactivos_[[#This Row],[Cantidad LDF]]*Reactivos_[[#This Row],[Valor de referencia]] -> 0 | X13: =+Reactivos_[[#This Row],[Cantidad LDF&MR]]*Reactivos_[[#This Row],[Valor de referencia]] -> 0 | Z13: =+Reactivos_[[#This Row],[Cantidad RED LASE]]*Reactivos_[[#This Row],[Valor de referencia]] -> 0 | AA13: 4 | AB13: =+Reactivos_[[#This Row],[Cantidad LANIA]]*Reactivos_[[#This Row],[Valor de referencia]] -> 3601144 | AD13: =+Reactivos_[[#This Row],[Cantidad SPA]]*Reactivos_[[#This Row],[Valor de referencia]] -> 0 | AE13: No aplica | AF13: SI
A14: =IF(B14=Reactivos_[[#This Row],[Cantidad LANIP]],"LANIP",IF(B14=Reactivos_[[#This Row],[Cantidad LDV]],"LDV",IF(B14=Reactivos_[[#This Row],[Cantidad LNDV]],"LNDV",IF(B14=Reactivos_[[#This Row],[GGCA]],"GGCA",IF(B14=Reactivos_[[#This Row],[Cantidad LDF]],"LDF",IF(Reactivos_[[#This Row],[Cantidad LDF&MR]],"LDF&MR",IF(B14=Reactivos_[[#This Row],[Cantidad RED LASE]],"LASE",IF(B14=Reactivos_[[#This Row],[Cantidad LANIA]],"LANIA",IF(B14=Reactivos_[[#This Row],[Cantidad SPA]],"SPA"," "))))))))) -> LANIP | B14: =MAX(Reactivos_[[#This Row],[Cantidad LANIP]],Reactivos_[[#This Row],[Cantidad LDV]],Reactivos_[[#This Row],[Cantidad LNDV]],Reactivos_[[#This Row],[GGCA]],Reactivos_[[#This Row],[Cantidad LDF]],Reactivos_[[#This Row],[Cantidad LDF&MR]],Reactivos_[[#This Row],[Cantidad RED LASE]],Reactivos_[[#This Row],[Cantidad LANIA]],Reactivos_[[#This Row],[Cantidad SPA]]) -> 1 | C14: 12 | D14: 13 | E14: Acetato de amonio grado RA | F14: 631-61-8 | G14: CH₃COONH₄ | H14: Merck o SCHARLAU o equivalnete | I14: Frasco x 500g | J14: =SUM(Reactivos_[[#This Row],[Cantidad LANIP]],Reactivos_[[#This Row],[Cantidad LDV]],Reactivos_[[#This Row],[Cantidad LNDV]],Reactivos_[[#This Row],[GGCA]],Reactivos_[[#This Row],[Cantidad LDF]],Reactivos_[[#This Row],[Cantidad LDF&MR]],Reactivos_[[#This Row],[Cantidad RED LASE]],Reactivos_[[#This Row],[Cantidad LANIA]],Reactivos_[[#This Row],[Cantidad SPA]]) -> 2 | K14: 523719 | L14: =+Reactivos_[[#This Row],[Cantidad]]*Reactivos_[[#This Row],[Valor de referencia]] -> 1047438 | M14: 1 | N14: =+Reactivos_[[#This Row],[Valor de referencia]]*Reactivos_[[#This Row],[Cantidad LANIP]] -> 523719 | P14: =+Reactivos_[[#This Row],[Cantidad LDV]]*Reactivos_[[#This Row],[Valor de referencia]] -> 0 | R14: =+Reactivos_[[#This Row],[Cantidad LNDV]]*Reactivos_[[#This Row],[Valor de referencia]] -> 0 | T14: =+Reactivos_[[#This Row],[GGCA]]*Reactivos_[[#This Row],[Valor de referencia]] -> 0 | V14: =+Reactivos_[[#This Row],[Cantidad LDF]]*Reactivos_[[#This Row],[Valor de referencia]] -> 0 | X14: =+Reactivos_[[#This Row],[Cantidad LDF&MR]]*Reactivos_[[#This Row],[Valor de referencia]] -> 0 | Z14: =+Reactivos_[[#This Row],[Cantidad RED LASE]]*Reactivos_[[#This Row],[Valor de referencia]] -> 0 | AA14: 1 | AB14: =+Reactivos_[[#This Row],[Cantidad LANIA]]*Reactivos_[[#This Row],[Valor de referencia]] -> 523719 | AD14: =+Reactivos_[[#This Row],[Cantidad SPA]]*Reactivos_[[#This Row],[Valor de referencia]] -> 0 | AE14: No aplica | AF14: SI
A15: =IF(B15=Reactivos_[[#This Row],[Cantidad LANIP]],"LANIP",IF(B15=Reactivos_[[#This Row],[Cantidad LDV]],"LDV",IF(B15=Reactivos_[[#This Row],[Cantidad LNDV]],"LNDV",IF(B15=Reactivos_[[#This Row],[GGCA]],"GGCA",IF(B15=Reactivos_[[#This Row],[Cantidad LDF]],"LDF",IF(Reactivos_[[#This Row],[Cantidad LDF&MR]],"LDF&MR",IF(B15=Reactivos_[[#This Row],[Cantidad RED LASE]],"LASE",IF(B15=Reactivos_[[#This Row],[Cantidad LANIA]],"LANIA",IF(B15=Reactivos_[[#This Row],[Cantidad SPA]],"SPA"," "))))))))) -> LANIP | B15: =MAX(Reactivos_[[#This Row],[Cantidad LANIP]],Reactivos_[[#This Row],[Cantidad LDV]],Reactivos_[[#This Row],[Cantidad LNDV]],Reactivos_[[#This Row],[GGCA]],Reactivos_[[#This Row],[Cantidad LDF]],Reactivos_[[#This Row],[Cantidad LDF&MR]],Reactivos_[[#This Row],[Cantidad RED LASE]],Reactivos_[[#This Row],[Cantidad LANIA]],Reactivos_[[#This Row],[Cantidad SPA]]) -> 5 | C15: 13 | D15: 14 | E15: Acetato de etilo grado masas | F15: 141-78-6 | G15: C4H8O2 | H15: Merck o SCHARLAU o equivalnete | I15: Frasco x 2.5 litros | J15: =SUM(Reactivos_[[#This Row],[Cantidad LANIP]],Reactivos_[[#This Row],[Cantidad LDV]],Reactivos_[[#This Row],[Cantidad LNDV]],Reactivos_[[#This Row],[GGCA]],Reactivos_[[#This Row],[Cantidad LDF]],Reactivos_[[#This Row],[Cantidad LDF&MR]],Reactivos_[[#This Row],[Cantidad RED LASE]],Reactivos_[[#This Row],[Cantidad LANIA]],Reactivos_[[#This Row],[Cantidad SPA]]) -> 5 | K15: 1935187 | L15: =+Reactivos_[[#This Row],[Cantidad]]*Reactivos_[[#This Row],[Valor de referencia]] -> 9675935 | M15: 5 | N15: =+Reactivos_[[#This Row],[Valor de referencia]]*Reactivos_[[#This Row],[Cantidad LANIP]] -> 9675935 | P15: =+Reactivos_[[#This Row],[Cantidad LDV]]*Reactivos_[[#This Row],[Valor de referencia]] -> 0 | R15: =+Reactivos_[[#This Row],[Cantidad LNDV]]*Reactivos_[[#This Row],[Valor de referencia]] -> 0 | T15: =+Reactivos_[[#This Row],[GGCA]]*Reactivos_[[#This Row],[Valor de referencia]] -> 0 | V15: =+Reactivos_[[#This Row],[Cantidad LDF]]*Reactivos_[[#This Row],[Valor de referencia]] -> 0 | X15: =+Reactivos_[[#This Row],[Cantidad LDF&MR]]*Reactivos_[[#This Row],[Valor de referencia]] -> 0 | Z15: =+Reactivos_[[#This Row],[Cantidad RED LASE]]*Reactivos_[[#This Row],[Valor de referencia]] -> 0 | AB15: =+Reactivos_[[#This Row],[Cantidad LANIA]]*Reactivos_[[#This Row],[Valor de referencia]] -> 0 | AD15: =+Reactivos_[[#This Row],[Cantidad SPA]]*Reactivos_[[#This Row],[Valor de referencia]] -> 0 | AE15: SI | AF15: SI
A16: =IF(B16=Reactivos_[[#This Row],[Cantidad LANIP]],"LANIP",IF(B16=Reactivos_[[#This Row],[Cantidad LDV]],"LDV",IF(B16=Reactivos_[[#This Row],[Cantidad LNDV]],"LNDV",IF(B16=Reactivos_[[#This Row],[GGCA]],"GGCA",IF(B16=Reactivos_[[#This Row],[Cantidad LDF]],"LDF",IF(Reactivos_[[#This Row],[Cantidad LDF&MR]],"LDF&MR",IF(B16=Reactivos_[[#This Row],[Cantidad RED LASE]],"LASE",IF(B16=Reactivos_[[#This Row],[Cantidad LANIA]],"LANIA",IF(B16=Reactivos_[[#This Row],[Cantidad SPA]],"SPA"," "))))))))) -> LANIP | B16: =MAX(Reactivos_[[#This Row],[Cantidad LANIP]],Reactivos_[[#This Row],[Cantidad LDV]],Reactivos_[[#This Row],[Cantidad LNDV]],Reactivos_[[#This Row],[GGCA]],Reactivos_[[#This Row],[Cantidad LDF]],Reactivos_[[#This Row],[Cantidad LDF&MR]],Reactivos_[[#This Row],[Cantidad RED LASE]],Reactivos_[[#This Row],[Cantidad LANIA]],Reactivos_[[#This Row],[Cantidad SPA]]) -> 5 | C16: 14 | D16: 15 | E16: Acetato de etilo para análisis de residuos | F16: 141-78-6 | G16: C4H8O2 | H16: Merck o SCHARLAU o equivalnete | I16: Frasco x 4 litros | J16: =SUM(Reactivos_[[#This Row],[Cantidad LANIP]],Reactivos_[[#This Row],[Cantidad LDV]],Reactivos_[[#This Row],[Cantidad LNDV]],Reactivos_[[#This Row],[GGCA]],Reactivos_[[#This Row],[Cantidad LDF]],Reactivos_[[#This Row],[Cantidad LDF&MR]],Reactivos_[[#This Row],[Cantidad RED LASE]],Reactivos_[[#This Row],[Cantidad LANIA]],Reactivos_[[#This Row],[Cantidad SPA]]) -> 5 | K16: 2236701 | L16: =+Reactivos_[[#This Row],[Cantidad]]*Reactivos_[[#This Row],[Valor de referencia]] -> 11183505 | M16: 5 | N16: =+Reactivos_[[#This Row],[Valor de referencia]]*Reactivos_[[#This Row],[Cantidad LANIP]] -> 11183505 | P16: =+Reactivos_[[#This Row],[Cantidad LDV]]*Reactivos_[[#This Row],[Valor de referencia]] -> 0 | R16: =+Reactivos_[[#This Row],[Cantidad LNDV]]*Reactivos_[[#This Row],[Valor de referencia]] -> 0 | T16: =+Reactivos_[[#This Row],[GGCA]]*Reactivos_[[#This Row],[Valor de referencia]] -> 0 | V16: =+Reactivos_[[#This Row],[Cantidad LDF]]*Reactivos_[[#This Row],[Valor de referencia]] -> 0 | X16: =+Reactivos_[[#This Row],[Cantidad LDF&MR]]*Reactivos_[[#This Row],[Valor de referencia]] -> 0 | Z16: =+Reactivos_[[#This Row],[Cantidad RED LASE]]*Reactivos_[[#This Row],[Valor de referencia]] -> 0 | AB16: =+Reactivos_[[#This Row],[Cantidad LANIA]]*Reactivos_[[#This Row],[Valor de referencia]] -> 0 | AD16: =+Reactivos_[[#This Row],[Cantidad SPA]]*Reactivos_[[#This Row],[Valor de referencia]] -> 0 | AE16: SI | AF16: SI
A17: =IF(B17=Reactivos_[[#This Row],[Cantidad LANIP]],"LANIP",IF(B17=Reactivos_[[#This Row],[Cantidad LDV]],"LDV",IF(B17=Reactivos_[[#This Row],[Cantidad LNDV]],"LNDV",IF(B17=Reactivos_[[#This Row],[GGCA]],"GGCA",IF(B17=Reactivos_[[#This Row],[Cantidad LDF]],"LDF",IF(Reactivos_[[#This Row],[Cantidad LDF&MR]],"LDF&MR",IF(B17=Reactivos_[[#This Row],[Cantidad RED LASE]],"LASE",IF(B17=Reactivos_[[#This Row],[Cantidad LANIA]],"LANIA",IF(B17=Reactivos_[[#This Row],[Cantidad SPA]],"SPA"," "))))))))) -> LANIP | B17: =MAX(Reactivos_[[#This Row],[Cantidad LANIP]],Reactivos_[[#This Row],[Cantidad LDV]],Reactivos_[[#This Row],[Cantidad LNDV]],Reactivos_[[#This Row],[GGCA]],Reactivos_[[#This Row],[Cantidad LDF]],Reactivos_[[#This Row],[Cantidad LDF&MR]],Reactivos_[[#This Row],[Cantidad RED LASE]],Reactivos_[[#This Row],[Cantidad LANIA]],Reactivos_[[#This Row],[Cantidad SPA]]) -> 1 | C17: 15 | D17: 16 | E17: ACETATO DE PLOMO | F17: 13-35-32-6 | G17: PB(C2H3O2)2 | I17: Frasco x100g | J17: =SUM(Reactivos_[[#This Row],[Cantidad LANIP]],Reactivos_[[#This Row],[Cantidad LDV]],Reactivos_[[#This Row],[Cantidad LNDV]],Reactivos_[[#This Row],[GGCA]],Reactivos_[[#This Row],[Cantidad LDF]],Reactivos_[[#This Row],[Cantidad LDF&MR]],Reactivos_[[#This Row],[Cantidad RED LASE]],Reactivos_[[#This Row],[Cantidad LANIA]],Reactivos_[[#This Row],[Cantidad SPA]]) -> 1 | K17: 369781 | L17: =+Reactivos_[[#This Row],[Cantidad]]*Reactivos_[[#This Row],[Valor de referencia]] -> 369781 | M17: 1 | N17: =+Reactivos_[[#This Row],[Valor de referencia]]*Reactivos_[[#This Row],[Cantidad LANIP]] -> 369781 | P17: =+Reactivos_[[#This Row],[Cantidad LDV]]*Reactivos_[[#This Row],[Valor de referencia]] -> 0 | R17: =+Reactivos_[[#This Row],[Cantidad LNDV]]*Reactivos_[[#This Row],[Valor de referencia]] -> 0 | T17: =+Reactivos_[[#This Row],[GGCA]]*Reactivos_[[#This Row],[Valor de referencia]] -> 0 | V17: =+Reactivos_[[#This Row],[Cantidad LDF]]*Reactivos_[[#This Row],[Valor de referencia]] -> 0 | X17: =+Reactivos_[[#This Row],[Cantidad LDF&MR]]*Reactivos_[[#This Row],[Valor de referencia]] -> 0 | Z17: =+Reactivos_[[#This Row],[Cantidad RED LASE]]*Reactivos_[[#This Row],[Valor de referencia]] -> 0 | AB17: =+Reactivos_[[#This Row],[Cantidad LANIA]]*Reactivos_[[#This Row],[Valor de referencia]] -> 0 | AD17: =+Reactivos_[[#This Row],[Cantidad SPA]]*Reactivos_[[#This Row],[Valor de referencia]] -> 0 | AE17: No aplica | AF17: SI
A18: =IF(B18=Reactivos_[[#This Row],[Cantidad LANIP]],"LANIP",IF(B18=Reactivos_[[#This Row],[Cantidad LDV]],"LDV",IF(B18=Reactivos_[[#This Row],[Cantidad LNDV]],"LNDV",IF(B18=Reactivos_[[#This Row],[GGCA]],"GGCA",IF(B18=Reactivos_[[#This Row],[Cantidad LDF]],"LDF",IF(Reactivos_[[#This Row],[Cantidad LDF&MR]],"LDF&MR",IF(B18=Reactivos_[[#This Row],[Cantidad RED LASE]],"LASE",IF(B18=Reactivos_[[#This Row],[Cantidad LANIA]],"LANIA",IF(B18=Reactivos_[[#This Row],[Cantidad SPA]],"SPA"," "))))))))) -> LDF&MR | B18: =MAX(Reactivos_[[#This Row],[Cantidad LANIP]],Reactivos_[[#This Row],[Cantidad LDV]],Reactivos_[[#This Row],[Cantidad LNDV]],Reactivos_[[#This Row],[GGCA]],Reactivos_[[#This Row],[Cantidad LDF]],Reactivos_[[#This Row],[Cantidad LDF&MR]],Reactivos_[[#This Row],[Cantidad RED LASE]],Reactivos_[[#This Row],[Cantidad LANIA]],Reactivos_[[#This Row],[Cantidad SPA]]) -> 2 | C18: 16 | D18: 17 | E18: Acetato de potasio Anhidro | F18: 127-08-02 | G18: CH3CO2K | H18: Merck o MOL LABS Ref: R6805 o equivalente | I18: Presentación desde Frasco x 50g hasta frasco x 250g | J18: =SUM(Reactivos_[[#This Row],[Cantidad LANIP]],Reactivos_[[#This Row],[Cantidad LDV]],Reactivos_[[#This Row],[Cantidad LNDV]],Reactivos_[[#This Row],[GGCA]],Reactivos_[[#This Row],[Cantidad LDF]],Reactivos_[[#This Row],[Cantidad LDF&MR]],Reactivos_[[#This Row],[Cantidad RED LASE]],Reactivos_[[#This Row],[Cantidad LANIA]],Reactivos_[[#This Row],[Cantidad SPA]]) -> 4 | K18: 517293 | L18: =+Reactivos_[[#This Row],[Cantidad]]*Reactivos_[[#This Row],[Valor de referencia]] -> 2069172 | M18: 0 | N18: =+Reactivos_[[#This Row],[Valor de referencia]]*Reactivos_[[#This Row],[Cantidad LANIP]] -> 0 | P18: =+Reactivos_[[#This Row],[Cantidad LDV]]*Reactivos_[[#This Row],[Valor de referencia]] -> 0 | Q18: 1 | R18: =+Reactivos_[[#This Row],[Cantidad LNDV]]*Reactivos_[[#This Row],[Valor de referencia]] -> 517293 | T18: =+Reactivos_[[#This Row],[GGCA]]*Reactivos_[[#This Row],[Valor de referencia]] -> 0 | U18: 1 | V18: =+Reactivos_[[#This Row],[Cantidad LDF]]*Reactivos_[[#This Row],[Valor de referencia]] -> 517293 | W18: 2 | X18: =+Reactivos_[[#This Row],[Cantidad LDF&MR]]*Reactivos_[[#This Row],[Valor de referencia]] -> 1034586 | Z18: =+Reactivos_[[#This Row],[Cantidad RED LASE]]*Reactivos_[[#This Row],[Valor de referencia]] -> 0 | AB18: =+Reactivos_[[#This Row],[Cantidad LANIA]]*Reactivos_[[#This Row],[Valor de referencia]] -> 0 | AD18: =+Reactivos_[[#This Row],[Cantidad SPA]]*Reactivos_[[#This Row],[Valor de referencia]] -> 0 | AE18: No aplica | AF18: SI
A19: =IF(B19=Reactivos_[[#This Row],[Cantidad LANIP]],"LANIP",IF(B19=Reactivos_[[#This Row],[Cantidad LDV]],"LDV",IF(B19=Reactivos_[[#This Row],[Cantidad LNDV]],"LNDV",IF(B19=Reactivos_[[#This Row],[GGCA]],"GGCA",IF(B19=Reactivos_[[#This Row],[Cantidad LDF]],"LDF",IF(Reactivos_[[#This Row],[Cantidad LDF&MR]],"LDF&MR",IF(B19=Reactivos_[[#This Row],[Cantidad RED LASE]],"LASE",IF(B19=Reactivos_[[#This Row],[Cantidad LANIA]],"LANIA",IF(B19=Reactivos_[[#This Row],[Cantidad SPA]],"SPA"," "))))))))) -> LNDV | B19: =MAX(Reactivos_[[#This Row],[Cantidad LANIP]],Reactivos_[[#This Row],[Cantidad LDV]],Reactivos_[[#This Row],[Cantidad LNDV]],Reactivos_[[#This Row],[GGCA]],Reactivos_[[#This Row],[Cantidad LDF]],Reactivos_[[#This Row],[Cantidad LDF&MR]],Reactivos_[[#This Row],[Cantidad RED LASE]],Reactivos_[[#This Row],[Cantidad LANIA]],Reactivos_[[#This Row],[Cantidad SPA]]) -> 1 | C19: 17 | D19: 18 | E19: Acetato de sodio anhidro | F19: 127-09-3 | G19: C2H3NaO2 | H19: Sigma - Merck SUPELCO 106268 o equivalente | I19: Frasco x 50g | J19: =SUM(Reactivos_[[#This Row],[Cantidad LANIP]],Reactivos_[[#This Row],[Cantidad LDV]],Reactivos_[[#This Row],[Cantidad LNDV]],Reactivos_[[#This Row],[GGCA]],Reactivos_[[#This Row],[Cantidad LDF]],Reactivos_[[#This Row],[Cantidad LDF&MR]],Reactivos_[[#This Row],[Cantidad RED LASE]],Reactivos_[[#This Row],[Cantidad LANIA]],Reactivos_[[#This Row],[Cantidad SPA]]) -> 1 | K19: 339150 | L19: =+Reactivos_[[#This Row],[Cantidad]]*Reactivos_[[#This Row],[Valor de referencia]] -> 339150 | M19: 0 | N19: =+Reactivos_[[#This Row],[Valor de referencia]]*Reactivos_[[#This Row],[Cantidad LANIP]] -> 0 | P19: =+Reactivos_[[#This Row],[Cantidad LDV]]*Reactivos_[[#This Row],[Valor de referencia]] -> 0 | Q19: 1 | R19: =+Reactivos_[[#This Row],[Cantidad LNDV]]*Reactivos_[[#This Row],[Valor de referencia]] -> 339150 | T19: =+Reactivos_[[#This Row],[GGCA]]*Reactivos_[[#This Row],[Valor de referencia]] -> 0 | V19: =+Reactivos_[[#This Row],[Cantidad LDF]]*Reactivos_[[#This Row],[Valor de referencia]] -> 0 | X19: =+Reactivos_[[#This Row],[Cantidad LDF&MR]]*Reactivos_[[#This Row],[Valor de referencia]] -> 0 | Z19: =+Reactivos_[[#This Row],[Cantidad RED LASE]]*Reactivos_[[#This Row],[Valor de referencia]] -> 0 | AB19: =+Reactivos_[[#This Row],[Cantidad LANIA]]*Reactivos_[[#This Row],[Valor de referencia]] -> 0 | AD19: =+Reactivos_[[#This Row],[Cantidad SPA]]*Reactivos_[[#This Row],[Valor de referencia]] -> 0 | AE19: No aplica | AF19: SI
A20: =IF(B20=Reactivos_[[#This Row],[Cantidad LANIP]],"LANIP",IF(B20=Reactivos_[[#This Row],[Cantidad LDV]],"LDV",IF(B20=Reactivos_[[#This Row],[Cantidad LNDV]],"LNDV",IF(B20=Reactivos_[[#This Row],[GGCA]],"GGCA",IF(B20=Reactivos_[[#This Row],[Cantidad LDF]],"LDF",IF(Reactivos_[[#This Row],[Cantidad LDF&MR]],"LDF&MR",IF(B20=Reactivos_[[#This Row],[Cantidad RED LASE]],"LASE",IF(B20=Reactivos_[[#This Row],[Cantidad LANIA]],"LANIA",IF(B20=Reactivos_[[#This Row],[Cantidad SPA]],"SPA"," "))))))))) -> LANIA | B20: =MAX(Reactivos_[[#This Row],[Cantidad LANIP]],Reactivos_[[#This Row],[Cantidad LDV]],Reactivos_[[#This Row],[Cantidad LNDV]],Reactivos_[[#This Row],[GGCA]],Reactivos_[[#This Row],[Cantidad LDF]],Reactivos_[[#This Row],[Cantidad LDF&MR]],Reactivos_[[#This Row],[Cantidad RED LASE]],Reactivos_[[#This Row],[Cantidad LANIA]],Reactivos_[[#This Row],[Cantidad SPA]]) -> 1 | C20: 18 | D20: 19 | E20: Acetato de zinc dihidrato, grado reactivo, pureza > 98%. Con certificado de análisis trazable por lote | H20: Merck o equivalente | I20: Frasco X 1 kg | J20: =SUM(Reactivos_[[#This Row],[Cantidad LANIP]],Reactivos_[[#This Row],[Cantidad LDV]],Reactivos_[[#This Row],[Cantidad LNDV]],Reactivos_[[#This Row],[GGCA]],Reactivos_[[#This Row],[Cantidad LDF]],Reactivos_[[#This Row],[Cantidad LDF&MR]],Reactivos_[[#This Row],[Cantidad RED LASE]],Reactivos_[[#This Row],[Cantidad LANIA]],Reactivos_[[#This Row],[Cantidad SPA]]) -> 1 | K20: 724914 | L20: =+Reactivos_[[#This Row],[Cantidad]]*Reactivos_[[#This Row],[Valor de referencia]] -> 724914 | M20: 0 | N20: =+Reactivos_[[#This Row],[Valor de referencia]]*Reactivos_[[#This Row],[Cantidad LANIP]] -> 0 | P20: =+Reactivos_[[#This Row],[Cantidad LDV]]*Reactivos_[[#This Row],[Valor de referencia]] -> 0 | R20: =+Reactivos_[[#This Row],[Cantidad LNDV]]*Reactivos_[[#This Row],[Valor de referencia]] -> 0 | T20: =+Reactivos_[[#This Row],[GGCA]]*Reactivos_[[#This Row],[Valor de referencia]] -> 0 | V20: =+Reactivos_[[#This Row],[Cantidad LDF]]*Reactivos_[[#This Row],[Valor de referencia]] -> 0 | X20: =+Reactivos_[[#This Row],[Cantidad LDF&MR]]*Reactivos_[[#This Row],[Valor de referencia]] -> 0 | Z20: =+Reactivos_[[#This Row],[Cantidad RED LASE]]*Reactivos_[[#This Row],[Valor de referencia]] -> 0 | AA20: 1 | AB20: =+Reactivos_[[#This Row],[Cantidad LANIA]]*Reactivos_[[#This Row],[Valor de referencia]] -> 724914 | AD20: =+Reactivos_[[#This Row],[Cantidad SPA]]*Reactivos_[[#This Row],[Valor de referencia]] -> 0 | AE20: No aplica | AF20: SI
A21: =IF(B21=Reactivos_[[#This Row],[Cantidad LANIP]],"LANIP",IF(B21=Reactivos_[[#This Row],[Cantidad LDV]],"LDV",IF(B21=Reactivos_[[#This Row],[Cantidad LNDV]],"LNDV",IF(B21=Reactivos_[[#This Row],[GGCA]],"GGCA",IF(B21=Reactivos_[[#This Row],[Cantidad LDF]],"LDF",IF(Reactivos_[[#This Row],[Cantidad LDF&MR]],"LDF&MR",IF(B21=Reactivos_[[#This Row],[Cantidad RED LASE]],"LASE",IF(B21=Reactivos_[[#This Row],[Cantidad LANIA]],"LANIA",IF(B21=Reactivos_[[#This Row],[Cantidad SPA]],"SPA"," "))))))))) -> LNDV | B21: =MAX(Reactivos_[[#This Row],[Cantidad LANIP]],Reactivos_[[#This Row],[Cantidad LDV]],Reactivos_[[#This Row],[Cantidad LNDV]],Reactivos_[[#This Row],[GGCA]],Reactivos_[[#This Row],[Cantidad LDF]],Reactivos_[[#This Row],[Cantidad LDF&MR]],Reactivos_[[#This Row],[Cantidad RED LASE]],Reactivos_[[#This Row],[Cantidad LANIA]],Reactivos_[[#This Row],[Cantidad SPA]]) -> 4 | C21: 19 | D21: 20 | E21: Acetona grado reactivo | F21: 67-64-1 | G21: C3H6O | H21: Merck o JT Baker o Mallinckrodt o Scharlau o equivalente | I21: Frasco x 4 litros | J21: =SUM(Reactivos_[[#This Row],[Cantidad LANIP]],Reactivos_[[#This Row],[Cantidad LDV]],Reactivos_[[#This Row],[Cantidad LNDV]],Reactivos_[[#This Row],[GGCA]],Reactivos_[[#This Row],[Cantidad LDF]],Reactivos_[[#This Row],[Cantidad LDF&MR]],Reactivos_[[#This Row],[Cantidad RED LASE]],Reactivos_[[#This Row],[Cantidad LANIA]],Reactivos_[[#This Row],[Cantidad SPA]]) -> 4 | K21: 944257 | L21: =+Reactivos_[[#This Row],[Cantidad]]*Reactivos_[[#This Row],[Valor de referencia]] -> 3777028 | M21: 0 | N21: =+Reactivos_[[#This Row],[Valor de referencia]]*Reactivos_[[#This Row],[Cantidad LANIP]] -> 0 | P21: =+Reactivos_[[#This Row],[Cantidad LDV]]*Reactivos_[[#This Row],[Valor de referencia]] -> 0 | Q21: 4 | R21: =+Reactivos_[[#This Row],[Cantidad LNDV]]*Reactivos_[[#This Row],[Valor de referencia]] -> 3777028 | T21: =+Reactivos_[[#This Row],[GGCA]]*Reactivos_[[#This Row],[Valor de referencia]] -> 0 | V21: =+Reactivos_[[#This Row],[Cantidad LDF]]*Reactivos_[[#This Row],[Valor de referencia]] -> 0 | X21: =+Reactivos_[[#This Row],[Cantidad LDF&MR]]*Reactivos_[[#This Row],[Valor de referencia]] -> 0 | Z21: =+Reactivos_[[#This Row],[Cantidad RED LASE]]*Reactivos_[[#This Row],[Valor de referencia]] -> 0 | AB21: =+Reactivos_[[#This Row],[Cantidad LANIA]]*Reactivos_[[#This Row],[Valor de referencia]] -> 0 | AD21: =+Reactivos_[[#This Row],[Cantidad SPA]]*Reactivos_[[#This Row],[Valor de referencia]] -> 0 | AE21: SI | AF21: SI
A22: =IF(B22=Reactivos_[[#This Row],[Cantidad LANIP]],"LANIP",IF(B22=Reactivos_[[#This Row],[Cantidad LDV]],"LDV",IF(B22=Reactivos_[[#This Row],[Cantidad LNDV]],"LNDV",IF(B22=Reactivos_[[#This Row],[GGCA]],"GGCA",IF(B22=Reactivos_[[#This Row],[Cantidad LDF]],"LDF",IF(Reactivos_[[#This Row],[Cantidad LDF&MR]],"LDF&MR",IF(B22=Reactivos_[[#This Row],[Cantidad RED LASE]],"LASE",IF(B22=Reactivos_[[#This Row],[Cantidad LANIA]],"LANIA",IF(B22=Reactivos_[[#This Row],[Cantidad SPA]],"SPA"," "))))))))) -> LANIP | B22: =MAX(Reactivos_[[#This Row],[Cantidad LANIP]],Reactivos_[[#This Row],[Cantidad LDV]],Reactivos_[[#This Row],[Cantidad LNDV]],Reactivos_[[#This Row],[GGCA]],Reactivos_[[#This Row],[Cantidad LDF]],Reactivos_[[#This Row],[Cantidad LDF&MR]],Reactivos_[[#This Row],[Cantidad RED LASE]],Reactivos_[[#This Row],[Cantidad LANIA]],Reactivos_[[#This Row],[Cantidad SPA]]) -> 1 | C22: 20 | D22: 21 | E22: Acetona HPLC | F22: 6764-1 | G22: C3H6O | H22: SCHARLAU o equivalente | I22: Frasco 2,5 a 4 litros | J22: =SUM(Reactivos_[[#This Row],[Cantidad LANIP]],Reactivos_[[#This Row],[Cantidad LDV]],Reactivos_[[#This Row],[Cantidad LNDV]],Reactivos_[[#This Row],[GGCA]],Reactivos_[[#This Row],[Cantidad LDF]],Reactivos_[[#This Row],[Cantidad LDF&MR]],Reactivos_[[#This Row],[Cantidad RED LASE]],Reactivos_[[#This Row],[Cantidad LANIA]],Reactivos_[[#This Row],[Cantidad SPA]]) -> 1 | K22: 1408358 | L22: =+Reactivos_[[#This Row],[Cantidad]]*Reactivos_[[#This Row],[Valor de referencia]] -> 1408358 | M22: 1 | N22: =+Reactivos_[[#This Row],[Valor de referencia]]*Reactivos_[[#This Row],[Cantidad LANIP]] -> 1408358 | P22: =+Reactivos_[[#This Row],[Cantidad LDV]]*Reactivos_[[#This Row],[Valor de referencia]] -> 0 | R22: =+Reactivos_[[#This Row],[Cantidad LNDV]]*Reactivos_[[#This Row],[Valor de referencia]] -> 0 | T22: =+Reactivos_[[#This Row],[GGCA]]*Reactivos_[[#This Row],[Valor de referencia]] -> 0 | V22: =+Reactivos_[[#This Row],[Cantidad LDF]]*Reactivos_[[#This Row],[Valor de referencia]] -> 0 | X22: =+Reactivos_[[#This Row],[Cantidad LDF&MR]]*Reactivos_[[#This Row],[Valor de referencia]] -> 0 | Z22: =+Reactivos_[[#This Row],[Cantidad RED LASE]]*Reactivos_[[#This Row],[Valor de referencia]] -> 0 | AB22: =+Reactivos_[[#This Row],[Cantidad LANIA]]*Reactivos_[[#This Row],[Valor de referencia]] -> 0 | AD22: =+Reactivos_[[#This Row],[Cantidad SPA]]*Reactivos_[[#This Row],[Valor de referencia]] -> 0 | AE22: SI | AF22: SI
A23: =IF(B23=Reactivos_[[#This Row],[Cantidad LANIP]],"LANIP",IF(B23=Reactivos_[[#This Row],[Cantidad LDV]],"LDV",IF(B23=Reactivos_[[#This Row],[Cantidad LNDV]],"LNDV",IF(B23=Reactivos_[[#This Row],[GGCA]],"GGCA",IF(B23=Reactivos_[[#This Row],[Cantidad LDF]],"LDF",IF(Reactivos_[[#This Row],[Cantidad LDF&MR]],"LDF&MR",IF(B23=Reactivos_[[#This Row],[Cantidad RED LASE]],"LASE",IF(B23=Reactivos_[[#This Row],[Cantidad LANIA]],"LANIA",IF(B23=Reactivos_[[#This Row],[Cantidad SPA]],"SPA"," "))))))))) -> LANIA | B23: =MAX(Reactivos_[[#This Row],[Cantidad LANIP]],Reactivos_[[#This Row],[Cantidad LDV]],Reactivos_[[#This Row],[Cantidad LNDV]],Reactivos_[[#This Row],[GGCA]],Reactivos_[[#This Row],[Cantidad LDF]],Reactivos_[[#This Row],[Cantidad LDF&MR]],Reactivos_[[#This Row],[Cantidad RED LASE]],Reactivos_[[#This Row],[Cantidad LANIA]],Reactivos_[[#This Row],[Cantidad SPA]]) -> 70 | C23: 21 | D23: 22 | E23: Acetonitrilo grado HPLC | F23: 75-05-8 | G23: CH3CN | H23: FISHER SCIENTIFIC A998-4 o Merck o JT BAKER o equivalente | I23: Frasco x 4 litros | J23: =SUM(Reactivos_[[#This Row],[Cantidad LANIP]],Reactivos_[[#This Row],[Cantidad LDV]],Reactivos_[[#This Row],[Cantidad LNDV]],Reactivos_[[#This Row],[GGCA]],Reactivos_[[#This Row],[Cantidad LDF]],Reactivos_[[#This Row],[Cantidad LDF&MR]],Reactivos_[[#This Row],[Cantidad RED LASE]],Reactivos_[[#This Row],[Cantidad LANIA]],Reactivos_[[#This Row],[Cantidad SPA]]) -> 75 | K23: 809627 | L23: =+Reactivos_[[#This Row],[Cantidad]]*Reactivos_[[#This Row],[Valor de referencia]] -> 60722025 | M23: 5 | N23: =+Reactivos_[[#This Row],[Valor de referencia]]*Reactivos_[[#This Row],[Cantidad LANIP]] -> 4048135 | P23: =+Reactivos_[[#This Row],[Cantidad LDV]]*Reactivos_[[#This Row],[Valor de referencia]] -> 0 | R23: =+Reactivos_[[#This Row],[Cantidad LNDV]]*Reactivos_[[#This Row],[Valor de referencia]] -> 0 | T23: =+Reactivos_[[#This Row],[GGCA]]*Reactivos_[[#This Row],[Valor de referencia]] -> 0 | V23: =+Reactivos_[[#This Row],[Cantidad LDF]]*Reactivos_[[#This Row],[Valor de referencia]] -> 0 | X23: =+Reactivos_[[#This Row],[Cantidad LDF&MR]]*Reactivos_[[#This Row],[Valor de referencia]] -> 0 | Z23: =+Reactivos_[[#This Row],[Cantidad RED LASE]]*Reactivos_[[#This Row],[Valor de referencia]] -> 0 | AA23: 70 | AB23: =+Reactivos_[[#This Row],[Cantidad LANIA]]*Reactivos_[[#This Row],[Valor de referencia]] -> 56673890 | AD23: =+Reactivos_[[#This Row],[Cantidad SPA]]*Reactivos_[[#This Row],[Valor de referencia]] -> 0 | AE23: No aplica | AF23: SI
A24: =IF(B24=Reactivos_[[#This Row],[Cantidad LANIP]],"LANIP",IF(B24=Reactivos_[[#This Row],[Cantidad LDV]],"LDV",IF(B24=Reactivos_[[#This Row],[Cantidad LNDV]],"LNDV",IF(B24=Reactivos_[[#This Row],[GGCA]],"GGCA",IF(B24=Reactivos_[[#This Row],[Cantidad LDF]],"LDF",IF(Reactivos_[[#This Row],[Cantidad LDF&MR]],"LDF&MR",IF(B24=Reactivos_[[#This Row],[Cantidad RED LASE]],"LASE",IF(B24=Reactivos_[[#This Row],[Cantidad LANIA]],"LANIA",IF(B24=Reactivos_[[#This Row],[Cantidad SPA]],"SPA"," "))))))))) -> LANIP | B24: =MAX(Reactivos_[[#This Row],[Cantidad LANIP]],Reactivos_[[#This Row],[Cantidad LDV]],Reactivos_[[#This Row],[Cantidad LNDV]],Reactivos_[[#This Row],[GGCA]],Reactivos_[[#This Row],[Cantidad LDF]],Reactivos_[[#This Row],[Cantidad LDF&MR]],Reactivos_[[#This Row],[Cantidad RED LASE]],Reactivos_[[#This Row],[Cantidad LANIA]],Reactivos_[[#This Row],[Cantidad SPA]]) -> 5 | C24: 22 | D24: 23 | E24: Acetonitrilo grado HPLC isocrático o gradiente | H24: SCHARLAU o equivalente | I24: Frasco x 4 litros | J24: =SUM(Reactivos_[[#This Row],[Cantidad LANIP]],Reactivos_[[#This Row],[Cantidad LDV]],Reactivos_[[#This Row],[Cantidad LNDV]],Reactivos_[[#This Row],[GGCA]],Reactivos_[[#This Row],[Cantidad LDF]],Reactivos_[[#This Row],[Cantidad LDF&MR]],Reactivos_[[#This Row],[Cantidad RED LASE]],Reactivos_[[#This Row],[Cantidad LANIA]],Reactivos_[[#This Row],[Cantidad SPA]]) -> 5 | K24: 986586 | L24: =+Reactivos_[[#This Row],[Cantidad]]*Reactivos_[[#This Row],[Valor de referencia]] -> 4932930 | M24: 5 | N24: =+Reactivos_[[#This Row],[Valor de referencia]]*Reactivos_[[#This Row],[Cantidad LANIP]] -> 4932930 | P24: =+Reactivos_[[#This Row],[Cantidad LDV]]*Reactivos_[[#This Row],[Valor de referencia]] -> 0 | R24: =+Reactivos_[[#This Row],[Cantidad LNDV]]*Reactivos_[[#This Row],[Valor de referencia]] -> 0 | T24: =+Reactivos_[[#This Row],[GGCA]]*Reactivos_[[#This Row],[Valor de referencia]] -> 0 | V24: =+Reactivos_[[#This Row],[Cantidad LDF]]*Reactivos_[[#This Row],[Valor de referencia]] -> 0 | X24: =+Reactivos_[[#This Row],[Cantidad LDF&MR]]*Reactivos_[[#This Row],[Valor de referencia]] -> 0 | Z24: =+Reactivos_[[#This Row],[Cantidad RED LASE]]*Reactivos_[[#This Row],[Valor de referencia]] -> 0 | AB24: =+Reactivos_[[#This Row],[Cantidad LANIA]]*Reactivos_[[#This Row],[Valor de referencia]] -> 0 | AD24: =+Reactivos_[[#This Row],[Cantidad SPA]]*Reactivos_[[#This Row],[Valor de referencia]] -> 0 | AE24: No aplica | AF24: SI
A25: =IF(B25=Reactivos_[[#This Row],[Cantidad LANIP]],"LANIP",IF(B25=Reactivos_[[#This Row],[Cantidad LDV]],"LDV",IF(B25=Reactivos_[[#This Row],[Cantidad LNDV]],"LNDV",IF(B25=Reactivos_[[#This Row],[GGCA]],"GGCA",IF(B25=Reactivos_[[#This Row],[Cantidad LDF]],"LDF",IF(Reactivos_[[#This Row],[Cantidad LDF&MR]],"LDF&MR",IF(B25=Reactivos_[[#This Row],[Cantidad RED LASE]],"LASE",IF(B25=Reactivos_[[#This Row],[Cantidad LANIA]],"LANIA",IF(B25=Reactivos_[[#This Row],[Cantidad SPA]],"SPA"," "))))))))) -> LANIA | B25: =MAX(Reactivos_[[#This Row],[Cantidad LANIP]],Reactivos_[[#This Row],[Cantidad LDV]],Reactivos_[[#This Row],[Cantidad LNDV]],Reactivos_[[#This Row],[GGCA]],Reactivos_[[#This Row],[Cantidad LDF]],Reactivos_[[#This Row],[Cantidad LDF&MR]],Reactivos_[[#This Row],[Cantidad RED LASE]],Reactivos_[[#This Row],[Cantidad LANIA]],Reactivos_[[#This Row],[Cantidad SPA]]) -> 20 | C25: 23 | D25: 24 | E25: Acetonitrilo LC/MS | F25: 75-05-8 | G25: CH3CN | H25: SCHARLAU o equivalente | I25: Frasco x 2.5 litros | J25: =SUM(Reactivos_[[#This Row],[Cantidad LANIP]],Reactivos_[[#This Row],[Cantidad LDV]],Reactivos_[[#This Row],[Cantidad LNDV]],Reactivos_[[#This Row],[GGCA]],Reactivos_[[#This Row],[Cantidad LDF]],Reactivos_[[#This Row],[Cantidad LDF&MR]],Reactivos_[[#This Row],[Cantidad RED LASE]],Reactivos_[[#This Row],[Cantidad LANIA]],Reactivos_[[#This Row],[Cantidad SPA]]) -> 25 | K25: 1261995 | L25: =+Reactivos_[[#This Row],[Cantidad]]*Reactivos_[[#This Row],[Valor de referencia]] -> 31549875 | M25: 5 | N25: =+Reactivos_[[#This Row],[Valor de referencia]]*Reactivos_[[#This Row],[Cantidad LANIP]] -> 6309975 | P25: =+Reactivos_[[#This Row],[Cantidad LDV]]*Reactivos_[[#This Row],[Valor de referencia]] -> 0 | R25: =+Reactivos_[[#This Row],[Cantidad LNDV]]*Reactivos_[[#This Row],[Valor de referencia]] -> 0 | T25: =+Reactivos_[[#This Row],[GGCA]]*Reactivos_[[#This Row],[Valor de referencia]] -> 0 | V25: =+Reactivos_[[#This Row],[Cantidad LDF]]*Reactivos_[[#This Row],[Valor de referencia]] -> 0 | X25: =+Reactivos_[[#This Row],[Cantidad LDF&MR]]*Reactivos_[[#This Row],[Valor de referencia]] -> 0 | Z25: =+Reactivos_[[#This Row],[Cantidad RED LASE]]*Reactivos_[[#This Row],[Valor de referencia]] -> 0 | AA25: 20 | AB25: =+Reactivos_[[#This Row],[Cantidad LANIA]]*Reactivos_[[#This Row],[Valor de referencia]] -> 25239900 | AD25: =+Reactivos_[[#This Row],[Cantidad SPA]]*Reactivos_[[#This Row],[Valor de referencia]] -> 0 | AE25: No aplica | AF25: SI
A26: =IF(B26=Reactivos_[[#This Row],[Cantidad LANIP]],"LANIP",IF(B26=Reactivos_[[#This Row],[Cantidad LDV]],"LDV",IF(B26=Reactivos_[[#This Row],[Cantidad LNDV]],"LNDV",IF(B26=Reactivos_[[#This Row],[GGCA]],"GGCA",IF(B26=Reactivos_[[#This Row],[Cantidad LDF]],"LDF",IF(Reactivos_[[#This Row],[Cantidad LDF&MR]],"LDF&MR",IF(B26=Reactivos_[[#This Row],[Cantidad RED LASE]],"LASE",IF(B26=Reactivos_[[#This Row],[Cantidad LANIA]],"LANIA",IF(B26=Reactivos_[[#This Row],[Cantidad SPA]],"SPA"," "))))))))) -> LANIP | B26: =MAX(Reactivos_[[#This Row],[Cantidad LANIP]],Reactivos_[[#This Row],[Cantidad LDV]],Reactivos_[[#This Row],[Cantidad LNDV]],Reactivos_[[#This Row],[GGCA]],Reactivos_[[#This Row],[Cantidad LDF]],Reactivos_[[#This Row],[Cantidad LDF&MR]],Reactivos_[[#This Row],[Cantidad RED LASE]],Reactivos_[[#This Row],[Cantidad LANIA]],Reactivos_[[#This Row],[Cantidad SPA]]) -> 2 | C26: 24 | D26: 25 | E26: Ácido acético glacial 96% PA | H26: SCHARLAU o equivalente | I26: Frasco x 2.5 litros | J26: =SUM(Reactivos_[[#This Row],[Cantidad LANIP]],Reactivos_[[#This Row],[Cantidad LDV]],Reactivos_[[#This Row],[Cantidad LNDV]],Reactivos_[[#This Row],[GGCA]],Reactivos_[[#This Row],[Cantidad LDF]],Reactivos_[[#This Row],[Cantidad LDF&MR]],Reactivos_[[#This Row],[Cantidad RED LASE]],Reactivos_[[#This Row],[Cantidad LANIA]],Reactivos_[[#This Row],[Cantidad SPA]]) -> 3 | K26: 489799 | L26: =+Reactivos_[[#This Row],[Cantidad]]*Reactivos_[[#This Row],[Valor de referencia]] -> 1469397 | M26: 2 | N26: =+Reactivos_[[#This Row],[Valor de referencia]]*Reactivos_[[#This Row],[Cantidad LANIP]] -> 979598 | P26: =+Reactivos_[[#This Row],[Cantidad LDV]]*Reactivos_[[#This Row],[Valor de referencia]] -> 0 | R26: =+Reactivos_[[#This Row],[Cantidad LNDV]]*Reactivos_[[#This Row],[Valor de referencia]] -> 0 | T26: =+Reactivos_[[#This Row],[GGCA]]*Reactivos_[[#This Row],[Valor de referencia]] -> 0 | V26: =+Reactivos_[[#This Row],[Cantidad LDF]]*Reactivos_[[#This Row],[Valor de referencia]] -> 0 | X26: =+Reactivos_[[#This Row],[Cantidad LDF&MR]]*Reactivos_[[#This Row],[Valor de referencia]] -> 0 | Z26: =+Reactivos_[[#This Row],[Cantidad RED LASE]]*Reactivos_[[#This Row],[Valor de referencia]] -> 0 | AA26: 1 | AB26: =+Reactivos_[[#This Row],[Cantidad LANIA]]*Reactivos_[[#This Row],[Valor de referencia]] -> 489799 | AD26: =+Reactivos_[[#This Row],[Cantidad SPA]]*Reactivos_[[#This Row],[Valor de referencia]] -> 0 | AE26: No aplica | AF26: SI
A27: =IF(B27=Reactivos_[[#This Row],[Cantidad LANIP]],"LANIP",IF(B27=Reactivos_[[#This Row],[Cantidad LDV]],"LDV",IF(B27=Reactivos_[[#This Row],[Cantidad LNDV]],"LNDV",IF(B27=Reactivos_[[#This Row],[GGCA]],"GGCA",IF(B27=Reactivos_[[#This Row],[Cantidad LDF]],"LDF",IF(Reactivos_[[#This Row],[Cantidad LDF&MR]],"LDF&MR",IF(B27=Reactivos_[[#This Row],[Cantidad RED LASE]],"LASE",IF(B27=Reactivos_[[#This Row],[Cantidad LANIA]],"LANIA",IF(B27=Reactivos_[[#This Row],[Cantidad SPA]],"SPA"," "))))))))) -> LNDV | B27: =MAX(Reactivos_[[#This Row],[Cantidad LANIP]],Reactivos_[[#This Row],[Cantidad LDV]],Reactivos_[[#This Row],[Cantidad LNDV]],Reactivos_[[#This Row],[GGCA]],Reactivos_[[#This Row],[Cantidad LDF]],Reactivos_[[#This Row],[Cantidad LDF&MR]],Reactivos_[[#This Row],[Cantidad RED LASE]],Reactivos_[[#This Row],[Cantidad LANIA]],Reactivos_[[#This Row],[Cantidad SPA]]) -> 1 | C27: 25 | D27: 26 | E27: Acido acetil salicilico | F27: 69-72-7 | G27: C7H6O3 | H27: MERCK -818731 | I27: Frasco x 100 g | J27: =SUM(Reactivos_[[#This Row],[Cantidad LANIP]],Reactivos_[[#This Row],[Cantidad LDV]],Reactivos_[[#This Row],[Cantidad LNDV]],Reactivos_[[#This Row],[GGCA]],Reactivos_[[#This Row],[Cantidad LDF]],Reactivos_[[#This Row],[Cantidad LDF&MR]],Reactivos_[[#This Row],[Cantidad RED LASE]],Reactivos_[[#This Row],[Cantidad LANIA]],Reactivos_[[#This Row],[Cantidad SPA]]) -> 1 | K27: 286354 | L27: =+Reactivos_[[#This Row],[Cantidad]]*Reactivos_[[#This Row],[Valor de referencia]] -> 286354 | M27: 0 | N27: =+Reactivos_[[#This Row],[Valor de referencia]]*Reactivos_[[#This Row],[Cantidad LANIP]] -> 0 | P27: =+Reactivos_[[#This Row],[Cantidad LDV]]*Reactivos_[[#This Row],[Valor de referencia]] -> 0 | Q27: 1 | R27: =+Reactivos_[[#This Row],[Cantidad LNDV]]*Reactivos_[[#This Row],[Valor de referencia]] -> 286354 | T27: =+Reactivos_[[#This Row],[GGCA]]*Reactivos_[[#This Row],[Valor de referencia]] -> 0 | V27: =+Reactivos_[[#This Row],[Cantidad LDF]]*Reactivos_[[#This Row],[Valor de referencia]] -> 0 | X27: =+Reactivos_[[#This Row],[Cantidad LDF&MR]]*Reactivos_[[#This Row],[Valor de referencia]] -> 0 | Z27: =+Reactivos_[[#This Row],[Cantidad RED LASE]]*Reactivos_[[#This Row],[Valor de referencia]] -> 0 | AB27: =+Reactivos_[[#This Row],[Cantidad LANIA]]*Reactivos_[[#This Row],[Valor de referencia]] -> 0 | AD27: =+Reactivos_[[#This Row],[Cantidad SPA]]*Reactivos_[[#This Row],[Valor de referencia]] -> 0 | AE27: No aplica | AF27: SI
A28: =IF(B28=Reactivos_[[#This Row],[Cantidad LANIP]],"LANIP",IF(B28=Reactivos_[[#This Row],[Cantidad LDV]],"LDV",IF(B28=Reactivos_[[#This Row],[Cantidad LNDV]],"LNDV",IF(B28=Reactivos_[[#This Row],[GGCA]],"GGCA",IF(B28=Reactivos_[[#This Row],[Cantidad LDF]],"LDF",IF(Reactivos_[[#This Row],[Cantidad LDF&MR]],"LDF&MR",IF(B28=Reactivos_[[#This Row],[Cantidad RED LASE]],"LASE",IF(B28=Reactivos_[[#This Row],[Cantidad LANIA]],"LANIA",IF(B28=Reactivos_[[#This Row],[Cantidad SPA]],"SPA"," "))))))))) -> LANIA | B28: =MAX(Reactivos_[[#This Row],[Cantidad LANIP]],Reactivos_[[#This Row],[Cantidad LDV]],Reactivos_[[#This Row],[Cantidad LNDV]],Reactivos_[[#This Row],[GGCA]],Reactivos_[[#This Row],[Cantidad LDF]],Reactivos_[[#This Row],[Cantidad LDF&MR]],Reactivos_[[#This Row],[Cantidad RED LASE]],Reactivos_[[#This Row],[Cantidad LANIA]],Reactivos_[[#This Row],[Cantidad SPA]]) -> 3 | C28: 26 | D28: 27 | E28: Ácido bórico granular (cristales) grado reactivo, ACS,ISO,Reag. Ph Eur | F28: 10043-35-3 | H28: PANREAC o JT BAKER o MERCK o SIGMA ALDRICH o equivalente | I28: Frasco x 1Kg | J28: =SUM(Reactivos_[[#This Row],[Cantidad LANIP]],Reactivos_[[#This Row],[Cantidad LDV]],Reactivos_[[#This Row],[Cantidad LNDV]],Reactivos_[[#This Row],[GGCA]],Reactivos_[[#This Row],[Cantidad LDF]],Reactivos_[[#This Row],[Cantidad LDF&MR]],Reactivos_[[#This Row],[Cantidad RED LASE]],Reactivos_[[#This Row],[Cantidad LANIA]],Reactivos_[[#This Row],[Cantidad SPA]]) -> 3 | K28: 640396 | L28: =+Reactivos_[[#This Row],[Cantidad]]*Reactivos_[[#This Row],[Valor de referencia]] -> 1921188 | M28: 0 | N28: =+Reactivos_[[#This Row],[Valor de referencia]]*Reactivos_[[#This Row],[Cantidad LANIP]] -> 0 | P28: =+Reactivos_[[#This Row],[Cantidad LDV]]*Reactivos_[[#This Row],[Valor de referencia]] -> 0 | R28: =+Reactivos_[[#This Row],[Cantidad LNDV]]*Reactivos_[[#This Row],[Valor de referencia]] -> 0 | T28: =+Reactivos_[[#This Row],[GGCA]]*Reactivos_[[#This Row],[Valor de referencia]] -> 0 | V28: =+Reactivos_[[#This Row],[Cantidad LDF]]*Reactivos_[[#This Row],[Valor de referencia]] -> 0 | X28: =+Reactivos_[[#This Row],[Cantidad LDF&MR]]*Reactivos_[[#This Row],[Valor de referencia]] -> 0 | Z28: =+Reactivos_[[#This Row],[Cantidad RED LASE]]*Reactivos_[[#This Row],[Valor de referencia]] -> 0 | AA28: 3 | AB28: =+Reactivos_[[#This Row],[Cantidad LANIA]]*Reactivos_[[#This Row],[Valor de referencia]] -> 1921188 | AD28: =+Reactivos_[[#This Row],[Cantidad SPA]]*Reactivos_[[#This Row],[Valor de referencia]] -> 0 | AE28: No aplica | AF28: SI
A29: =IF(B29=Reactivos_[[#This Row],[Cantidad LANIP]],"LANIP",IF(B29=Reactivos_[[#This Row],[Cantidad LDV]],"LDV",IF(B29=Reactivos_[[#This Row],[Cantidad LNDV]],"LNDV",IF(B29=Reactivos_[[#This Row],[GGCA]],"GGCA",IF(B29=Reactivos_[[#This Row],[Cantidad LDF]],"LDF",IF(Reactivos_[[#This Row],[Cantidad LDF&MR]],"LDF&MR",IF(B29=Reactivos_[[#This Row],[Cantidad RED LASE]],"LASE",IF(B29=Reactivos_[[#This Row],[Cantidad LANIA]],"LANIA",IF(B29=Reactivos_[[#This Row],[Cantidad SPA]],"SPA"," "))))))))) -> LANIP | B29: =MAX(Reactivos_[[#This Row],[Cantidad LANIP]],Reactivos_[[#This Row],[Cantidad LDV]],Reactivos_[[#This Row],[Cantidad LNDV]],Reactivos_[[#This Row],[GGCA]],Reactivos_[[#This Row],[Cantidad LDF]],Reactivos_[[#This Row],[Cantidad LDF&MR]],Reactivos_[[#This Row],[Cantidad RED LASE]],Reactivos_[[#This Row],[Cantidad LANIA]],Reactivos_[[#This Row],[Cantidad SPA]]) -> 2 | C29: 27 | D29: 28 | E29: Ácido cítrico monohidratado | H29: Merck 100244 o equivalente | I29: Frasco x 1Kg | J29: =SUM(Reactivos_[[#This Row],[Cantidad LANIP]],Reactivos_[[#This Row],[Cantidad LDV]],Reactivos_[[#This Row],[Cantidad LNDV]],Reactivos_[[#This Row],[GGCA]],Reactivos_[[#This Row],[Cantidad LDF]],Reactivos_[[#This Row],[Cantidad LDF&MR]],Reactivos_[[#This Row],[Cantidad RED LASE]],Reactivos_[[#This Row],[Cantidad LANIA]],Reactivos_[[#This Row],[Cantidad SPA]]) -> 2 | K29: 548837 | L29: =+Reactivos_[[#This Row],[Cantidad]]*Reactivos_[[#This Row],[Valor de referencia]] -> 1097674 | M29: 2 | N29: =+Reactivos_[[#This Row],[Valor de referencia]]*Reactivos_[[#This Row],[Cantidad LANIP]] -> 1097674 | P29: =+Reactivos_[[#This Row],[Cantidad LDV]]*Reactivos_[[#This Row],[Valor de referencia]] -> 0 | R29: =+Reactivos_[[#This Row],[Cantidad LNDV]]*Reactivos_[[#This Row],[Valor de referencia]] -> 0 | T29: =+Reactivos_[[#This Row],[GGCA]]*Reactivos_[[#This Row],[Valor de referencia]] -> 0 | V29: =+Reactivos_[[#This Row],[Cantidad LDF]]*Reactivos_[[#This Row],[Valor de referencia]] -> 0 | X29: =+Reactivos_[[#This Row],[Cantidad LDF&MR]]*Reactivos_[[#This Row],[Valor de referencia]] -> 0 | Z29: =+Reactivos_[[#This Row],[Cantidad RED LASE]]*Reactivos_[[#This Row],[Valor de referencia]] -> 0 | AB29: =+Reactivos_[[#This Row],[Cantidad LANIA]]*Reactivos_[[#This Row],[Valor de referencia]] -> 0 | AD29: =+Reactivos_[[#This Row],[Cantidad SPA]]*Reactivos_[[#This Row],[Valor de referencia]] -> 0 | AE29: No aplica | AF29: SI
A30: =IF(B30=Reactivos_[[#This Row],[Cantidad LANIP]],"LANIP",IF(B30=Reactivos_[[#This Row],[Cantidad LDV]],"LDV",IF(B30=Reactivos_[[#This Row],[Cantidad LNDV]],"LNDV",IF(B30=Reactivos_[[#This Row],[GGCA]],"GGCA",IF(B30=Reactivos_[[#This Row],[Cantidad LDF]],"LDF",IF(Reactivos_[[#This Row],[Cantidad LDF&MR]],"LDF&MR",IF(B30=Reactivos_[[#This Row],[Cantidad RED LASE]],"LASE",IF(B30=Reactivos_[[#This Row],[Cantidad LANIA]],"LANIA",IF(B30=Reactivos_[[#This Row],[Cantidad SPA]],"SPA"," "))))))))) -> LNDV | B30: =MAX(Reactivos_[[#This Row],[Cantidad LANIP]],Reactivos_[[#This Row],[Cantidad LDV]],Reactivos_[[#This Row],[Cantidad LNDV]],Reactivos_[[#This Row],[GGCA]],Reactivos_[[#This Row],[Cantidad LDF]],Reactivos_[[#This Row],[Cantidad LDF&MR]],Reactivos_[[#This Row],[Cantidad RED LASE]],Reactivos_[[#This Row],[Cantidad LANIA]],Reactivos_[[#This Row],[Cantidad SPA]]) -> 1 | C30: 28 | D30: 29 | E30: Ácido clorhídrico 37 - 38% para análsis ,ACD, Reagen | F30: 7647-01-0 | G30: HCl | H30: Merck o JT Baker, Scharlau o equivalente. | I30: Frasco x 2.5 litros | J30: =SUM(Reactivos_[[#This Row],[Cantidad LANIP]],Reactivos_[[#This Row],[Cantidad LDV]],Reactivos_[[#This Row],[Cantidad LNDV]],Reactivos_[[#This Row],[GGCA]],Reactivos_[[#This Row],[Cantidad LDF]],Reactivos_[[#This Row],[Cantidad LDF&MR]],Reactivos_[[#This Row],[Cantidad RED LASE]],Reactivos_[[#This Row],[Cantidad LANIA]],Reactivos_[[#This Row],[Cantidad SPA]]) -> 2 | K30: 293319 | L30: =+Reactivos_[[#This Row],[Cantidad]]*Reactivos_[[#This Row],[Valor de referencia]] -> 586638 | M30: 0 | N30: =+Reactivos_[[#This Row],[Valor de referencia]]*Reactivos_[[#This Row],[Cantidad LANIP]] -> 0 | P30: =+Reactivos_[[#This Row],[Cantidad LDV]]*Reactivos_[[#This Row],[Valor de referencia]] -> 0 | Q30: 1 | R30: =+Reactivos_[[#This Row],[Cantidad LNDV]]*Reactivos_[[#This Row],[Valor de referencia]] -> 293319 | T30: =+Reactivos_[[#This Row],[GGCA]]*Reactivos_[[#This Row],[Valor de referencia]] -> 0 | V30: =+Reactivos_[[#This Row],[Cantidad LDF]]*Reactivos_[[#This Row],[Valor de referencia]] -> 0 | W30: 1 | X30: =+Reactivos_[[#This Row],[Cantidad LDF&MR]]*Reactivos_[[#This Row],[Valor de referencia]] -> 293319 | Z30: =+Reactivos_[[#This Row],[Cantidad RED LASE]]*Reactivos_[[#This Row],[Valor de referencia]] -> 0 | AB30: =+Reactivos_[[#This Row],[Cantidad LANIA]]*Reactivos_[[#This Row],[Valor de referencia]] -> 0 | AD30: =+Reactivos_[[#This Row],[Cantidad SPA]]*Reactivos_[[#This Row],[Valor de referencia]] -> 0 | AE30: SI | AF30: SI
A31: =IF(B31=Reactivos_[[#This Row],[Cantidad LANIP]],"LANIP",IF(B31=Reactivos_[[#This Row],[Cantidad LDV]],"LDV",IF(B31=Reactivos_[[#This Row],[Cantidad LNDV]],"LNDV",IF(B31=Reactivos_[[#This Row],[GGCA]],"GGCA",IF(B31=Reactivos_[[#This Row],[Cantidad LDF]],"LDF",IF(Reactivos_[[#This Row],[Cantidad LDF&MR]],"LDF&MR",IF(B31=Reactivos_[[#This Row],[Cantidad RED LASE]],"LASE",IF(B31=Reactivos_[[#This Row],[Cantidad LANIA]],"LANIA",IF(B31=Reactivos_[[#This Row],[Cantidad SPA]],"SPA"," "))))))))) -> LANIP | B31: =MAX(Reactivos_[[#This Row],[Cantidad LANIP]],Reactivos_[[#This Row],[Cantidad LDV]],Reactivos_[[#This Row],[Cantidad LNDV]],Reactivos_[[#This Row],[GGCA]],Reactivos_[[#This Row],[Cantidad LDF]],Reactivos_[[#This Row],[Cantidad LDF&MR]],Reactivos_[[#This Row],[Cantidad RED LASE]],Reactivos_[[#This Row],[Cantidad LANIA]],Reactivos_[[#This Row],[Cantidad SPA]]) -> 10 | C31: 29 | D31: 30 | E31: Ácido clorhídrico, solución 0,25 mol/l (0,25 N) | F31: 7647-01-0 | G31: HCl | H31: SCHARLAU o Merck, JT Baker o Sigma o equivalente | I31: Frasco x 1 litro | J31: =SUM(Reactivos_[[#This Row],[Cantidad LANIP]],Reactivos_[[#This Row],[Cantidad LDV]],Reactivos_[[#This Row],[Cantidad LNDV]],Reactivos_[[#This Row],[GGCA]],Reactivos_[[#This Row],[Cantidad LDF]],Reactivos_[[#This Row],[Cantidad LDF&MR]],Reactivos_[[#This Row],[Cantidad RED LASE]],Reactivos_[[#This Row],[Cantidad LANIA]],Reactivos_[[#This Row],[Cantidad SPA]]) -> 12 | K31: 579900 | L31: =+Reactivos_[[#This Row],[Cantidad]]*Reactivos_[[#This Row],[Valor de referencia]] -> 6958800 | M31: 10 | N31: =+Reactivos_[[#This Row],[Valor de referencia]]*Reactivos_[[#This Row],[Cantidad LANIP]] -> 5799000 | P31: =+Reactivos_[[#This Row],[Cantidad LDV]]*Reactivos_[[#This Row],[Valor de referencia]] -> 0 | Q31: 1 | R31: =+Reactivos_[[#This Row],[Cantidad LNDV]]*Reactivos_[[#This Row],[Valor de referencia]] -> 579900 | T31: =+Reactivos_[[#This Row],[GGCA]]*Reactivos_[[#This Row],[Valor de referencia]] -> 0 | V31: =+Reactivos_[[#This Row],[Cantidad LDF]]*Reactivos_[[#This Row],[Valor de referencia]] -> 0 | W31: 1 | X31: =+Reactivos_[[#This Row],[Cantidad LDF&MR]]*Reactivos_[[#This Row],[Valor de referencia]] -> 579900 | Z31: =+Reactivos_[[#This Row],[Cantidad RED LASE]]*Reactivos_[[#This Row],[Valor de referencia]] -> 0 | AB31: =+Reactivos_[[#This Row],[Cantidad LANIA]]*Reactivos_[[#This Row],[Valor de referencia]] -> 0 | AD31: =+Reactivos_[[#This Row],[Cantidad SPA]]*Reactivos_[[#This Row],[Valor de referencia]] -> 0 | AE31: SI | AF31: SI
A32: =IF(B32=Reactivos_[[#This Row],[Cantidad LANIP]],"LANIP",IF(B32=Reactivos_[[#This Row],[Cantidad LDV]],"LDV",IF(B32=Reactivos_[[#This Row],[Cantidad LNDV]],"LNDV",IF(B32=Reactivos_[[#This Row],[GGCA]],"GGCA",IF(B32=Reactivos_[[#This Row],[Cantidad LDF]],"LDF",IF(Reactivos_[[#This Row],[Cantidad LDF&MR]],"LDF&MR",IF(B32=Reactivos_[[#This Row],[Cantidad RED LASE]],"LASE",IF(B32=Reactivos_[[#This Row],[Cantidad LANIA]],"LANIA",IF(B32=Reactivos_[[#This Row],[Cantidad SPA]],"SPA"," "))))))))) -> LDV | B32: =MAX(Reactivos_[[#This Row],[Cantidad LANIP]],Reactivos_[[#This Row],[Cantidad LDV]],Reactivos_[[#This Row],[Cantidad LNDV]],Reactivos_[[#This Row],[GGCA]],Reactivos_[[#This Row],[Cantidad LDF]],Reactivos_[[#This Row],[Cantidad LDF&MR]],Reactivos_[[#This Row],[Cantidad RED LASE]],Reactivos_[[#This Row],[Cantidad LANIA]],Reactivos_[[#This Row],[Cantidad SPA]]) -> 2 | C32: 30 | D32: 31 | E32: Ácido fórmico 98-100 % pureza | F32: 64-18-6 | G32: HCOOH | H32: SCHARLAU o equivalente | I32: Frasco x 2.5 litros | J32: =SUM(Reactivos_[[#This Row],[Cantidad LANIP]],Reactivos_[[#This Row],[Cantidad LDV]],Reactivos_[[#This Row],[Cantidad LNDV]],Reactivos_[[#This Row],[GGCA]],Reactivos_[[#This Row],[Cantidad LDF]],Reactivos_[[#This Row],[Cantidad LDF&MR]],Reactivos_[[#This Row],[Cantidad RED LASE]],Reactivos_[[#This Row],[Cantidad LANIA]],Reactivos_[[#This Row],[Cantidad SPA]]) -> 4 | K32: 809267 | L32: =+Reactivos_[[#This Row],[Cantidad]]*Reactivos_[[#This Row],[Valor de referencia]] -> 3237068 | M32: 1 | N32: =+Reactivos_[[#This Row],[Valor de referencia]]*Reactivos_[[#This Row],[Cantidad LANIP]] -> 809267 | O32: 2 | P32: =+Reactivos_[[#This Row],[Cantidad LDV]]*Reactivos_[[#This Row],[Valor de referencia]] -> 1618534 | R32: =+Reactivos_[[#This Row],[Cantidad LNDV]]*Reactivos_[[#This Row],[Valor de referencia]] -> 0 | T32: =+Reactivos_[[#This Row],[GGCA]]*Reactivos_[[#This Row],[Valor de referencia]] -> 0 | V32: =+Reactivos_[[#This Row],[Cantidad LDF]]*Reactivos_[[#This Row],[Valor de referencia]] -> 0 | W32: 1 | X32: =+Reactivos_[[#This Row],[Cantidad LDF&MR]]*Reactivos_[[#This Row],[Valor de referencia]] -> 809267 | Z32: =+Reactivos_[[#This Row],[Cantidad RED LASE]]*Reactivos_[[#This Row],[Valor de referencia]] -> 0 | AB32: =+Reactivos_[[#This Row],[Cantidad LANIA]]*Reactivos_[[#This Row],[Valor de referencia]] -> 0 | AD32: =+Reactivos_[[#This Row],[Cantidad SPA]]*Reactivos_[[#This Row],[Valor de referencia]] -> 0 | AE32: No aplica | AF32: SI
A33: =IF(B33=Reactivos_[[#This Row],[Cantidad LANIP]],"LANIP",IF(B33=Reactivos_[[#This Row],[Cantidad LDV]],"LDV",IF(B33=Reactivos_[[#This Row],[Cantidad LNDV]],"LNDV",IF(B33=Reactivos_[[#This Row],[GGCA]],"GGCA",IF(B33=Reactivos_[[#This Row],[Cantidad LDF]],"LDF",IF(Reactivos_[[#This Row],[Cantidad LDF&MR]],"LDF&MR",IF(B33=Reactivos_[[#This Row],[Cantidad RED LASE]],"LASE",IF(B33=Reactivos_[[#This Row],[Cantidad LANIA]],"LANIA",IF(B33=Reactivos_[[#This Row],[Cantidad SPA]],"SPA"," "))))))))) -> LANIP | B33: =MAX(Reactivos_[[#This Row],[Cantidad LANIP]],Reactivos_[[#This Row],[Cantidad LDV]],Reactivos_[[#This Row],[Cantidad LNDV]],Reactivos_[[#This Row],[GGCA]],Reactivos_[[#This Row],[Cantidad LDF]],Reactivos_[[#This Row],[Cantidad LDF&MR]],Reactivos_[[#This Row],[Cantidad RED LASE]],Reactivos_[[#This Row],[Cantidad LANIA]],Reactivos_[[#This Row],[Cantidad SPA]]) -> 1 | C33: 31 | D33: 32 | E33: Acido fórmico para LC-MS | H33: SCHARLAU o equivalente | I33: Frasco x 50 ml | J33: =SUM(Reactivos_[[#This Row],[Cantidad LANIP]],Reactivos_[[#This Row],[Cantidad LDV]],Reactivos_[[#This Row],[Cantidad LNDV]],Reactivos_[[#This Row],[GGCA]],Reactivos_[[#This Row],[Cantidad LDF]],Reactivos_[[#This Row],[Cantidad LDF&MR]],Reactivos_[[#This Row],[Cantidad RED LASE]],Reactivos_[[#This Row],[Cantidad LANIA]],Reactivos_[[#This Row],[Cantidad SPA]]) -> 1 | K33: 1054264 | L33: =+Reactivos_[[#This Row],[Cantidad]]*Reactivos_[[#This Row],[Valor de referencia]] -> 1054264 | M33: 1 | N33: =+Reactivos_[[#This Row],[Valor de referencia]]*Reactivos_[[#This Row],[Cantidad LANIP]] -> 1054264 | P33: =+Reactivos_[[#This Row],[Cantidad LDV]]*Reactivos_[[#This Row],[Valor de referencia]] -> 0 | R33: =+Reactivos_[[#This Row],[Cantidad LNDV]]*Reactivos_[[#This Row],[Valor de referencia]] -> 0 | T33: =+Reactivos_[[#This Row],[GGCA]]*Reactivos_[[#This Row],[Valor de referencia]] -> 0 | V33: =+Reactivos_[[#This Row],[Cantidad LDF]]*Reactivos_[[#This Row],[Valor de referencia]] -> 0 | X33: =+Reactivos_[[#This Row],[Cantidad LDF&MR]]*Reactivos_[[#This Row],[Valor de referencia]] -> 0 | Z33: =+Reactivos_[[#This Row],[Cantidad RED LASE]]*Reactivos_[[#This Row],[Valor de referencia]] -> 0 | AB33: =+Reactivos_[[#This Row],[Cantidad LANIA]]*Reactivos_[[#This Row],[Valor de referencia]] -> 0 | AD33: =+Reactivos_[[#This Row],[Cantidad SPA]]*Reactivos_[[#This Row],[Valor de referencia]] -> 0 | AE33: No aplica | AF33: SI
A34: =IF(B34=Reactivos_[[#This Row],[Cantidad LANIP]],"LANIP",IF(B34=Reactivos_[[#This Row],[Cantidad LDV]],"LDV",IF(B34=Reactivos_[[#This Row],[Cantidad LNDV]],"LNDV",IF(B34=Reactivos_[[#This Row],[GGCA]],"GGCA",IF(B34=Reactivos_[[#This Row],[Cantidad LDF]],"LDF",IF(Reactivos_[[#This Row],[Cantidad LDF&MR]],"LDF&MR",IF(B34=Reactivos_[[#This Row],[Cantidad RED LASE]],"LASE",IF(B34=Reactivos_[[#This Row],[Cantidad LANIA]],"LANIA",IF(B34=Reactivos_[[#This Row],[Cantidad SPA]],"SPA"," "))))))))) -> LANIP | B34: =MAX(Reactivos_[[#This Row],[Cantidad LANIP]],Reactivos_[[#This Row],[Cantidad LDV]],Reactivos_[[#This Row],[Cantidad LNDV]],Reactivos_[[#This Row],[GGCA]],Reactivos_[[#This Row],[Cantidad LDF]],Reactivos_[[#This Row],[Cantidad LDF&MR]],Reactivos_[[#This Row],[Cantidad RED LASE]],Reactivos_[[#This Row],[Cantidad LANIA]],Reactivos_[[#This Row],[Cantidad SPA]]) -> 1 | C34: 32 | D34: 36 | E34: Ácido L-ascórbico | F34: 50-81-7 | G34: C6H8O6 | H34: Cualquier marca | I34: Frasco x 100g | J34: =SUM(Reactivos_[[#This Row],[Cantidad LANIP]],Reactivos_[[#This Row],[Cantidad LDV]],Reactivos_[[#This Row],[Cantidad LNDV]],Reactivos_[[#This Row],[GGCA]],Reactivos_[[#This Row],[Cantidad LDF]],Reactivos_[[#This Row],[Cantidad LDF&MR]],Reactivos_[[#This Row],[Cantidad RED LASE]],Reactivos_[[#This Row],[Cantidad LANIA]],Reactivos_[[#This Row],[Cantidad SPA]]) -> 1 | K34: 293687 | L34: =+Reactivos_[[#This Row],[Cantidad]]*Reactivos_[[#This Row],[Valor de referencia]] -> 293687 | M34: 1 | N34: =+Reactivos_[[#This Row],[Valor de referencia]]*Reactivos_[[#This Row],[Cantidad LANIP]] -> 293687 | P34: =+Reactivos_[[#This Row],[Cantidad LDV]]*Reactivos_[[#This Row],[Valor de referencia]] -> 0 | R34: =+Reactivos_[[#This Row],[Cantidad LNDV]]*Reactivos_[[#This Row],[Valor de referencia]] -> 0 | T34: =+Reactivos_[[#This Row],[GGCA]]*Reactivos_[[#This Row],[Valor de referencia]] -> 0 | V34: =+Reactivos_[[#This Row],[Cantidad LDF]]*Reactivos_[[#This Row],[Valor de referencia]] -> 0 | X34: =+Reactivos_[[#This Row],[Cantidad LDF&MR]]*Reactivos_[[#This Row],[Valor de referencia]] -> 0 | Z34: =+Reactivos_[[#This Row],[Cantidad RED LASE]]*Reactivos_[[#This Row],[Valor de referencia]] -> 0 | AB34: =+Reactivos_[[#This Row],[Cantidad LANIA]]*Reactivos_[[#This Row],[Valor de referencia]] -> 0 | AD34: =+Reactivos_[[#This Row],[Cantidad SPA]]*Reactivos_[[#This Row],[Valor de referencia]] -> 0 | AE34: No aplica | AF34: SI
A35: =IF(B35=Reactivos_[[#This Row],[Cantidad LANIP]],"LANIP",IF(B35=Reactivos_[[#This Row],[Cantidad LDV]],"LDV",IF(B35=Reactivos_[[#This Row],[Cantidad LNDV]],"LNDV",IF(B35=Reactivos_[[#This Row],[GGCA]],"GGCA",IF(B35=Reactivos_[[#This Row],[Cantidad LDF]],"LDF",IF(Reactivos_[[#This Row],[Cantidad LDF&MR]],"LDF&MR",IF(B35=Reactivos_[[#This Row],[Cantidad RED LASE]],"LASE",IF(B35=Reactivos_[[#This Row],[Cantidad LANIA]],"LANIA",IF(B35=Reactivos_[[#This Row],[Cantidad SPA]],"SPA"," "))))))))) -> LDF&MR | B35: =MAX(Reactivos_[[#This Row],[Cantidad LANIP]],Reactivos_[[#This Row],[Cantidad LDV]],Reactivos_[[#This Row],[Cantidad LNDV]],Reactivos_[[#This Row],[GGCA]],Reactivos_[[#This Row],[Cantidad LDF]],Reactivos_[[#This Row],[Cantidad LDF&MR]],Reactivos_[[#This Row],[Cantidad RED LASE]],Reactivos_[[#This Row],[Cantidad LANIA]],Reactivos_[[#This Row],[Cantidad SPA]]) -> 1 | C35: 33 | D35: 37 | E35: Ácido nítrico ACS 68-70% | G35: HNO3 | H35: JT BAKER o equivalente | I35: Frasco x 2.5 litros | J35: =SUM(Reactivos_[[#This Row],[Cantidad LANIP]],Reactivos_[[#This Row],[Cantidad LDV]],Reactivos_[[#This Row],[Cantidad LNDV]],Reactivos_[[#This Row],[GGCA]],Reactivos_[[#This Row],[Cantidad LDF]],Reactivos_[[#This Row],[Cantidad LDF&MR]],Reactivos_[[#This Row],[Cantidad RED LASE]],Reactivos_[[#This Row],[Cantidad LANIA]],Reactivos_[[#This Row],[Cantidad SPA]]) -> 1 | K35: 538159 | L35: =+Reactivos_[[#This Row],[Cantidad]]*Reactivos_[[#This Row],[Valor de referencia]] -> 538159 | M35: 0 | N35: =+Reactivos_[[#This Row],[Valor de referencia]]*Reactivos_[[#This Row],[Cantidad LANIP]] -> 0 | P35: =+Reactivos_[[#This Row],[Cantidad LDV]]*Reactivos_[[#This Row],[Valor de referencia]] -> 0 | R35: =+Reactivos_[[#This Row],[Cantidad LNDV]]*Reactivos_[[#This Row],[Valor de referencia]] -> 0 | T35: =+Reactivos_[[#This Row],[GGCA]]*Reactivos_[[#This Row],[Valor de referencia]] -> 0 | V35: =+Reactivos_[[#This Row],[Cantidad LDF]]*Reactivos_[[#This Row],[Valor de referencia]] -> 0 | W35: 1 | X35: =+Reactivos_[[#This Row],[Cantidad LDF&MR]]*Reactivos_[[#This Row],[Valor de referencia]] -> 538159 | Z35: =+Reactivos_[[#This Row],[Cantidad RED LASE]]*Reactivos_[[#This Row],[Valor de referencia]] -> 0 | AB35: =+Reactivos_[[#This Row],[Cantidad LANIA]]*Reactivos_[[#This Row],[Valor de referencia]] -> 0 | AD35: =+Reactivos_[[#This Row],[Cantidad SPA]]*Reactivos_[[#This Row],[Valor de referencia]] -> 0 | AE35: No aplica | AF35: SI
A36: =IF(B36=Reactivos_[[#This Row],[Cantidad LANIP]],"LANIP",IF(B36=Reactivos_[[#This Row],[Cantidad LDV]],"LDV",IF(B36=Reactivos_[[#This Row],[Cantidad LNDV]],"LNDV",IF(B36=Reactivos_[[#This Row],[GGCA]],"GGCA",IF(B36=Reactivos_[[#This Row],[Cantidad LDF]],"LDF",IF(Reactivos_[[#This Row],[Cantidad LDF&MR]],"LDF&MR",IF(B36=Reactivos_[[#This Row],[Cantidad RED LASE]],"LASE",IF(B36=Reactivos_[[#This Row],[Cantidad LANIA]],"LANIA",IF(B36=Reactivos_[[#This Row],[Cantidad SPA]],"SPA"," "))))))))) -> LANIP | B36: =MAX(Reactivos_[[#This Row],[Cantidad LANIP]],Reactivos_[[#This Row],[Cantidad LDV]],Reactivos_[[#This Row],[Cantidad LNDV]],Reactivos_[[#This Row],[GGCA]],Reactivos_[[#This Row],[Cantidad LDF]],Reactivos_[[#This Row],[Cantidad LDF&MR]],Reactivos_[[#This Row],[Cantidad RED LASE]],Reactivos_[[#This Row],[Cantidad LANIA]],Reactivos_[[#This Row],[Cantidad SPA]]) -> 1 | C36: 34 | D36: 38 | E36: Acido Oxálico Grado reactivo | F36: 144-62-7 | G36: HOOCCOOH | H36: CDH 597665 o Merck o JT Baker o Scharlau o equivalente | I36: Frasco x 1Kg | J36: =SUM(Reactivos_[[#This Row],[Cantidad LANIP]],Reactivos_[[#This Row],[Cantidad LDV]],Reactivos_[[#This Row],[Cantidad LNDV]],Reactivos_[[#This Row],[GGCA]],Reactivos_[[#This Row],[Cantidad LDF]],Reactivos_[[#This Row],[Cantidad LDF&MR]],Reactivos_[[#This Row],[Cantidad RED LASE]],Reactivos_[[#This Row],[Cantidad LANIA]],Reactivos_[[#This Row],[Cantidad SPA]]) -> 2 | K36: 2897733 | L36: =+Reactivos_[[#This Row],[Cantidad]]*Reactivos_[[#This Row],[Valor de referencia]] -> 5795466 | M36: 1 | N36: =+Reactivos_[[#This Row],[Valor de referencia]]*Reactivos_[[#This Row],[Cantidad LANIP]] -> 2897733 | P36: =+Reactivos_[[#This Row],[Cantidad LDV]]*Reactivos_[[#This Row],[Valor de referencia]] -> 0 | Q36: 1 | R36: =+Reactivos_[[#This Row],[Cantidad LNDV]]*Reactivos_[[#This Row],[Valor de referencia]] -> 2897733 | T36: =+Reactivos_[[#This Row],[GGCA]]*Reactivos_[[#This Row],[Valor de referencia]] -> 0 | V36: =+Reactivos_[[#This Row],[Cantidad LDF]]*Reactivos_[[#This Row],[Valor de referencia]] -> 0 | X36: =+Reactivos_[[#This Row],[Cantidad LDF&MR]]*Reactivos_[[#This Row],[Valor de referencia]] -> 0 | Z36: =+Reactivos_[[#This Row],[Cantidad RED LASE]]*Reactivos_[[#This Row],[Valor de referencia]] -> 0 | AB36: =+Reactivos_[[#This Row],[Cantidad LANIA]]*Reactivos_[[#This Row],[Valor de referencia]] -> 0 | AD36: =+Reactivos_[[#This Row],[Cantidad SPA]]*Reactivos_[[#This Row],[Valor de referencia]] -> 0 | AE36: No aplica | AF36: SI
A37: =IF(B37=Reactivos_[[#This Row],[Cantidad LANIP]],"LANIP",IF(B37=Reactivos_[[#This Row],[Cantidad LDV]],"LDV",IF(B37=Reactivos_[[#This Row],[Cantidad LNDV]],"LNDV",IF(B37=Reactivos_[[#This Row],[GGCA]],"GGCA",IF(B37=Reactivos_[[#This Row],[Cantidad LDF]],"LDF",IF(Reactivos_[[#This Row],[Cantidad LDF&MR]],"LDF&MR",IF(B37=Reactivos_[[#This Row],[Cantidad RED LASE]],"LASE",IF(B37=Reactivos_[[#This Row],[Cantidad LANIA]],"LANIA",IF(B37=Reactivos_[[#This Row],[Cantidad SPA]],"SPA"," "))))))))) -> LANIA | B37: =MAX(Reactivos_[[#This Row],[Cantidad LANIP]],Reactivos_[[#This Row],[Cantidad LDV]],Reactivos_[[#This Row],[Cantidad LNDV]],Reactivos_[[#This Row],[GGCA]],Reactivos_[[#This Row],[Cantidad LDF]],Reactivos_[[#This Row],[Cantidad LDF&MR]],Reactivos_[[#This Row],[Cantidad RED LASE]],Reactivos_[[#This Row],[Cantidad LANIA]],Reactivos_[[#This Row],[Cantidad SPA]]) -> 4 | C37: 35 | D37: 39 | E37: Acido perclórico, reactivo analítico, concentración 60 a 72% | F37: 7601-90-3 | H37: MACRON o equivalente | I37: Frasco 1 a 2.5 litros | J37: =SUM(Reactivos_[[#This Row],[Cantidad LANIP]],Reactivos_[[#This Row],[Cantidad LDV]],Reactivos_[[#This Row],[Cantidad LNDV]],Reactivos_[[#This Row],[GGCA]],Reactivos_[[#This Row],[Cantidad LDF]],Reactivos_[[#This Row],[Cantidad LDF&MR]],Reactivos_[[#This Row],[Cantidad RED LASE]],Reactivos_[[#This Row],[Cantidad LANIA]],Reactivos_[[#This Row],[Cantidad SPA]]) -> 4 | K37: 2774716 | L37: =+Reactivos_[[#This Row],[Cantidad]]*Reactivos_[[#This Row],[Valor de referencia]] -> 11098864 | M37: 0 | N37: =+Reactivos_[[#This Row],[Valor de referencia]]*Reactivos_[[#This Row],[Cantidad LANIP]] -> 0 | P37: =+Reactivos_[[#This Row],[Cantidad LDV]]*Reactivos_[[#This Row],[Valor de referencia]] -> 0 | R37: =+Reactivos_[[#This Row],[Cantidad LNDV]]*Reactivos_[[#This Row],[Valor de referencia]] -> 0 | T37: =+Reactivos_[[#This Row],[GGCA]]*Reactivos_[[#This Row],[Valor de referencia]] -> 0 | V37: =+Reactivos_[[#This Row],[Cantidad LDF]]*Reactivos_[[#This Row],[Valor de referencia]] -> 0 | X37: =+Reactivos_[[#This Row],[Cantidad LDF&MR]]*Reactivos_[[#This Row],[Valor de referencia]] -> 0 | Z37: =+Reactivos_[[#This Row],[Cantidad RED LASE]]*Reactivos_[[#This Row],[Valor de referencia]] -> 0 | AA37: 4 | AB37: =+Reactivos_[[#This Row],[Cantidad LANIA]]*Reactivos_[[#This Row],[Valor de referencia]] -> 11098864 | AD37: =+Reactivos_[[#This Row],[Cantidad SPA]]*Reactivos_[[#This Row],[Valor de referencia]] -> 0 | AE37: No aplica | AF37: SI
A38: =IF(B38=Reactivos_[[#This Row],[Cantidad LANIP]],"LANIP",IF(B38=Reactivos_[[#This Row],[Cantidad LDV]],"LDV",IF(B38=Reactivos_[[#This Row],[Cantidad LNDV]],"LNDV",IF(B38=Reactivos_[[#This Row],[GGCA]],"GGCA",IF(B38=Reactivos_[[#This Row],[Cantidad LDF]],"LDF",IF(Reactivos_[[#This Row],[Cantidad LDF&MR]],"LDF&MR",IF(B38=Reactivos_[[#This Row],[Cantidad RED LASE]],"LASE",IF(B38=Reactivos_[[#This Row],[Cantidad LANIA]],"LANIA",IF(B38=Reactivos_[[#This Row],[Cantidad SPA]],"SPA"," "))))))))) -> LNDV | B38: =MAX(Reactivos_[[#This Row],[Cantidad LANIP]],Reactivos_[[#This Row],[Cantidad LDV]],Reactivos_[[#This Row],[Cantidad LNDV]],Reactivos_[[#This Row],[GGCA]],Reactivos_[[#This Row],[Cantidad LDF]],Reactivos_[[#This Row],[Cantidad LDF&MR]],Reactivos_[[#This Row],[Cantidad RED LASE]],Reactivos_[[#This Row],[Cantidad LANIA]],Reactivos_[[#This Row],[Cantidad SPA]]) -> 1 | C38: 36 | D38: 40 | E38: Ácido peryódico | F38: 10450-60-9 | G38: H₅I O₆ | H38: JT BAKER o Merck o equivalente | I38: Frasco x 25g | J38: =SUM(Reactivos_[[#This Row],[Cantidad LANIP]],Reactivos_[[#This Row],[Cantidad LDV]],Reactivos_[[#This Row],[Cantidad LNDV]],Reactivos_[[#This Row],[GGCA]],Reactivos_[[#This Row],[Cantidad LDF]],Reactivos_[[#This Row],[Cantidad LDF&MR]],Reactivos_[[#This Row],[Cantidad RED LASE]],Reactivos_[[#This Row],[Cantidad LANIA]],Reactivos_[[#This Row],[Cantidad SPA]]) -> 2 | K38: 1339121 | L38: =+Reactivos_[[#This Row],[Cantidad]]*Reactivos_[[#This Row],[Valor de referencia]] -> 2678242 | M38: 0 | N38: =+Reactivos_[[#This Row],[Valor de referencia]]*Reactivos_[[#This Row],[Cantidad LANIP]] -> 0 | P38: =+Reactivos_[[#This Row],[Cantidad LDV]]*Reactivos_[[#This Row],[Valor de referencia]] -> 0 | Q38: 1 | R38: =+Reactivos_[[#This Row],[Cantidad LNDV]]*Reactivos_[[#This Row],[Valor de referencia]] -> 1339121 | T38: =+Reactivos_[[#This Row],[GGCA]]*Reactivos_[[#This Row],[Valor de referencia]] -> 0 | V38: =+Reactivos_[[#This Row],[Cantidad LDF]]*Reactivos_[[#This Row],[Valor de referencia]] -> 0 | X38: =+Reactivos_[[#This Row],[Cantidad LDF&MR]]*Reactivos_[[#This Row],[Valor de referencia]] -> 0 | Z38: =+Reactivos_[[#This Row],[Cantidad RED LASE]]*Reactivos_[[#This Row],[Valor de referencia]] -> 0 | AA38: 1 | AB38: =+Reactivos_[[#This Row],[Cantidad LANIA]]*Reactivos_[[#This Row],[Valor de referencia]] -> 1339121 | AD38: =+Reactivos_[[#This Row],[Cantidad SPA]]*Reactivos_[[#This Row],[Valor de referencia]] -> 0 | AE38: No aplica | AF38: SI
A39: =IF(B39=Reactivos_[[#This Row],[Cantidad LANIP]],"LANIP",IF(B39=Reactivos_[[#This Row],[Cantidad LDV]],"LDV",IF(B39=Reactivos_[[#This Row],[Cantidad LNDV]],"LNDV",IF(B39=Reactivos_[[#This Row],[GGCA]],"GGCA",IF(B39=Reactivos_[[#This Row],[Cantidad LDF]],"LDF",IF(Reactivos_[[#This Row],[Cantidad LDF&MR]],"LDF&MR",IF(B39=Reactivos_[[#This Row],[Cantidad RED LASE]],"LASE",IF(B39=Reactivos_[[#This Row],[Cantidad LANIA]],"LANIA",IF(B39=Reactivos_[[#This Row],[Cantidad SPA]],"SPA"," "))))))))) -> LNDV | B39: =MAX(Reactivos_[[#This Row],[Cantidad LANIP]],Reactivos_[[#This Row],[Cantidad LDV]],Reactivos_[[#This Row],[Cantidad LNDV]],Reactivos_[[#This Row],[GGCA]],Reactivos_[[#This Row],[Cantidad LDF]],Reactivos_[[#This Row],[Cantidad LDF&MR]],Reactivos_[[#This Row],[Cantidad RED LASE]],Reactivos_[[#This Row],[Cantidad LANIA]],Reactivos_[[#This Row],[Cantidad SPA]]) -> 1 | C39: 37 | D39: 41 | E39: Acido Pícrico | F39: 88-89-1 | G39: (O2N)3C6H2OH | H39: SIGMA 197378-100G o Merck o JT Baker | I39: Frasco x 100 g | J39: =SUM(Reactivos_[[#This Row],[Cantidad LANIP]],Reactivos_[[#This Row],[Cantidad LDV]],Reactivos_[[#This Row],[Cantidad LNDV]],Reactivos_[[#This Row],[GGCA]],Reactivos_[[#This Row],[Cantidad LDF]],Reactivos_[[#This Row],[Cantidad LDF&MR]],Reactivos_[[#This Row],[Cantidad RED LASE]],Reactivos_[[#This Row],[Cantidad LANIA]],Reactivos_[[#This Row],[Cantidad SPA]]) -> 2 | K39: 539123 | L39: =+Reactivos_[[#This Row],[Cantidad]]*Reactivos_[[#This Row],[Valor de referencia]] -> 1078246 | M39: 0 | N39: =+Reactivos_[[#This Row],[Valor de referencia]]*Reactivos_[[#This Row],[Cantidad LANIP]] -> 0 | P39: =+Reactivos_[[#This Row],[Cantidad LDV]]*Reactivos_[[#This Row],[Valor de referencia]] -> 0 | Q39: 1 | R39: =+Reactivos_[[#This Row],[Cantidad LNDV]]*Reactivos_[[#This Row],[Valor de referencia]] -> 539123 | T39: =+Reactivos_[[#This Row],[GGCA]]*Reactivos_[[#This Row],[Valor de referencia]] -> 0 | V39: =+Reactivos_[[#This Row],[Cantidad LDF]]*Reactivos_[[#This Row],[Valor de referencia]] -> 0 | W39: 1 | X39: =+Reactivos_[[#This Row],[Cantidad LDF&MR]]*Reactivos_[[#This Row],[Valor de referencia]] -> 539123 | Z39: =+Reactivos_[[#This Row],[Cantidad RED LASE]]*Reactivos_[[#This Row],[Valor de referencia]] -> 0 | AB39: =+Reactivos_[[#This Row],[Cantidad LANIA]]*Reactivos_[[#This Row],[Valor de referencia]] -> 0 | AD39: =+Reactivos_[[#This Row],[Cantidad SPA]]*Reactivos_[[#This Row],[Valor de referencia]] -> 0 | AE39: No aplica | AF39: SI
A40: =IF(B40=Reactivos_[[#This Row],[Cantidad LANIP]],"LANIP",IF(B40=Reactivos_[[#This Row],[Cantidad LDV]],"LDV",IF(B40=Reactivos_[[#This Row],[Cantidad LNDV]],"LNDV",IF(B40=Reactivos_[[#This Row],[GGCA]],"GGCA",IF(B40=Reactivos_[[#This Row],[Cantidad LDF]],"LDF",IF(Reactivos_[[#This Row],[Cantidad LDF&MR]],"LDF&MR",IF(B40=Reactivos_[[#This Row],[Cantidad RED LASE]],"LASE",IF(B40=Reactivos_[[#This Row],[Cantidad LANIA]],"LANIA",IF(B40=Reactivos_[[#This Row],[Cantidad SPA]],"SPA"," "))))))))) -> LDF&MR | B40: =MAX(Reactivos_[[#This Row],[Cantidad LANIP]],Reactivos_[[#This Row],[Cantidad LDV]],Reactivos_[[#This Row],[Cantidad LNDV]],Reactivos_[[#This Row],[GGCA]],Reactivos_[[#This Row],[Cantidad LDF]],Reactivos_[[#This Row],[Cantidad LDF&MR]],Reactivos_[[#This Row],[Cantidad RED LASE]],Reactivos_[[#This Row],[Cantidad LANIA]],Reactivos_[[#This Row],[Cantidad SPA]]) -> 1 | C40: 38 | D40: 42 | E40: Ácido sulfamico M.W 97,09 | H40: MOL LABS | I40: Frasco x 100 g | J40: =SUM(Reactivos_[[#This Row],[Cantidad LANIP]],Reactivos_[[#This Row],[Cantidad LDV]],Reactivos_[[#This Row],[Cantidad LNDV]],Reactivos_[[#This Row],[GGCA]],Reactivos_[[#This Row],[Cantidad LDF]],Reactivos_[[#This Row],[Cantidad LDF&MR]],Reactivos_[[#This Row],[Cantidad RED LASE]],Reactivos_[[#This Row],[Cantidad LANIA]],Reactivos_[[#This Row],[Cantidad SPA]]) -> 1 | K40: 502775 | L40: =+Reactivos_[[#This Row],[Cantidad]]*Reactivos_[[#This Row],[Valor de referencia]] -> 502775 | M40: 0 | N40: =+Reactivos_[[#This Row],[Valor de referencia]]*Reactivos_[[#This Row],[Cantidad LANIP]] -> 0 | P40: =+Reactivos_[[#This Row],[Cantidad LDV]]*Reactivos_[[#This Row],[Valor de referencia]] -> 0 | R40: =+Reactivos_[[#This Row],[Cantidad LNDV]]*Reactivos_[[#This Row],[Valor de referencia]] -> 0 | T40: =+Reactivos_[[#This Row],[GGCA]]*Reactivos_[[#This Row],[Valor de referencia]] -> 0 | V40: =+Reactivos_[[#This Row],[Cantidad LDF]]*Reactivos_[[#This Row],[Valor de referencia]] -> 0 | W40: 1 | X40: =+Reactivos_[[#This Row],[Cantidad LDF&MR]]*Reactivos_[[#This Row],[Valor de referencia]] -> 502775 | Z40: =+Reactivos_[[#This Row],[Cantidad RED LASE]]*Reactivos_[[#This Row],[Valor de referencia]] -> 0 | AB40: =+Reactivos_[[#This Row],[Cantidad LANIA]]*Reactivos_[[#This Row],[Valor de referencia]] -> 0 | AD40: =+Reactivos_[[#This Row],[Cantidad SPA]]*Reactivos_[[#This Row],[Valor de referencia]] -> 0 | AE40: No aplica | AF40: SI
A41: =IF(B41=Reactivos_[[#This Row],[Cantidad LANIP]],"LANIP",IF(B41=Reactivos_[[#This Row],[Cantidad LDV]],"LDV",IF(B41=Reactivos_[[#This Row],[Cantidad LNDV]],"LNDV",IF(B41=Reactivos_[[#This Row],[GGCA]],"GGCA",IF(B41=Reactivos_[[#This Row],[Cantidad LDF]],"LDF",IF(Reactivos_[[#This Row],[Cantidad LDF&MR]],"LDF&MR",IF(B41=Reactivos_[[#This Row],[Cantidad RED LASE]],"LASE",IF(B41=Reactivos_[[#This Row],[Cantidad LANIA]],"LANIA",IF(B41=Reactivos_[[#This Row],[Cantidad SPA]],"SPA"," "))))))))) -> LANIP | B41: =MAX(Reactivos_[[#This Row],[Cantidad LANIP]],Reactivos_[[#This Row],[Cantidad LDV]],Reactivos_[[#This Row],[Cantidad LNDV]],Reactivos_[[#This Row],[GGCA]],Reactivos_[[#This Row],[Cantidad LDF]],Reactivos_[[#This Row],[Cantidad LDF&MR]],Reactivos_[[#This Row],[Cantidad RED LASE]],Reactivos_[[#This Row],[Cantidad LANIA]],Reactivos_[[#This Row],[Cantidad SPA]]) -> 1 | C41: 39 | D41: 43 | E41: Ácido sulfúrico 97-98% analítico | G41: H2SO4 | H41: MERCK | I41: Frasco x 2.5 litros | J41: =SUM(Reactivos_[[#This Row],[Cantidad LANIP]],Reactivos_[[#This Row],[Cantidad LDV]],Reactivos_[[#This Row],[Cantidad LNDV]],Reactivos_[[#This Row],[GGCA]],Reactivos_[[#This Row],[Cantidad LDF]],Reactivos_[[#This Row],[Cantidad LDF&MR]],Reactivos_[[#This Row],[Cantidad RED LASE]],Reactivos_[[#This Row],[Cantidad LANIA]],Reactivos_[[#This Row],[Cantidad SPA]]) -> 1 | K41: 387382 | L41: =+Reactivos_[[#This Row],[Cantidad]]*Reactivos_[[#This Row],[Valor de referencia]] -> 387382 | M41: 1 | N41: =+Reactivos_[[#This Row],[Valor de referencia]]*Reactivos_[[#This Row],[Cantidad LANIP]] -> 387382 | P41: =+Reactivos_[[#This Row],[Cantidad LDV]]*Reactivos_[[#This Row],[Valor de referencia]] -> 0 | R41: =+Reactivos_[[#This Row],[Cantidad LNDV]]*Reactivos_[[#This Row],[Valor de referencia]] -> 0 | T41: =+Reactivos_[[#This Row],[GGCA]]*Reactivos_[[#This Row],[Valor de referencia]] -> 0 | V41: =+Reactivos_[[#This Row],[Cantidad LDF]]*Reactivos_[[#This Row],[Valor de referencia]] -> 0 | X41: =+Reactivos_[[#This Row],[Cantidad LDF&MR]]*Reactivos_[[#This Row],[Valor de referencia]] -> 0 | Z41: =+Reactivos_[[#This Row],[Cantidad RED LASE]]*Reactivos_[[#This Row],[Valor de referencia]] -> 0 | AB41: =+Reactivos_[[#This Row],[Cantidad LANIA]]*Reactivos_[[#This Row],[Valor de referencia]] -> 0 | AD41: =+Reactivos_[[#This Row],[Cantidad SPA]]*Reactivos_[[#This Row],[Valor de referencia]] -> 0 | AE41: SI | AF41: SI
A42: =IF(B42=Reactivos_[[#This Row],[Cantidad LANIP]],"LANIP",IF(B42=Reactivos_[[#This Row],[Cantidad LDV]],"LDV",IF(B42=Reactivos_[[#This Row],[Cantidad LNDV]],"LNDV",IF(B42=Reactivos_[[#This Row],[GGCA]],"GGCA",IF(B42=Reactivos_[[#This Row],[Cantidad LDF]],"LDF",IF(Reactivos_[[#This Row],[Cantidad LDF&MR]],"LDF&MR",IF(B42=Reactivos_[[#This Row],[Cantidad RED LASE]],"LASE",IF(B42=Reactivos_[[#This Row],[Cantidad LANIA]],"LANIA",IF(B42=Reactivos_[[#This Row],[Cantidad SPA]],"SPA"," "))))))))) -> LNDV | B42: =MAX(Reactivos_[[#This Row],[Cantidad LANIP]],Reactivos_[[#This Row],[Cantidad LDV]],Reactivos_[[#This Row],[Cantidad LNDV]],Reactivos_[[#This Row],[GGCA]],Reactivos_[[#This Row],[Cantidad LDF]],Reactivos_[[#This Row],[Cantidad LDF&MR]],Reactivos_[[#This Row],[Cantidad RED LASE]],Reactivos_[[#This Row],[Cantidad LANIA]],Reactivos_[[#This Row],[Cantidad SPA]]) -> 1 | C42: 40 | D42: 44 | E42: ADN para cultivo de mycoplasma (Deoxyribonucleic acid sodium salt from calf thymus) | F42: 73049-39-5 | H42: sigma D1501 | I42: 100MG | J42: =SUM(Reactivos_[[#This Row],[Cantidad LANIP]],Reactivos_[[#This Row],[Cantidad LDV]],Reactivos_[[#This Row],[Cantidad LNDV]],Reactivos_[[#This Row],[GGCA]],Reactivos_[[#This Row],[Cantidad LDF]],Reactivos_[[#This Row],[Cantidad LDF&MR]],Reactivos_[[#This Row],[Cantidad RED LASE]],Reactivos_[[#This Row],[Cantidad LANIA]],Reactivos_[[#This Row],[Cantidad SPA]]) -> 1 | K42: 635639 | L42: =+Reactivos_[[#This Row],[Cantidad]]*Reactivos_[[#This Row],[Valor de referencia]] -> 635639 | M42: 0 | N42: =+Reactivos_[[#This Row],[Valor de referencia]]*Reactivos_[[#This Row],[Cantidad LANIP]] -> 0 | P42: =+Reactivos_[[#This Row],[Cantidad LDV]]*Reactivos_[[#This Row],[Valor de referencia]] -> 0 | Q42: 1 | R42: =+Reactivos_[[#This Row],[Cantidad LNDV]]*Reactivos_[[#This Row],[Valor de referencia]] -> 635639 | T42: =+Reactivos_[[#This Row],[GGCA]]*Reactivos_[[#This Row],[Valor de referencia]] -> 0 | V42: =+Reactivos_[[#This Row],[Cantidad LDF]]*Reactivos_[[#This Row],[Valor de referencia]] -> 0 | X42: =+Reactivos_[[#This Row],[Cantidad LDF&MR]]*Reactivos_[[#This Row],[Valor de referencia]] -> 0 | Z42: =+Reactivos_[[#This Row],[Cantidad RED LASE]]*Reactivos_[[#This Row],[Valor de referencia]] -> 0 | AB42: =+Reactivos_[[#This Row],[Cantidad LANIA]]*Reactivos_[[#This Row],[Valor de referencia]] -> 0 | AD42: =+Reactivos_[[#This Row],[Cantidad SPA]]*Reactivos_[[#This Row],[Valor de referencia]] -> 0 | AE42: No aplica | AF42: SI
A43: =IF(B43=Reactivos_[[#This Row],[Cantidad LANIP]],"LANIP",IF(B43=Reactivos_[[#This Row],[Cantidad LDV]],"LDV",IF(B43=Reactivos_[[#This Row],[Cantidad LNDV]],"LNDV",IF(B43=Reactivos_[[#This Row],[GGCA]],"GGCA",IF(B43=Reactivos_[[#This Row],[Cantidad LDF]],"LDF",IF(Reactivos_[[#This Row],[Cantidad LDF&MR]],"LDF&MR",IF(B43=Reactivos_[[#This Row],[Cantidad RED LASE]],"LASE",IF(B43=Reactivos_[[#This Row],[Cantidad LANIA]],"LANIA",IF(B43=Reactivos_[[#This Row],[Cantidad SPA]],"SPA"," "))))))))) -> LANIP | B43: =MAX(Reactivos_[[#This Row],[Cantidad LANIP]],Reactivos_[[#This Row],[Cantidad LDV]],Reactivos_[[#This Row],[Cantidad LNDV]],Reactivos_[[#This Row],[GGCA]],Reactivos_[[#This Row],[Cantidad LDF]],Reactivos_[[#This Row],[Cantidad LDF&MR]],Reactivos_[[#This Row],[Cantidad RED LASE]],Reactivos_[[#This Row],[Cantidad LANIA]],Reactivos_[[#This Row],[Cantidad SPA]]) -> 2 | C43: 41 | D43: 46 | E43: Agar MRS | H43: SCHARLAU o equivalente | I43: Frasco x 500 g | J43: =SUM(Reactivos_[[#This Row],[Cantidad LANIP]],Reactivos_[[#This Row],[Cantidad LDV]],Reactivos_[[#This Row],[Cantidad LNDV]],Reactivos_[[#This Row],[GGCA]],Reactivos_[[#This Row],[Cantidad LDF]],Reactivos_[[#This Row],[Cantidad LDF&MR]],Reactivos_[[#This Row],[Cantidad RED LASE]],Reactivos_[[#This Row],[Cantidad LANIA]],Reactivos_[[#This Row],[Cantidad SPA]]) -> 4 | K43: 508965 | L43: =+Reactivos_[[#This Row],[Cantidad]]*Reactivos_[[#This Row],[Valor de referencia]] -> 2035860 | M43: 2 | N43: =+Reactivos_[[#This Row],[Valor de referencia]]*Reactivos_[[#This Row],[Cantidad LANIP]] -> 1017930 | P43: =+Reactivos_[[#This Row],[Cantidad LDV]]*Reactivos_[[#This Row],[Valor de referencia]] -> 0 | R43: =+Reactivos_[[#This Row],[Cantidad LNDV]]*Reactivos_[[#This Row],[Valor de referencia]] -> 0 | T43: =+Reactivos_[[#This Row],[GGCA]]*Reactivos_[[#This Row],[Valor de referencia]] -> 0 | V43: =+Reactivos_[[#This Row],[Cantidad LDF]]*Reactivos_[[#This Row],[Valor de referencia]] -> 0 | X43: =+Reactivos_[[#This Row],[Cantidad LDF&MR]]*Reactivos_[[#This Row],[Valor de referencia]] -> 0 | Z43: =+Reactivos_[[#This Row],[Cantidad RED LASE]]*Reactivos_[[#This Row],[Valor de referencia]] -> 0 | AA43: 2 | AB43: =+Reactivos_[[#This Row],[Cantidad LANIA]]*Reactivos_[[#This Row],[Valor de referencia]] -> 1017930 | AD43: =+Reactivos_[[#This Row],[Cantidad SPA]]*Reactivos_[[#This Row],[Valor de referencia]] -> 0 | AE43: No aplica | AF43: SI
A44: =IF(B44=Reactivos_[[#This Row],[Cantidad LANIP]],"LANIP",IF(B44=Reactivos_[[#This Row],[Cantidad LDV]],"LDV",IF(B44=Reactivos_[[#This Row],[Cantidad LNDV]],"LNDV",IF(B44=Reactivos_[[#This Row],[GGCA]],"GGCA",IF(B44=Reactivos_[[#This Row],[Cantidad LDF]],"LDF",IF(Reactivos_[[#This Row],[Cantidad LDF&MR]],"LDF&MR",IF(B44=Reactivos_[[#This Row],[Cantidad RED LASE]],"LASE",IF(B44=Reactivos_[[#This Row],[Cantidad LANIA]],"LANIA",IF(B44=Reactivos_[[#This Row],[Cantidad SPA]],"SPA"," "))))))))) -> LANIP | B44: =MAX(Reactivos_[[#This Row],[Cantidad LANIP]],Reactivos_[[#This Row],[Cantidad LDV]],Reactivos_[[#This Row],[Cantidad LNDV]],Reactivos_[[#This Row],[GGCA]],Reactivos_[[#This Row],[Cantidad LDF]],Reactivos_[[#This Row],[Cantidad LDF&MR]],Reactivos_[[#This Row],[Cantidad RED LASE]],Reactivos_[[#This Row],[Cantidad LANIA]],Reactivos_[[#This Row],[Cantidad SPA]]) -> 3 | C44: 42 | D44: 47 | E44: Agar Antibiótico # 8 | H44: CONDALAB 1004, merck o equivalente | I44: Frasco x 500 g | J44: =SUM(Reactivos_[[#This Row],[Cantidad LANIP]],Reactivos_[[#This Row],[Cantidad LDV]],Reactivos_[[#This Row],[Cantidad LNDV]],Reactivos_[[#This Row],[GGCA]],Reactivos_[[#This Row],[Cantidad LDF]],Reactivos_[[#This Row],[Cantidad LDF&MR]],Reactivos_[[#This Row],[Cantidad RED LASE]],Reactivos_[[#This Row],[Cantidad LANIA]],Reactivos_[[#This Row],[Cantidad SPA]]) -> 3 | K44: 813760 | L44: =+Reactivos_[[#This Row],[Cantidad]]*Reactivos_[[#This Row],[Valor de referencia]] -> 2441280 | M44: 3 | N44: =+Reactivos_[[#This Row],[Valor de referencia]]*Reactivos_[[#This Row],[Cantidad LANIP]] -> 2441280 | P44: =+Reactivos_[[#This Row],[Cantidad LDV]]*Reactivos_[[#This Row],[Valor de referencia]] -> 0 | R44: =+Reactivos_[[#This Row],[Cantidad LNDV]]*Reactivos_[[#This Row],[Valor de referencia]] -> 0 | T44: =+Reactivos_[[#This Row],[GGCA]]*Reactivos_[[#This Row],[Valor de referencia]] -> 0 | V44: =+Reactivos_[[#This Row],[Cantidad LDF]]*Reactivos_[[#This Row],[Valor de referencia]] -> 0 | X44: =+Reactivos_[[#This Row],[Cantidad LDF&MR]]*Reactivos_[[#This Row],[Valor de referencia]] -> 0 | Z44: =+Reactivos_[[#This Row],[Cantidad RED LASE]]*Reactivos_[[#This Row],[Valor de referencia]] -> 0 | AB44: =+Reactivos_[[#This Row],[Cantidad LANIA]]*Reactivos_[[#This Row],[Valor de referencia]] -> 0 | AD44: =+Reactivos_[[#This Row],[Cantidad SPA]]*Reactivos_[[#This Row],[Valor de referencia]] -> 0 | AE44: No aplica | AF44: SI
A45: =IF(B45=Reactivos_[[#This Row],[Cantidad LANIP]],"LANIP",IF(B45=Reactivos_[[#This Row],[Cantidad LDV]],"LDV",IF(B45=Reactivos_[[#This Row],[Cantidad LNDV]],"LNDV",IF(B45=Reactivos_[[#This Row],[GGCA]],"GGCA",IF(B45=Reactivos_[[#This Row],[Cantidad LDF]],"LDF",IF(Reactivos_[[#This Row],[Cantidad LDF&MR]],"LDF&MR",IF(B45=Reactivos_[[#This Row],[Cantidad RED LASE]],"LASE",IF(B45=Reactivos_[[#This Row],[Cantidad LANIA]],"LANIA",IF(B45=Reactivos_[[#This Row],[Cantidad SPA]],"SPA"," "))))))))) -> LANIP | B45: =MAX(Reactivos_[[#This Row],[Cantidad LANIP]],Reactivos_[[#This Row],[Cantidad LDV]],Reactivos_[[#This Row],[Cantidad LNDV]],Reactivos_[[#This Row],[GGCA]],Reactivos_[[#This Row],[Cantidad LDF]],Reactivos_[[#This Row],[Cantidad LDF&MR]],Reactivos_[[#This Row],[Cantidad RED LASE]],Reactivos_[[#This Row],[Cantidad LANIA]],Reactivos_[[#This Row],[Cantidad SPA]]) -> 1 | C45: 43 | D45: 48 | E45: Agar antibiotico #1 | H45: CONDALAB 1520, merck o equivalentes | I45: Frasco x 500 g | J45: =SUM(Reactivos_[[#This Row],[Cantidad LANIP]],Reactivos_[[#This Row],[Cantidad LDV]],Reactivos_[[#This Row],[Cantidad LNDV]],Reactivos_[[#This Row],[GGCA]],Reactivos_[[#This Row],[Cantidad LDF]],Reactivos_[[#This Row],[Cantidad LDF&MR]],Reactivos_[[#This Row],[Cantidad RED LASE]],Reactivos_[[#This Row],[Cantidad LANIA]],Reactivos_[[#This Row],[Cantidad SPA]]) -> 1 | K45: 687874 | L45: =+Reactivos_[[#This Row],[Cantidad]]*Reactivos_[[#This Row],[Valor de referencia]] -> 687874 | M45: 1 | N45: =+Reactivos_[[#This Row],[Valor de referencia]]*Reactivos_[[#This Row],[Cantidad LANIP]] -> 687874 | P45: =+Reactivos_[[#This Row],[Cantidad LDV]]*Reactivos_[[#This Row],[Valor de referencia]] -> 0 | R45: =+Reactivos_[[#This Row],[Cantidad LNDV]]*Reactivos_[[#This Row],[Valor de referencia]] -> 0 | T45: =+Reactivos_[[#This Row],[GGCA]]*Reactivos_[[#This Row],[Valor de referencia]] -> 0 | V45: =+Reactivos_[[#This Row],[Cantidad LDF]]*Reactivos_[[#This Row],[Valor de referencia]] -> 0 | X45: =+Reactivos_[[#This Row],[Cantidad LDF&MR]]*Reactivos_[[#This Row],[Valor de referencia]] -> 0 | Z45: =+Reactivos_[[#This Row],[Cantidad RED LASE]]*Reactivos_[[#This Row],[Valor de referencia]] -> 0 | AB45: =+Reactivos_[[#This Row],[Cantidad LANIA]]*Reactivos_[[#This Row],[Valor de referencia]] -> 0 | AD45: =+Reactivos_[[#This Row],[Cantidad SPA]]*Reactivos_[[#This Row],[Valor de referencia]] -> 0 | AE45: No aplica | AF45: SI
A46: =IF(B46=Reactivos_[[#This Row],[Cantidad LANIP]],"LANIP",IF(B46=Reactivos_[[#This Row],[Cantidad LDV]],"LDV",IF(B46=Reactivos_[[#This Row],[Cantidad LNDV]],"LNDV",IF(B46=Reactivos_[[#This Row],[GGCA]],"GGCA",IF(B46=Reactivos_[[#This Row],[Cantidad LDF]],"LDF",IF(Reactivos_[[#This Row],[Cantidad LDF&MR]],"LDF&MR",IF(B46=Reactivos_[[#This Row],[Cantidad RED LASE]],"LASE",IF(B46=Reactivos_[[#This Row],[Cantidad LANIA]],"LANIA",IF(B46=Reactivos_[[#This Row],[Cantidad SPA]],"SPA"," "))))))))) -> LANIP | B46: =MAX(Reactivos_[[#This Row],[Cantidad LANIP]],Reactivos_[[#This Row],[Cantidad LDV]],Reactivos_[[#This Row],[Cantidad LNDV]],Reactivos_[[#This Row],[GGCA]],Reactivos_[[#This Row],[Cantidad LDF]],Reactivos_[[#This Row],[Cantidad LDF&MR]],Reactivos_[[#This Row],[Cantidad RED LASE]],Reactivos_[[#This Row],[Cantidad LANIA]],Reactivos_[[#This Row],[Cantidad SPA]]) -> 1 | C46: 44 | D46: 49 | E46: Agar antibiotico #11 | H46: CONDALAB 1528 o equivalente | I46: Frasco x 500 g | J46: =SUM(Reactivos_[[#This Row],[Cantidad LANIP]],Reactivos_[[#This Row],[Cantidad LDV]],Reactivos_[[#This Row],[Cantidad LNDV]],Reactivos_[[#This Row],[GGCA]],Reactivos_[[#This Row],[Cantidad LDF]],Reactivos_[[#This Row],[Cantidad LDF&MR]],Reactivos_[[#This Row],[Cantidad RED LASE]],Reactivos_[[#This Row],[Cantidad LANIA]],Reactivos_[[#This Row],[Cantidad SPA]]) -> 1 | K46: 729269 | L46: =+Reactivos_[[#This Row],[Cantidad]]*Reactivos_[[#This Row],[Valor de referencia]] -> 729269 | M46: 1 | N46: =+Reactivos_[[#This Row],[Valor de referencia]]*Reactivos_[[#This Row],[Cantidad LANIP]] -> 729269 | P46: =+Reactivos_[[#This Row],[Cantidad LDV]]*Reactivos_[[#This Row],[Valor de referencia]] -> 0 | R46: =+Reactivos_[[#This Row],[Cantidad LNDV]]*Reactivos_[[#This Row],[Valor de referencia]] -> 0 | T46: =+Reactivos_[[#This Row],[GGCA]]*Reactivos_[[#This Row],[Valor de referencia]] -> 0 | V46: =+Reactivos_[[#This Row],[Cantidad LDF]]*Reactivos_[[#This Row],[Valor de referencia]] -> 0 | X46: =+Reactivos_[[#This Row],[Cantidad LDF&MR]]*Reactivos_[[#This Row],[Valor de referencia]] -> 0 | Z46: =+Reactivos_[[#This Row],[Cantidad RED LASE]]*Reactivos_[[#This Row],[Valor de referencia]] -> 0 | AB46: =+Reactivos_[[#This Row],[Cantidad LANIA]]*Reactivos_[[#This Row],[Valor de referencia]] -> 0 | AD46: =+Reactivos_[[#This Row],[Cantidad SPA]]*Reactivos_[[#This Row],[Valor de referencia]] -> 0 | AE46: No aplica | AF46: SI
A47: =IF(B47=Reactivos_[[#This Row],[Cantidad LANIP]],"LANIP",IF(B47=Reactivos_[[#This Row],[Cantidad LDV]],"LDV",IF(B47=Reactivos_[[#This Row],[Cantidad LNDV]],"LNDV",IF(B47=Reactivos_[[#This Row],[GGCA]],"GGCA",IF(B47=Reactivos_[[#This Row],[Cantidad LDF]],"LDF",IF(Reactivos_[[#This Row],[Cantidad LDF&MR]],"LDF&MR",IF(B47=Reactivos_[[#This Row],[Cantidad RED LASE]],"LASE",IF(B47=Reactivos_[[#This Row],[Cantidad LANIA]],"LANIA",IF(B47=Reactivos_[[#This Row],[Cantidad SPA]],"SPA"," "))))))))) -> LDF | B47: =MAX(Reactivos_[[#This Row],[Cantidad LANIP]],Reactivos_[[#This Row],[Cantidad LDV]],Reactivos_[[#This Row],[Cantidad LNDV]],Reactivos_[[#This Row],[GGCA]],Reactivos_[[#This Row],[Cantidad LDF]],Reactivos_[[#This Row],[Cantidad LDF&MR]],Reactivos_[[#This Row],[Cantidad RED LASE]],Reactivos_[[#This Row],[Cantidad LANIA]],Reactivos_[[#This Row],[Cantidad SPA]]) -> 4 | C47: 45 | D47: 50 | E47: Agar avena | H47: CONDALAB Ref: 2060 o equivalente | I47: Frasco x 500g | J47: =SUM(Reactivos_[[#This Row],[Cantidad LANIP]],Reactivos_[[#This Row],[Cantidad LDV]],Reactivos_[[#This Row],[Cantidad LNDV]],Reactivos_[[#This Row],[GGCA]],Reactivos_[[#This Row],[Cantidad LDF]],Reactivos_[[#This Row],[Cantidad LDF&MR]],Reactivos_[[#This Row],[Cantidad RED LASE]],Reactivos_[[#This Row],[Cantidad LANIA]],Reactivos_[[#This Row],[Cantidad SPA]]) -> 4 | K47: 563732 | L47: =+Reactivos_[[#This Row],[Cantidad]]*Reactivos_[[#This Row],[Valor de referencia]] -> 2254928 | M47: 0 | N47: =+Reactivos_[[#This Row],[Valor de referencia]]*Reactivos_[[#This Row],[Cantidad LANIP]] -> 0 | P47: =+Reactivos_[[#This Row],[Cantidad LDV]]*Reactivos_[[#This Row],[Valor de referencia]] -> 0 | R47: =+Reactivos_[[#This Row],[Cantidad LNDV]]*Reactivos_[[#This Row],[Valor de referencia]] -> 0 | T47: =+Reactivos_[[#This Row],[GGCA]]*Reactivos_[[#This Row],[Valor de referencia]] -> 0 | U47: 4 | V47: =+Reactivos_[[#This Row],[Cantidad LDF]]*Reactivos_[[#This Row],[Valor de referencia]] -> 2254928 | X47: =+Reactivos_[[#This Row],[Cantidad LDF&MR]]*Reactivos_[[#This Row],[Valor de referencia]] -> 0 | Z47: =+Reactivos_[[#This Row],[Cantidad RED LASE]]*Reactivos_[[#This Row],[Valor de referencia]] -> 0 | AB47: =+Reactivos_[[#This Row],[Cantidad LANIA]]*Reactivos_[[#This Row],[Valor de referencia]] -> 0 | AD47: =+Reactivos_[[#This Row],[Cantidad SPA]]*Reactivos_[[#This Row],[Valor de referencia]] -> 0 | AE47: No aplica | AF47: SI
A48: =IF(B48=Reactivos_[[#This Row],[Cantidad LANIP]],"LANIP",IF(B48=Reactivos_[[#This Row],[Cantidad LDV]],"LDV",IF(B48=Reactivos_[[#This Row],[Cantidad LNDV]],"LNDV",IF(B48=Reactivos_[[#This Row],[GGCA]],"GGCA",IF(B48=Reactivos_[[#This Row],[Cantidad LDF]],"LDF",IF(Reactivos_[[#This Row],[Cantidad LDF&MR]],"LDF&MR",IF(B48=Reactivos_[[#This Row],[Cantidad RED LASE]],"LASE",IF(B48=Reactivos_[[#This Row],[Cantidad LANIA]],"LANIA",IF(B48=Reactivos_[[#This Row],[Cantidad SPA]],"SPA"," "))))))))) -> LANIP | B48: =MAX(Reactivos_[[#This Row],[Cantidad LANIP]],Reactivos_[[#This Row],[Cantidad LDV]],Reactivos_[[#This Row],[Cantidad LNDV]],Reactivos_[[#This Row],[GGCA]],Reactivos_[[#This Row],[Cantidad LDF]],Reactivos_[[#This Row],[Cantidad LDF&MR]],Reactivos_[[#This Row],[Cantidad RED LASE]],Reactivos_[[#This Row],[Cantidad LANIA]],Reactivos_[[#This Row],[Cantidad SPA]]) -> 1 | C48: 46 | D48: 52 | E48: AGAR BASE SELECTIVO CAMPYLOBACTER(SIN SANGRE) | H48: OXOID CM-739 o equivalente | I48: Frasco x 500 g | J48: =SUM(Reactivos_[[#This Row],[Cantidad LANIP]],Reactivos_[[#This Row],[Cantidad LDV]],Reactivos_[[#This Row],[Cantidad LNDV]],Reactivos_[[#This Row],[GGCA]],Reactivos_[[#This Row],[Cantidad LDF]],Reactivos_[[#This Row],[Cantidad LDF&MR]],Reactivos_[[#This Row],[Cantidad RED LASE]],Reactivos_[[#This Row],[Cantidad LANIA]],Reactivos_[[#This Row],[Cantidad SPA]]) -> 1 | K48: 850731 | L48: =+Reactivos_[[#This Row],[Cantidad]]*Reactivos_[[#This Row],[Valor de referencia]] -> 850731 | M48: 1 | N48: =+Reactivos_[[#This Row],[Valor de referencia]]*Reactivos_[[#This Row],[Cantidad LANIP]] -> 850731 | P48: =+Reactivos_[[#This Row],[Cantidad LDV]]*Reactivos_[[#This Row],[Valor de referencia]] -> 0 | R48: =+Reactivos_[[#This Row],[Cantidad LNDV]]*Reactivos_[[#This Row],[Valor de referencia]] -> 0 | T48: =+Reactivos_[[#This Row],[GGCA]]*Reactivos_[[#This Row],[Valor de referencia]] -> 0 | V48: =+Reactivos_[[#This Row],[Cantidad LDF]]*Reactivos_[[#This Row],[Valor de referencia]] -> 0 | X48: =+Reactivos_[[#This Row],[Cantidad LDF&MR]]*Reactivos_[[#This Row],[Valor de referencia]] -> 0 | Z48: =+Reactivos_[[#This Row],[Cantidad RED LASE]]*Reactivos_[[#This Row],[Valor de referencia]] -> 0 | AB48: =+Reactivos_[[#This Row],[Cantidad LANIA]]*Reactivos_[[#This Row],[Valor de referencia]] -> 0 | AD48: =+Reactivos_[[#This Row],[Cantidad SPA]]*Reactivos_[[#This Row],[Valor de referencia]] -> 0 | AE48: No aplica | AF48: SI
A49: =IF(B49=Reactivos_[[#This Row],[Cantidad LANIP]],"LANIP",IF(B49=Reactivos_[[#This Row],[Cantidad LDV]],"LDV",IF(B49=Reactivos_[[#This Row],[Cantidad LNDV]],"LNDV",IF(B49=Reactivos_[[#This Row],[GGCA]],"GGCA",IF(B49=Reactivos_[[#This Row],[Cantidad LDF]],"LDF",IF(Reactivos_[[#This Row],[Cantidad LDF&MR]],"LDF&MR",IF(B49=Reactivos_[[#This Row],[Cantidad RED LASE]],"LASE",IF(B49=Reactivos_[[#This Row],[Cantidad LANIA]],"LANIA",IF(B49=Reactivos_[[#This Row],[Cantidad SPA]],"SPA"," "))))))))) -> LNDV | B49: =MAX(Reactivos_[[#This Row],[Cantidad LANIP]],Reactivos_[[#This Row],[Cantidad LDV]],Reactivos_[[#This Row],[Cantidad LNDV]],Reactivos_[[#This Row],[GGCA]],Reactivos_[[#This Row],[Cantidad LDF]],Reactivos_[[#This Row],[Cantidad LDF&MR]],Reactivos_[[#This Row],[Cantidad RED LASE]],Reactivos_[[#This Row],[Cantidad LANIA]],Reactivos_[[#This Row],[Cantidad SPA]]) -> 3 | C49: 47 | D49: 54 | E49: Agar casman | F49: 10450-60-9 | G49: H₅I O₆ | H49: CDH DM1201 o BBL BD 211106 o CDH DM1201 equivalente | I49: Frasco x 500g | J49: =SUM(Reactivos_[[#This Row],[Cantidad LANIP]],Reactivos_[[#This Row],[Cantidad LDV]],Reactivos_[[#This Row],[Cantidad LNDV]],Reactivos_[[#This Row],[GGCA]],Reactivos_[[#This Row],[Cantidad LDF]],Reactivos_[[#This Row],[Cantidad LDF&MR]],Reactivos_[[#This Row],[Cantidad RED LASE]],Reactivos_[[#This Row],[Cantidad LANIA]],Reactivos_[[#This Row],[Cantidad SPA]]) -> 3 | K49: 1294439 | L49: =+Reactivos_[[#This Row],[Cantidad]]*Reactivos_[[#This Row],[Valor de referencia]] -> 3883317 | M49: 0 | N49: =+Reactivos_[[#This Row],[Valor de referencia]]*Reactivos_[[#This Row],[Cantidad LANIP]] -> 0 | P49: =+Reactivos_[[#This Row],[Cantidad LDV]]*Reactivos_[[#This Row],[Valor de referencia]] -> 0 | Q49: 3 | R49: =+Reactivos_[[#This Row],[Cantidad LNDV]]*Reactivos_[[#This Row],[Valor de referencia]] -> 3883317 | T49: =+Reactivos_[[#This Row],[GGCA]]*Reactivos_[[#This Row],[Valor de referencia]] -> 0 | V49: =+Reactivos_[[#This Row],[Cantidad LDF]]*Reactivos_[[#This Row],[Valor de referencia]] -> 0 | X49: =+Reactivos_[[#This Row],[Cantidad LDF&MR]]*Reactivos_[[#This Row],[Valor de referencia]] -> 0 | Z49: =+Reactivos_[[#This Row],[Cantidad RED LASE]]*Reactivos_[[#This Row],[Valor de referencia]] -> 0 | AB49: =+Reactivos_[[#This Row],[Cantidad LANIA]]*Reactivos_[[#This Row],[Valor de referencia]] -> 0 | AD49: =+Reactivos_[[#This Row],[Cantidad SPA]]*Reactivos_[[#This Row],[Valor de referencia]] -> 0 | AE49: No aplica | AF49: SI
A50: =IF(B50=Reactivos_[[#This Row],[Cantidad LANIP]],"LANIP",IF(B50=Reactivos_[[#This Row],[Cantidad LDV]],"LDV",IF(B50=Reactivos_[[#This Row],[Cantidad LNDV]],"LNDV",IF(B50=Reactivos_[[#This Row],[GGCA]],"GGCA",IF(B50=Reactivos_[[#This Row],[Cantidad LDF]],"LDF",IF(Reactivos_[[#This Row],[Cantidad LDF&MR]],"LDF&MR",IF(B50=Reactivos_[[#This Row],[Cantidad RED LASE]],"LASE",IF(B50=Reactivos_[[#This Row],[Cantidad LANIA]],"LANIA",IF(B50=Reactivos_[[#This Row],[Cantidad SPA]],"SPA"," "))))))))) -> LANIP | B50: =MAX(Reactivos_[[#This Row],[Cantidad LANIP]],Reactivos_[[#This Row],[Cantidad LDV]],Reactivos_[[#This Row],[Cantidad LNDV]],Reactivos_[[#This Row],[GGCA]],Reactivos_[[#This Row],[Cantidad LDF]],Reactivos_[[#This Row],[Cantidad LDF&MR]],Reactivos_[[#This Row],[Cantidad RED LASE]],Reactivos_[[#This Row],[Cantidad LANIA]],Reactivos_[[#This Row],[Cantidad SPA]]) -> 1 | C50: 48 | D50: 55 | E50: Agar chocolate - Agar base chocolate | F50: 88-89-1 | G50: (O2N)3C6H2OH | H50: Merck, Difco o equivalente o CDH DM 1103 | I50: Frasco x 500 g | J50: =SUM(Reactivos_[[#This Row],[Cantidad LANIP]],Reactivos_[[#This Row],[Cantidad LDV]],Reactivos_[[#This Row],[Cantidad LNDV]],Reactivos_[[#This Row],[GGCA]],Reactivos_[[#This Row],[Cantidad LDF]],Reactivos_[[#This Row],[Cantidad LDF&MR]],Reactivos_[[#This Row],[Cantidad RED LASE]],Reactivos_[[#This Row],[Cantidad LANIA]],Reactivos_[[#This Row],[Cantidad SPA]]) -> 3 | K50: 1041976 | L50: =+Reactivos_[[#This Row],[Cantidad]]*Reactivos_[[#This Row],[Valor de referencia]] -> 3125928 | M50: 1 | N50: =+Reactivos_[[#This Row],[Valor de referencia]]*Reactivos_[[#This Row],[Cantidad LANIP]] -> 1041976 | O50: 1 | P50: =+Reactivos_[[#This Row],[Cantidad LDV]]*Reactivos_[[#This Row],[Valor de referencia]] -> 1041976 | Q50: 1 | R50: =+Reactivos_[[#This Row],[Cantidad LNDV]]*Reactivos_[[#This Row],[Valor de referencia]] -> 1041976 | T50: =+Reactivos_[[#This Row],[GGCA]]*Reactivos_[[#This Row],[Valor de referencia]] -> 0 | V50: =+Reactivos_[[#This Row],[Cantidad LDF]]*Reactivos_[[#This Row],[Valor de referencia]] -> 0 | X50: =+Reactivos_[[#This Row],[Cantidad LDF&MR]]*Reactivos_[[#This Row],[Valor de referencia]] -> 0 | Z50: =+Reactivos_[[#This Row],[Cantidad RED LASE]]*Reactivos_[[#This Row],[Valor de referencia]] -> 0 | AB50: =+Reactivos_[[#This Row],[Cantidad LANIA]]*Reactivos_[[#This Row],[Valor de referencia]] -> 0 | AD50: =+Reactivos_[[#This Row],[Cantidad SPA]]*Reactivos_[[#This Row],[Valor de referencia]] -> 0 | AE50: No aplica | AF50: SI
A51: =IF(B51=Reactivos_[[#This Row],[Cantidad LANIP]],"LANIP",IF(B51=Reactivos_[[#This Row],[Cantidad LDV]],"LDV",IF(B51=Reactivos_[[#This Row],[Cantidad LNDV]],"LNDV",IF(B51=Reactivos_[[#This Row],[GGCA]],"GGCA",IF(B51=Reactivos_[[#This Row],[Cantidad LDF]],"LDF",IF(Reactivos_[[#This Row],[Cantidad LDF&MR]],"LDF&MR",IF(B51=Reactivos_[[#This Row],[Cantidad RED LASE]],"LASE",IF(B51=Reactivos_[[#This Row],[Cantidad LANIA]],"LANIA",IF(B51=Reactivos_[[#This Row],[Cantidad SPA]],"SPA"," "))))))))) -> LNDV | B51: =MAX(Reactivos_[[#This Row],[Cantidad LANIP]],Reactivos_[[#This Row],[Cantidad LDV]],Reactivos_[[#This Row],[Cantidad LNDV]],Reactivos_[[#This Row],[GGCA]],Reactivos_[[#This Row],[Cantidad LDF]],Reactivos_[[#This Row],[Cantidad LDF&MR]],Reactivos_[[#This Row],[Cantidad RED LASE]],Reactivos_[[#This Row],[Cantidad LANIA]],Reactivos_[[#This Row],[Cantidad SPA]]) -> 1 | C51: 49 | D51: 56 | E51: Agar CHROMagar™ Mastitis | H51: CHROMagar™ Ref. MS252. merck o equivalentes | I51: Frasco x 5000ml | J51: =SUM(Reactivos_[[#This Row],[Cantidad LANIP]],Reactivos_[[#This Row],[Cantidad LDV]],Reactivos_[[#This Row],[Cantidad LNDV]],Reactivos_[[#This Row],[GGCA]],Reactivos_[[#This Row],[Cantidad LDF]],Reactivos_[[#This Row],[Cantidad LDF&MR]],Reactivos_[[#This Row],[Cantidad RED LASE]],Reactivos_[[#This Row],[Cantidad LANIA]],Reactivos_[[#This Row],[Cantidad SPA]]) -> 1 | K51: 4535090 | L51: =+Reactivos_[[#This Row],[Cantidad]]*Reactivos_[[#This Row],[Valor de referencia]] -> 4535090 | M51: 0 | N51: =+Reactivos_[[#This Row],[Valor de referencia]]*Reactivos_[[#This Row],[Cantidad LANIP]] -> 0 | P51: =+Reactivos_[[#This Row],[Cantidad LDV]]*Reactivos_[[#This Row],[Valor de referencia]] -> 0 | Q51: 1 | R51: =+Reactivos_[[#This Row],[Cantidad LNDV]]*Reactivos_[[#This Row],[Valor de referencia]] -> 4535090 | T51: =+Reactivos_[[#This Row],[GGCA]]*Reactivos_[[#This Row],[Valor de referencia]] -> 0 | V51: =+Reactivos_[[#This Row],[Cantidad LDF]]*Reactivos_[[#This Row],[Valor de referencia]] -> 0 | X51: =+Reactivos_[[#This Row],[Cantidad LDF&MR]]*Reactivos_[[#This Row],[Valor de referencia]] -> 0 | Z51: =+Reactivos_[[#This Row],[Cantidad RED LASE]]*Reactivos_[[#This Row],[Valor de referencia]] -> 0 | AB51: =+Reactivos_[[#This Row],[Cantidad LANIA]]*Reactivos_[[#This Row],[Valor de referencia]] -> 0 | AD51: =+Reactivos_[[#This Row],[Cantidad SPA]]*Reactivos_[[#This Row],[Valor de referencia]] -> 0 | AE51: No aplica | AF51: SI
A52: =IF(B52=Reactivos_[[#This Row],[Cantidad LANIP]],"LANIP",IF(B52=Reactivos_[[#This Row],[Cantidad LDV]],"LDV",IF(B52=Reactivos_[[#This Row],[Cantidad LNDV]],"LNDV",IF(B52=Reactivos_[[#This Row],[GGCA]],"GGCA",IF(B52=Reactivos_[[#This Row],[Cantidad LDF]],"LDF",IF(Reactivos_[[#This Row],[Cantidad LDF&MR]],"LDF&MR",IF(B52=Reactivos_[[#This Row],[Cantidad RED LASE]],"LASE",IF(B52=Reactivos_[[#This Row],[Cantidad LANIA]],"LANIA",IF(B52=Reactivos_[[#This Row],[Cantidad SPA]],"SPA"," "))))))))) -> LNDV | B52: =MAX(Reactivos_[[#This Row],[Cantidad LANIP]],Reactivos_[[#This Row],[Cantidad LDV]],Reactivos_[[#This Row],[Cantidad LNDV]],Reactivos_[[#This Row],[GGCA]],Reactivos_[[#This Row],[Cantidad LDF]],Reactivos_[[#This Row],[Cantidad LDF&MR]],Reactivos_[[#This Row],[Cantidad RED LASE]],Reactivos_[[#This Row],[Cantidad LANIA]],Reactivos_[[#This Row],[Cantidad SPA]]) -> 1 | C52: 50 | D52: 57 | E52: Agar CHROMagar™ Pasteurella | H52: CHROMagar™ Ref. PR012. merck o equivalentes | I52: Frasco x 5000ml | J52: =SUM(Reactivos_[[#This Row],[Cantidad LANIP]],Reactivos_[[#This Row],[Cantidad LDV]],Reactivos_[[#This Row],[Cantidad LNDV]],Reactivos_[[#This Row],[GGCA]],Reactivos_[[#This Row],[Cantidad LDF]],Reactivos_[[#This Row],[Cantidad LDF&MR]],Reactivos_[[#This Row],[Cantidad RED LASE]],Reactivos_[[#This Row],[Cantidad LANIA]],Reactivos_[[#This Row],[Cantidad SPA]]) -> 1 | K52: 2916690 | L52: L | M52: 0 | N52: =+Reactivos_[[#This Row],[Valor de referencia]]*Reactivos_[[#This Row],[Cantidad LANIP]] -> 0 | P52: =+Reactivos_[[#This Row],[Cantidad LDV]]*Reactivos_[[#This Row],[Valor de referencia]] -> 0 | Q52: 1 | R52: =+Reactivos_[[#This Row],[Cantidad LNDV]]*Reactivos_[[#This Row],[Valor de referencia]] -> 2916690 | T52: =+Reactivos_[[#This Row],[GGCA]]*Reactivos_[[#This Row],[Valor de referencia]] -> 0 | V52: =+Reactivos_[[#This Row],[Cantidad LDF]]*Reactivos_[[#This Row],[Valor de referencia]] -> 0 | X52: =+Reactivos_[[#This Row],[Cantidad LDF&MR]]*Reactivos_[[#This Row],[Valor de referencia]] -> 0 | Z52: =+Reactivos_[[#This Row],[Cantidad RED LASE]]*Reactivos_[[#This Row],[Valor de referencia]] -> 0 | AB52: =+Reactivos_[[#This Row],[Cantidad LANIA]]*Reactivos_[[#This Row],[Valor de referencia]] -> 0 | AD52: =+Reactivos_[[#This Row],[Cantidad SPA]]*Reactivos_[[#This Row],[Valor de referencia]] -> 0 | AE52: No aplica | AF52: SI
A53: =IF(B53=Reactivos_[[#This Row],[Cantidad LANIP]],"LANIP",IF(B53=Reactivos_[[#This Row],[Cantidad LDV]],"LDV",IF(B53=Reactivos_[[#This Row],[Cantidad LNDV]],"LNDV",IF(B53=Reactivos_[[#This Row],[GGCA]],"GGCA",IF(B53=Reactivos_[[#This Row],[Cantidad LDF]],"LDF",IF(Reactivos_[[#This Row],[Cantidad LDF&MR]],"LDF&MR",IF(B53=Reactivos_[[#This Row],[Cantidad RED LASE]],"LASE",IF(B53=Reactivos_[[#This Row],[Cantidad LANIA]],"LANIA",IF(B53=Reactivos_[[#This Row],[Cantidad SPA]],"SPA"," "))))))))) -> LDV | B53: =MAX(Reactivos_[[#This Row],[Cantidad LANIP]],Reactivos_[[#This Row],[Cantidad LDV]],Reactivos_[[#This Row],[Cantidad LNDV]],Reactivos_[[#This Row],[GGCA]],Reactivos_[[#This Row],[Cantidad LDF]],Reactivos_[[#This Row],[Cantidad LDF&MR]],Reactivos_[[#This Row],[Cantidad RED LASE]],Reactivos_[[#This Row],[Cantidad LANIA]],Reactivos_[[#This Row],[Cantidad SPA]]) -> 2 | C53: 51 | D53: 58 | E53: agar chromogénico streptocococcus grupo B | H53: CHROMAGAR REF. SB282. merck o equivalente | I53: 500 gr | J53: =SUM(Reactivos_[[#This Row],[Cantidad LANIP]],Reactivos_[[#This Row],[Cantidad LDV]],Reactivos_[[#This Row],[Cantidad LNDV]],Reactivos_[[#This Row],[GGCA]],Reactivos_[[#This Row],[Cantidad LDF]],Reactivos_[[#This Row],[Cantidad LDF&MR]],Reactivos_[[#This Row],[Cantidad RED LASE]],Reactivos_[[#This Row],[Cantidad LANIA]],Reactivos_[[#This Row],[Cantidad SPA]]) -> 3 | K53: 2550807 | L53: =+Reactivos_[[#This Row],[Cantidad]]*Reactivos_[[#This Row],[Valor de referencia]] -> 7652421 | M53: 0 | N53: =+Reactivos_[[#This Row],[Valor de referencia]]*Reactivos_[[#This Row],[Cantidad LANIP]] -> 0 | O53: 2 | P53: =+Reactivos_[[#This Row],[Cantidad LDV]]*Reactivos_[[#This Row],[Valor de referencia]] -> 5101614 | Q53: 1 | R53: =+Reactivos_[[#This Row],[Cantidad LNDV]]*Reactivos_[[#This Row],[Valor de referencia]] -> 2550807 | T53: =+Reactivos_[[#This Row],[GGCA]]*Reactivos_[[#This Row],[Valor de referencia]] -> 0 | V53: =+Reactivos_[[#This Row],[Cantidad LDF]]*Reactivos_[[#This Row],[Valor de referencia]] -> 0 | X53: =+Reactivos_[[#This Row],[Cantidad LDF&MR]]*Reactivos_[[#This Row],[Valor de referencia]] -> 0 | Z53: =+Reactivos_[[#This Row],[Cantidad RED LASE]]*Reactivos_[[#This Row],[Valor de referencia]] -> 0 | AB53: =+Reactivos_[[#This Row],[Cantidad LANIA]]*Reactivos_[[#This Row],[Valor de referencia]] -> 0 | AD53: =+Reactivos_[[#This Row],[Cantidad SPA]]*Reactivos_[[#This Row],[Valor de referencia]] -> 0 | AE53: No aplica | AF53: SI
A54: =IF(B54=Reactivos_[[#This Row],[Cantidad LANIP]],"LANIP",IF(B54=Reactivos_[[#This Row],[Cantidad LDV]],"LDV",IF(B54=Reactivos_[[#This Row],[Cantidad LNDV]],"LNDV",IF(B54=Reactivos_[[#This Row],[GGCA]],"GGCA",IF(B54=Reactivos_[[#This Row],[Cantidad LDF]],"LDF",IF(Reactivos_[[#This Row],[Cantidad LDF&MR]],"LDF&MR",IF(B54=Reactivos_[[#This Row],[Cantidad RED LASE]],"LASE",IF(B54=Reactivos_[[#This Row],[Cantidad LANIA]],"LANIA",IF(B54=Reactivos_[[#This Row],[Cantidad SPA]],"SPA"," "))))))))) -> LANIP | B54: =MAX(Reactivos_[[#This Row],[Cantidad LANIP]],Reactivos_[[#This Row],[Cantidad LDV]],Reactivos_[[#This Row],[Cantidad LNDV]],Reactivos_[[#This Row],[GGCA]],Reactivos_[[#This Row],[Cantidad LDF]],Reactivos_[[#This Row],[Cantidad LDF&MR]],Reactivos_[[#This Row],[Cantidad RED LASE]],Reactivos_[[#This Row],[Cantidad LANIA]],Reactivos_[[#This Row],[Cantidad SPA]]) -> 4 | C54: 52 | D54: 59 | E54: Agar EMB | H54: SHARLAU 01-068 o equivalente | I54: Frasco x 500 g | J54: =SUM(Reactivos_[[#This Row],[Cantidad LANIP]],Reactivos_[[#This Row],[Cantidad LDV]],Reactivos_[[#This Row],[Cantidad LNDV]],Reactivos_[[#This Row],[GGCA]],Reactivos_[[#This Row],[Cantidad LDF]],Reactivos_[[#This Row],[Cantidad LDF&MR]],Reactivos_[[#This Row],[Cantidad RED LASE]],Reactivos_[[#This Row],[Cantidad LANIA]],Reactivos_[[#This Row],[Cantidad SPA]]) -> 5 | K54: 386750 | L54: =+Reactivos_[[#This Row],[Cantidad]]*Reactivos_[[#This Row],[Valor de referencia]] -> 1933750 | M54: 4 | N54: =+Reactivos_[[#This Row],[Valor de referencia]]*Reactivos_[[#This Row],[Cantidad LANIP]] -> 1547000 | P54: =+Reactivos_[[#This Row],[Cantidad LDV]]*Reactivos_[[#This Row],[Valor de referencia]] -> 0 | R54: =+Reactivos_[[#This Row],[Cantidad LNDV]]*Reactivos_[[#This Row],[Valor de referencia]] -> 0 | T54: =+Reactivos_[[#This Row],[GGCA]]*Reactivos_[[#This Row],[Valor de referencia]] -> 0 | V54: =+Reactivos_[[#This Row],[Cantidad LDF]]*Reactivos_[[#This Row],[Valor de referencia]] -> 0 | X54: =+Reactivos_[[#This Row],[Cantidad LDF&MR]]*Reactivos_[[#This Row],[Valor de referencia]] -> 0 | Z54: =+Reactivos_[[#This Row],[Cantidad RED LASE]]*Reactivos_[[#This Row],[Valor de referencia]] -> 0 | AA54: 1 | AB54: =+Reactivos_[[#This Row],[Cantidad LANIA]]*Reactivos_[[#This Row],[Valor de referencia]] -> 386750 | AD54: =+Reactivos_[[#This Row],[Cantidad SPA]]*Reactivos_[[#This Row],[Valor de referencia]] -> 0 | AE54: No aplica | AF54: SI
A55: =IF(B55=Reactivos_[[#This Row],[Cantidad LANIP]],"LANIP",IF(B55=Reactivos_[[#This Row],[Cantidad LDV]],"LDV",IF(B55=Reactivos_[[#This Row],[Cantidad LNDV]],"LNDV",IF(B55=Reactivos_[[#This Row],[GGCA]],"GGCA",IF(B55=Reactivos_[[#This Row],[Cantidad LDF]],"LDF",IF(Reactivos_[[#This Row],[Cantidad LDF&MR]],"LDF&MR",IF(B55=Reactivos_[[#This Row],[Cantidad RED LASE]],"LASE",IF(B55=Reactivos_[[#This Row],[Cantidad LANIA]],"LANIA",IF(B55=Reactivos_[[#This Row],[Cantidad SPA]],"SPA"," "))))))))) -> LDF | B55: =MAX(Reactivos_[[#This Row],[Cantidad LANIP]],Reactivos_[[#This Row],[Cantidad LDV]],Reactivos_[[#This Row],[Cantidad LNDV]],Reactivos_[[#This Row],[GGCA]],Reactivos_[[#This Row],[Cantidad LDF]],Reactivos_[[#This Row],[Cantidad LDF&MR]],Reactivos_[[#This Row],[Cantidad RED LASE]],Reactivos_[[#This Row],[Cantidad LANIA]],Reactivos_[[#This Row],[Cantidad SPA]]) -> 3 | C55: 53 | D55: 61 | E55: Agar Extracto de levadura | F55: 02-01-8013 | H55: CONDALAB Ref: 1312 o Sigma o equivalente | I55: Frasco x 500g | J55: =SUM(Reactivos_[[#This Row],[Cantidad LANIP]],Reactivos_[[#This Row],[Cantidad LDV]],Reactivos_[[#This Row],[Cantidad LNDV]],Reactivos_[[#This Row],[GGCA]],Reactivos_[[#This Row],[Cantidad LDF]],Reactivos_[[#This Row],[Cantidad LDF&MR]],Reactivos_[[#This Row],[Cantidad RED LASE]],Reactivos_[[#This Row],[Cantidad LANIA]],Reactivos_[[#This Row],[Cantidad SPA]]) -> 4 | K55: 907571 | L55: =+Reactivos_[[#This Row],[Cantidad]]*Reactivos_[[#This Row],[Valor de referencia]] -> 3630284 | M55: 0 | N55: =+Reactivos_[[#This Row],[Valor de referencia]]*Reactivos_[[#This Row],[Cantidad LANIP]] -> 0 | P55: =+Reactivos_[[#This Row],[Cantidad LDV]]*Reactivos_[[#This Row],[Valor de referencia]] -> 0 | Q55: 1 | R55: =+Reactivos_[[#This Row],[Cantidad LNDV]]*Reactivos_[[#This Row],[Valor de referencia]] -> 907571 | T55: =+Reactivos_[[#This Row],[GGCA]]*Reactivos_[[#This Row],[Valor de referencia]] -> 0 | U55: 3 | V55: =+Reactivos_[[#This Row],[Cantidad LDF]]*Reactivos_[[#This Row],[Valor de referencia]] -> 2722713 | X55: =+Reactivos_[[#This Row],[Cantidad LDF&MR]]*Reactivos_[[#This Row],[Valor de referencia]] -> 0 | Z55: =+Reactivos_[[#This Row],[Cantidad RED LASE]]*Reactivos_[[#This Row],[Valor de referencia]] -> 0 | AB55: =+Reactivos_[[#This Row],[Cantidad LANIA]]*Reactivos_[[#This Row],[Valor de referencia]] -> 0 | AD55: =+Reactivos_[[#This Row],[Cantidad SPA]]*Reactivos_[[#This Row],[Valor de referencia]] -> 0 | AE55: No aplica | AF55: SI
A56: =IF(B56=Reactivos_[[#This Row],[Cantidad LANIP]],"LANIP",IF(B56=Reactivos_[[#This Row],[Cantidad LDV]],"LDV",IF(B56=Reactivos_[[#This Row],[Cantidad LNDV]],"LNDV",IF(B56=Reactivos_[[#This Row],[GGCA]],"GGCA",IF(B56=Reactivos_[[#This Row],[Cantidad LDF]],"LDF",IF(Reactivos_[[#This Row],[Cantidad LDF&MR]],"LDF&MR",IF(B56=Reactivos_[[#This Row],[Cantidad RED LASE]],"LASE",IF(B56=Reactivos_[[#This Row],[Cantidad LANIA]],"LANIA",IF(B56=Reactivos_[[#This Row],[Cantidad SPA]],"SPA"," "))))))))) -> LDF | B56: =MAX(Reactivos_[[#This Row],[Cantidad LANIP]],Reactivos_[[#This Row],[Cantidad LDV]],Reactivos_[[#This Row],[Cantidad LNDV]],Reactivos_[[#This Row],[GGCA]],Reactivos_[[#This Row],[Cantidad LDF]],Reactivos_[[#This Row],[Cantidad LDF&MR]],Reactivos_[[#This Row],[Cantidad RED LASE]],Reactivos_[[#This Row],[Cantidad LANIA]],Reactivos_[[#This Row],[Cantidad SPA]]) -> 10 | C56: 54 | D56: 62 | E56: Agar Hugh- Leifson (OF) | H56: CDH DM1826 o equivalente | I56: Frasco x 500g | J56: =SUM(Reactivos_[[#This Row],[Cantidad LANIP]],Reactivos_[[#This Row],[Cantidad LDV]],Reactivos_[[#This Row],[Cantidad LNDV]],Reactivos_[[#This Row],[GGCA]],Reactivos_[[#This Row],[Cantidad LDF]],Reactivos_[[#This Row],[Cantidad LDF&MR]],Reactivos_[[#This Row],[Cantidad RED LASE]],Reactivos_[[#This Row],[Cantidad LANIA]],Reactivos_[[#This Row],[Cantidad SPA]]) -> 10 | K56: 905391 | L56: =+Reactivos_[[#This Row],[Cantidad]]*Reactivos_[[#This Row],[Valor de referencia]] -> 9053910 | M56: 0 | N56: =+Reactivos_[[#This Row],[Valor de referencia]]*Reactivos_[[#This Row],[Cantidad LANIP]] -> 0 | P56: =+Reactivos_[[#This Row],[Cantidad LDV]]*Reactivos_[[#This Row],[Valor de referencia]] -> 0 | R56: =+Reactivos_[[#This Row],[Cantidad LNDV]]*Reactivos_[[#This Row],[Valor de referencia]] -> 0 | T56: =+Reactivos_[[#This Row],[GGCA]]*Reactivos_[[#This Row],[Valor de referencia]] -> 0 | U56: 10 | V56: =+Reactivos_[[#This Row],[Cantidad LDF]]*Reactivos_[[#This Row],[Valor de referencia]] -> 9053910 | X56: =+Reactivos_[[#This Row],[Cantidad LDF&MR]]*Reactivos_[[#This Row],[Valor de referencia]] -> 0 | Z56: =+Reactivos_[[#This Row],[Cantidad RED LASE]]*Reactivos_[[#This Row],[Valor de referencia]] -> 0 | AB56: =+Reactivos_[[#This Row],[Cantidad LANIA]]*Reactivos_[[#This Row],[Valor de referencia]] -> 0 | AD56: =+Reactivos_[[#This Row],[Cantidad SPA]]*Reactivos_[[#This Row],[Valor de referencia]] -> 0 | AE56: No aplica | AF56: SI
A57: =IF(B57=Reactivos_[[#This Row],[Cantidad LANIP]],"LANIP",IF(B57=Reactivos_[[#This Row],[Cantidad LDV]],"LDV",IF(B57=Reactivos_[[#This Row],[Cantidad LNDV]],"LNDV",IF(B57=Reactivos_[[#This Row],[GGCA]],"GGCA",IF(B57=Reactivos_[[#This Row],[Cantidad LDF]],"LDF",IF(Reactivos_[[#This Row],[Cantidad LDF&MR]],"LDF&MR",IF(B57=Reactivos_[[#This Row],[Cantidad RED LASE]],"LASE",IF(B57=Reactivos_[[#This Row],[Cantidad LANIA]],"LANIA",IF(B57=Reactivos_[[#This Row],[Cantidad SPA]],"SPA"," "))))))))) -> LDV | B57: =MAX(Reactivos_[[#This Row],[Cantidad LANIP]],Reactivos_[[#This Row],[Cantidad LDV]],Reactivos_[[#This Row],[Cantidad LNDV]],Reactivos_[[#This Row],[GGCA]],Reactivos_[[#This Row],[Cantidad LDF]],Reactivos_[[#This Row],[Cantidad LDF&MR]],Reactivos_[[#This Row],[Cantidad RED LASE]],Reactivos_[[#This Row],[Cantidad LANIA]],Reactivos_[[#This Row],[Cantidad SPA]]) -> 13 | C57: 55 | D57: 63 | E57: Agar leche descremada | H57: Sigma - Merck o equivalente | I57: Frasco x 100g | J57: =SUM(Reactivos_[[#This Row],[Cantidad LANIP]],Reactivos_[[#This Row],[Cantidad LDV]],Reactivos_[[#This Row],[Cantidad LNDV]],Reactivos_[[#This Row],[GGCA]],Reactivos_[[#This Row],[Cantidad LDF]],Reactivos_[[#This Row],[Cantidad LDF&MR]],Reactivos_[[#This Row],[Cantidad RED LASE]],Reactivos_[[#This Row],[Cantidad LANIA]],Reactivos_[[#This Row],[Cantidad SPA]]) -> 13 | K57: 779903 | L57: =+Reactivos_[[#This Row],[Cantidad]]*Reactivos_[[#This Row],[Valor de referencia]] -> 10138739 | M57: 0 | N57: =+Reactivos_[[#This Row],[Valor de referencia]]*Reactivos_[[#This Row],[Cantidad LANIP]] -> 0 | O57: 13 | P57: =+Reactivos_[[#This Row],[Cantidad LDV]]*Reactivos_[[#This Row],[Valor de referencia]] -> 10138739 | R57: =+Reactivos_[[#This Row],[Cantidad LNDV]]*Reactivos_[[#This Row],[Valor de referencia]] -> 0 | T57: =+Reactivos_[[#This Row],[GGCA]]*Reactivos_[[#This Row],[Valor de referencia]] -> 0 | V57: =+Reactivos_[[#This Row],[Cantidad LDF]]*Reactivos_[[#This Row],[Valor de referencia]] -> 0 | X57: =+Reactivos_[[#This Row],[Cantidad LDF&MR]]*Reactivos_[[#This Row],[Valor de referencia]] -> 0 | Z57: =+Reactivos_[[#This Row],[Cantidad RED LASE]]*Reactivos_[[#This Row],[Valor de referencia]] -> 0 | AB57: =+Reactivos_[[#This Row],[Cantidad LANIA]]*Reactivos_[[#This Row],[Valor de referencia]] -> 0 | AD57: =+Reactivos_[[#This Row],[Cantidad SPA]]*Reactivos_[[#This Row],[Valor de referencia]] -> 0 | AE57: No aplica | AF57: SI
A58: =IF(B58=Reactivos_[[#This Row],[Cantidad LANIP]],"LANIP",IF(B58=Reactivos_[[#This Row],[Cantidad LDV]],"LDV",IF(B58=Reactivos_[[#This Row],[Cantidad LNDV]],"LNDV",IF(B58=Reactivos_[[#This Row],[GGCA]],"GGCA",IF(B58=Reactivos_[[#This Row],[Cantidad LDF]],"LDF",IF(Reactivos_[[#This Row],[Cantidad LDF&MR]],"LDF&MR",IF(B58=Reactivos_[[#This Row],[Cantidad RED LASE]],"LASE",IF(B58=Reactivos_[[#This Row],[Cantidad LANIA]],"LANIA",IF(B58=Reactivos_[[#This Row],[Cantidad SPA]],"SPA"," "))))))))) -> LDV | B58: =MAX(Reactivos_[[#This Row],[Cantidad LANIP]],Reactivos_[[#This Row],[Cantidad LDV]],Reactivos_[[#This Row],[Cantidad LNDV]],Reactivos_[[#This Row],[GGCA]],Reactivos_[[#This Row],[Cantidad LDF]],Reactivos_[[#This Row],[Cantidad LDF&MR]],Reactivos_[[#This Row],[Cantidad RED LASE]],Reactivos_[[#This Row],[Cantidad LANIA]],Reactivos_[[#This Row],[Cantidad SPA]]) -> 50 | C58: 56 | D58: 65 | E58: Agar MacConkey | H58: Merck, CONDALAB 1052 o equivalente | I58: Frasco x 500 g | J58: =SUM(Reactivos_[[#This Row],[Cantidad LANIP]],Reactivos_[[#This Row],[Cantidad LDV]],Reactivos_[[#This Row],[Cantidad LNDV]],Reactivos_[[#This Row],[GGCA]],Reactivos_[[#This Row],[Cantidad LDF]],Reactivos_[[#This Row],[Cantidad LDF&MR]],Reactivos_[[#This Row],[Cantidad RED LASE]],Reactivos_[[#This Row],[Cantidad LANIA]],Reactivos_[[#This Row],[Cantidad SPA]]) -> 70 | K58: 477131 | L58: =+Reactivos_[[#This Row],[Cantidad]]*Reactivos_[[#This Row],[Valor de referencia]] -> 33399170 | M58: 4 | N58: =+Reactivos_[[#This Row],[Valor de referencia]]*Reactivos_[[#This Row],[Cantidad LANIP]] -> 1908524 | O58: 50 | P58: =+Reactivos_[[#This Row],[Cantidad LDV]]*Reactivos_[[#This Row],[Valor de referencia]] -> 23856550 | Q58: 10 | R58: =+Reactivos_[[#This Row],[Cantidad LNDV]]*Reactivos_[[#This Row],[Valor de referencia]] -> 4771310 | T58: =+Reactivos_[[#This Row],[GGCA]]*Reactivos_[[#This Row],[Valor de referencia]] -> 0 | U58: 2 | V58: =+Reactivos_[[#This Row],[Cantidad LDF]]*Reactivos_[[#This Row],[Valor de referencia]] -> 954262 | W58: 2 | X58: =+Reactivos_[[#This Row],[Cantidad LDF&MR]]*Reactivos_[[#This Row],[Valor de referencia]] -> 954262 | Z58: =+Reactivos_[[#This Row],[Cantidad RED LASE]]*Reactivos_[[#This Row],[Valor de referencia]] -> 0 | AA58: 2 | AB58: =+Reactivos_[[#This Row],[Cantidad LANIA]]*Reactivos_[[#This Row],[Valor de referencia]] -> 954262 | AD58: =+Reactivos_[[#This Row],[Cantidad SPA]]*Reactivos_[[#This Row],[Valor de referencia]] -> 0 | AE58: No aplica | AF58: SI
A59: =IF(B59=Reactivos_[[#This Row],[Cantidad LANIP]],"LANIP",IF(B59=Reactivos_[[#This Row],[Cantidad LDV]],"LDV",IF(B59=Reactivos_[[#This Row],[Cantidad LNDV]],"LNDV",IF(B59=Reactivos_[[#This Row],[GGCA]],"GGCA",IF(B59=Reactivos_[[#This Row],[Cantidad LDF]],"LDF",IF(Reactivos_[[#This Row],[Cantidad LDF&MR]],"LDF&MR",IF(B59=Reactivos_[[#This Row],[Cantidad RED LASE]],"LASE",IF(B59=Reactivos_[[#This Row],[Cantidad LANIA]],"LANIA",IF(B59=Reactivos_[[#This Row],[Cantidad SPA]],"SPA"," "))))))))) -> LANIA | B59: =MAX(Reactivos_[[#This Row],[Cantidad LANIP]],Reactivos_[[#This Row],[Cantidad LDV]],Reactivos_[[#This Row],[Cantidad LNDV]],Reactivos_[[#This Row],[GGCA]],Reactivos_[[#This Row],[Cantidad LDF]],Reactivos_[[#This Row],[Cantidad LDF&MR]],Reactivos_[[#This Row],[Cantidad RED LASE]],Reactivos_[[#This Row],[Cantidad LANIA]],Reactivos_[[#This Row],[Cantidad SPA]]) -> 1 | C59: 57 | D59: 66 | E59: Agar MacConkey con sorbitol + BCGI (5-bromo-4-cloro-3-indolil-b -D-glucurónido) | H59: MILLIPORE . THERMO ó equivalente | I59: Frasco x 500 g | J59: =SUM(Reactivos_[[#This Row],[Cantidad LANIP]],Reactivos_[[#This Row],[Cantidad LDV]],Reactivos_[[#This Row],[Cantidad LNDV]],Reactivos_[[#This Row],[GGCA]],Reactivos_[[#This Row],[Cantidad LDF]],Reactivos_[[#This Row],[Cantidad LDF&MR]],Reactivos_[[#This Row],[Cantidad RED LASE]],Reactivos_[[#This Row],[Cantidad LANIA]],Reactivos_[[#This Row],[Cantidad SPA]]) -> 1 | K59: 2081794 | L59: =+Reactivos_[[#This Row],[Cantidad]]*Reactivos_[[#This Row],[Valor de referencia]] -> 2081794 | M59: 0 | N59: =+Reactivos_[[#This Row],[Valor de referencia]]*Reactivos_[[#This Row],[Cantidad LANIP]] -> 0 | P59: =+Reactivos_[[#This Row],[Cantidad LDV]]*Reactivos_[[#This Row],[Valor de referencia]] -> 0 | R59: =+Reactivos_[[#This Row],[Cantidad LNDV]]*Reactivos_[[#This Row],[Valor de referencia]] -> 0 | T59: =+Reactivos_[[#This Row],[GGCA]]*Reactivos_[[#This Row],[Valor de referencia]] -> 0 | V59: =+Reactivos_[[#This Row],[Cantidad LDF]]*Reactivos_[[#This Row],[Valor de referencia]] -> 0 | X59: =+Reactivos_[[#This Row],[Cantidad LDF&MR]]*Reactivos_[[#This Row],[Valor de referencia]] -> 0 | Z59: =+Reactivos_[[#This Row],[Cantidad RED LASE]]*Reactivos_[[#This Row],[Valor de referencia]] -> 0 | AA59: 1 | AB59: =+Reactivos_[[#This Row],[Cantidad LANIA]]*Reactivos_[[#This Row],[Valor de referencia]] -> 2081794 | AD59: =+Reactivos_[[#This Row],[Cantidad SPA]]*Reactivos_[[#This Row],[Valor de referencia]] -> 0 | AE59: No aplica | AF59: SI
A60: =IF(B60=Reactivos_[[#This Row],[Cantidad LANIP]],"LANIP",IF(B60=Reactivos_[[#This Row],[Cantidad LDV]],"LDV",IF(B60=Reactivos_[[#This Row],[Cantidad LNDV]],"LNDV",IF(B60=Reactivos_[[#This Row],[GGCA]],"GGCA",IF(B60=Reactivos_[[#This Row],[Cantidad LDF]],"LDF",IF(Reactivos_[[#This Row],[Cantidad LDF&MR]],"LDF&MR",IF(B60=Reactivos_[[#This Row],[Cantidad RED LASE]],"LASE",IF(B60=Reactivos_[[#This Row],[Cantidad LANIA]],"LANIA",IF(B60=Reactivos_[[#This Row],[Cantidad SPA]],"SPA"," "))))))))) -> LNDV | B60: =MAX(Reactivos_[[#This Row],[Cantidad LANIP]],Reactivos_[[#This Row],[Cantidad LDV]],Reactivos_[[#This Row],[Cantidad LNDV]],Reactivos_[[#This Row],[GGCA]],Reactivos_[[#This Row],[Cantidad LDF]],Reactivos_[[#This Row],[Cantidad LDF&MR]],Reactivos_[[#This Row],[Cantidad RED LASE]],Reactivos_[[#This Row],[Cantidad LANIA]],Reactivos_[[#This Row],[Cantidad SPA]]) -> 2 | C60: 58 | D60: 67 | E60: Agar Manitol | H60: CONDALAB 1062 o Microkit o BD o Sharlau o equivalente | I60: Frasco x 500 g | J60: =SUM(Reactivos_[[#This Row],[Cantidad LANIP]],Reactivos_[[#This Row],[Cantidad LDV]],Reactivos_[[#This Row],[Cantidad LNDV]],Reactivos_[[#This Row],[GGCA]],Reactivos_[[#This Row],[Cantidad LDF]],Reactivos_[[#This Row],[Cantidad LDF&MR]],Reactivos_[[#This Row],[Cantidad RED LASE]],Reactivos_[[#This Row],[Cantidad LANIA]],Reactivos_[[#This Row],[Cantidad SPA]]) -> 4 | K60: 458886 | L60: =+Reactivos_[[#This Row],[Cantidad]]*Reactivos_[[#This Row],[Valor de referencia]] -> 1835544 | M60: 1 | N60: =+Reactivos_[[#This Row],[Valor de referencia]]*Reactivos_[[#This Row],[Cantidad LANIP]] -> 458886 | O60: 1 | P60: =+Reactivos_[[#This Row],[Cantidad LDV]]*Reactivos_[[#This Row],[Valor de referencia]] -> 458886 | Q60: 2 | R60: =+Reactivos_[[#This Row],[Cantidad LNDV]]*Reactivos_[[#This Row],[Valor de referencia]] -> 917772 | T60: =+Reactivos_[[#This Row],[GGCA]]*Reactivos_[[#This Row],[Valor de referencia]] -> 0 | V60: =+Reactivos_[[#This Row],[Cantidad LDF]]*Reactivos_[[#This Row],[Valor de referencia]] -> 0 | X60: =+Reactivos_[[#This Row],[Cantidad LDF&MR]]*Reactivos_[[#This Row],[Valor de referencia]] -> 0 | Z60: =+Reactivos_[[#This Row],[Cantidad RED LASE]]*Reactivos_[[#This Row],[Valor de referencia]] -> 0 | AB60: =+Reactivos_[[#This Row],[Cantidad LANIA]]*Reactivos_[[#This Row],[Valor de referencia]] -> 0 | AD60: =+Reactivos_[[#This Row],[Cantidad SPA]]*Reactivos_[[#This Row],[Valor de referencia]] -> 0 | AE60: No aplica | AF60: SI
A61: =IF(B61=Reactivos_[[#This Row],[Cantidad LANIP]],"LANIP",IF(B61=Reactivos_[[#This Row],[Cantidad LDV]],"LDV",IF(B61=Reactivos_[[#This Row],[Cantidad LNDV]],"LNDV",IF(B61=Reactivos_[[#This Row],[GGCA]],"GGCA",IF(B61=Reactivos_[[#This Row],[Cantidad LDF]],"LDF",IF(Reactivos_[[#This Row],[Cantidad LDF&MR]],"LDF&MR",IF(B61=Reactivos_[[#This Row],[Cantidad RED LASE]],"LASE",IF(B61=Reactivos_[[#This Row],[Cantidad LANIA]],"LANIA",IF(B61=Reactivos_[[#This Row],[Cantidad SPA]],"SPA"," "))))))))) -> LANIA | B61: =MAX(Reactivos_[[#This Row],[Cantidad LANIP]],Reactivos_[[#This Row],[Cantidad LDV]],Reactivos_[[#This Row],[Cantidad LNDV]],Reactivos_[[#This Row],[GGCA]],Reactivos_[[#This Row],[Cantidad LDF]],Reactivos_[[#This Row],[Cantidad LDF&MR]],Reactivos_[[#This Row],[Cantidad RED LASE]],Reactivos_[[#This Row],[Cantidad LANIA]],Reactivos_[[#This Row],[Cantidad SPA]]) -> 2 | C61: 59 | D61: 68 | E61: Agar Mueller Hinton II (Cation-Adjusted) | H61: LIOFILCHEM 610627, MERCK o Equivalente | I61: Frasco x 500g | J61: =SUM(Reactivos_[[#This Row],[Cantidad LANIP]],Reactivos_[[#This Row],[Cantidad LDV]],Reactivos_[[#This Row],[Cantidad LNDV]],Reactivos_[[#This Row],[GGCA]],Reactivos_[[#This Row],[Cantidad LDF]],Reactivos_[[#This Row],[Cantidad LDF&MR]],Reactivos_[[#This Row],[Cantidad RED LASE]],Reactivos_[[#This Row],[Cantidad LANIA]],Reactivos_[[#This Row],[Cantidad SPA]]) -> 2 | K61: 544550 | L61: =+Reactivos_[[#This Row],[Cantidad]]*Reactivos_[[#This Row],[Valor de referencia]] -> 1089100 | M61: 0 | N61: =+Reactivos_[[#This Row],[Valor de referencia]]*Reactivos_[[#This Row],[Cantidad LANIP]] -> 0 | P61: =+Reactivos_[[#This Row],[Cantidad LDV]]*Reactivos_[[#This Row],[Valor de referencia]] -> 0 | R61: =+Reactivos_[[#This Row],[Cantidad LNDV]]*Reactivos_[[#This Row],[Valor de referencia]] -> 0 | T61: =+Reactivos_[[#This Row],[GGCA]]*Reactivos_[[#This Row],[Valor de referencia]] -> 0 | V61: =+Reactivos_[[#This Row],[Cantidad LDF]]*Reactivos_[[#This Row],[Valor de referencia]] -> 0 | X61: =+Reactivos_[[#This Row],[Cantidad LDF&MR]]*Reactivos_[[#This Row],[Valor de referencia]] -> 0 | Z61: =+Reactivos_[[#This Row],[Cantidad RED LASE]]*Reactivos_[[#This Row],[Valor de referencia]] -> 0 | AA61: 2 | AB61: =+Reactivos_[[#This Row],[Cantidad LANIA]]*Reactivos_[[#This Row],[Valor de referencia]] -> 1089100 | AD61: =+Reactivos_[[#This Row],[Cantidad SPA]]*Reactivos_[[#This Row],[Valor de referencia]] -> 0 | AE61: No aplica | AF61: SI
A62: =IF(B62=Reactivos_[[#This Row],[Cantidad LANIP]],"LANIP",IF(B62=Reactivos_[[#This Row],[Cantidad LDV]],"LDV",IF(B62=Reactivos_[[#This Row],[Cantidad LNDV]],"LNDV",IF(B62=Reactivos_[[#This Row],[GGCA]],"GGCA",IF(B62=Reactivos_[[#This Row],[Cantidad LDF]],"LDF",IF(Reactivos_[[#This Row],[Cantidad LDF&MR]],"LDF&MR",IF(B62=Reactivos_[[#This Row],[Cantidad RED LASE]],"LASE",IF(B62=Reactivos_[[#This Row],[Cantidad LANIA]],"LANIA",IF(B62=Reactivos_[[#This Row],[Cantidad SPA]],"SPA"," "))))))))) -> LDV | B62: =MAX(Reactivos_[[#This Row],[Cantidad LANIP]],Reactivos_[[#This Row],[Cantidad LDV]],Reactivos_[[#This Row],[Cantidad LNDV]],Reactivos_[[#This Row],[GGCA]],Reactivos_[[#This Row],[Cantidad LDF]],Reactivos_[[#This Row],[Cantidad LDF&MR]],Reactivos_[[#This Row],[Cantidad RED LASE]],Reactivos_[[#This Row],[Cantidad LANIA]],Reactivos_[[#This Row],[Cantidad SPA]]) -> 20 | C62: 60 | D62: 69 | E62: Agar Noble | H62: Sigma - Merck o equivalente | I62: Frasco x 250g | J62: =SUM(Reactivos_[[#This Row],[Cantidad LANIP]],Reactivos_[[#This Row],[Cantidad LDV]],Reactivos_[[#This Row],[Cantidad LNDV]],Reactivos_[[#This Row],[GGCA]],Reactivos_[[#This Row],[Cantidad LDF]],Reactivos_[[#This Row],[Cantidad LDF&MR]],Reactivos_[[#This Row],[Cantidad RED LASE]],Reactivos_[[#This Row],[Cantidad LANIA]],Reactivos_[[#This Row],[Cantidad SPA]]) -> 20 | K62: 2019815 | L62: =+Reactivos_[[#This Row],[Cantidad]]*Reactivos_[[#This Row],[Valor de referencia]] -> 40396300 | M62: 0 | N62: =+Reactivos_[[#This Row],[Valor de referencia]]*Reactivos_[[#This Row],[Cantidad LANIP]] -> 0 | O62: 20 | P62: =+Reactivos_[[#This Row],[Cantidad LDV]]*Reactivos_[[#This Row],[Valor de referencia]] -> 40396300 | R62: =+Reactivos_[[#This Row],[Cantidad LNDV]]*Reactivos_[[#This Row],[Valor de referencia]] -> 0 | T62: =+Reactivos_[[#This Row],[GGCA]]*Reactivos_[[#This Row],[Valor de referencia]] -> 0 | V62: =+Reactivos_[[#This Row],[Cantidad LDF]]*Reactivos_[[#This Row],[Valor de referencia]] -> 0 | X62: =+Reactivos_[[#This Row],[Cantidad LDF&MR]]*Reactivos_[[#This Row],[Valor de referencia]] -> 0 | Z62: =+Reactivos_[[#This Row],[Cantidad RED LASE]]*Reactivos_[[#This Row],[Valor de referencia]] -> 0 | AB62: =+Reactivos_[[#This Row],[Cantidad LANIA]]*Reactivos_[[#This Row],[Valor de referencia]] -> 0 | AD62: =+Reactivos_[[#This Row],[Cantidad SPA]]*Reactivos_[[#This Row],[Valor de referencia]] -> 0 | AE62: No aplica | AF62: SI
A63: =IF(B63=Reactivos_[[#This Row],[Cantidad LANIP]],"LANIP",IF(B63=Reactivos_[[#This Row],[Cantidad LDV]],"LDV",IF(B63=Reactivos_[[#This Row],[Cantidad LNDV]],"LNDV",IF(B63=Reactivos_[[#This Row],[GGCA]],"GGCA",IF(B63=Reactivos_[[#This Row],[Cantidad LDF]],"LDF",IF(Reactivos_[[#This Row],[Cantidad LDF&MR]],"LDF&MR",IF(B63=Reactivos_[[#This Row],[Cantidad RED LASE]],"LASE",IF(B63=Reactivos_[[#This Row],[Cantidad LANIA]],"LANIA",IF(B63=Reactivos_[[#This Row],[Cantidad SPA]],"SPA"," "))))))))) -> LANIP | B63: =MAX(Reactivos_[[#This Row],[Cantidad LANIP]],Reactivos_[[#This Row],[Cantidad LDV]],Reactivos_[[#This Row],[Cantidad LNDV]],Reactivos_[[#This Row],[GGCA]],Reactivos_[[#This Row],[Cantidad LDF]],Reactivos_[[#This Row],[Cantidad LDF&MR]],Reactivos_[[#This Row],[Cantidad RED LASE]],Reactivos_[[#This Row],[Cantidad LANIA]],Reactivos_[[#This Row],[Cantidad SPA]]) -> 1 | C63: 61 | D63: 70 | E63: Agar ROSA de Bengala y Cloranfenicol | H63: CONDALAB o equivalente | I63: Frasco x 500g | J63: =SUM(Reactivos_[[#This Row],[Cantidad LANIP]],Reactivos_[[#This Row],[Cantidad LDV]],Reactivos_[[#This Row],[Cantidad LNDV]],Reactivos_[[#This Row],[GGCA]],Reactivos_[[#This Row],[Cantidad LDF]],Reactivos_[[#This Row],[Cantidad LDF&MR]],Reactivos_[[#This Row],[Cantidad RED LASE]],Reactivos_[[#This Row],[Cantidad LANIA]],Reactivos_[[#This Row],[Cantidad SPA]]) -> 2 | K63: 615090 | L63: =+Reactivos_[[#This Row],[Cantidad]]*Reactivos_[[#This Row],[Valor de referencia]] -> 1230180 | M63: 1 | N63: =+Reactivos_[[#This Row],[Valor de referencia]]*Reactivos_[[#This Row],[Cantidad LANIP]] -> 615090 | P63: =+Reactivos_[[#This Row],[Cantidad LDV]]*Reactivos_[[#This Row],[Valor de referencia]] -> 0 | R63: =+Reactivos_[[#This Row],[Cantidad LNDV]]*Reactivos_[[#This Row],[Valor de referencia]] -> 0 | T63: =+Reactivos_[[#This Row],[GGCA]]*Reactivos_[[#This Row],[Valor de referencia]] -> 0 | V63: =+Reactivos_[[#This Row],[Cantidad LDF]]*Reactivos_[[#This Row],[Valor de referencia]] -> 0 | X63: =+Reactivos_[[#This Row],[Cantidad LDF&MR]]*Reactivos_[[#This Row],[Valor de referencia]] -> 0 | Z63: =+Reactivos_[[#This Row],[Cantidad RED LASE]]*Reactivos_[[#This Row],[Valor de referencia]] -> 0 | AA63: 1 | AB63: =+Reactivos_[[#This Row],[Cantidad LANIA]]*Reactivos_[[#This Row],[Valor de referencia]] -> 615090 | AD63: =+Reactivos_[[#This Row],[Cantidad SPA]]*Reactivos_[[#This Row],[Valor de referencia]] -> 0 | AE63: No aplica | AF63: SI
A64: =IF(B64=Reactivos_[[#This Row],[Cantidad LANIP]],"LANIP",IF(B64=Reactivos_[[#This Row],[Cantidad LDV]],"LDV",IF(B64=Reactivos_[[#This Row],[Cantidad LNDV]],"LNDV",IF(B64=Reactivos_[[#This Row],[GGCA]],"GGCA",IF(B64=Reactivos_[[#This Row],[Cantidad LDF]],"LDF",IF(Reactivos_[[#This Row],[Cantidad LDF&MR]],"LDF&MR",IF(B64=Reactivos_[[#This Row],[Cantidad RED LASE]],"LASE",IF(B64=Reactivos_[[#This Row],[Cantidad LANIA]],"LANIA",IF(B64=Reactivos_[[#This Row],[Cantidad SPA]],"SPA"," "))))))))) -> LDV | B64: =MAX(Reactivos_[[#This Row],[Cantidad LANIP]],Reactivos_[[#This Row],[Cantidad LDV]],Reactivos_[[#This Row],[Cantidad LNDV]],Reactivos_[[#This Row],[GGCA]],Reactivos_[[#This Row],[Cantidad LDF]],Reactivos_[[#This Row],[Cantidad LDF&MR]],Reactivos_[[#This Row],[Cantidad RED LASE]],Reactivos_[[#This Row],[Cantidad LANIA]],Reactivos_[[#This Row],[Cantidad SPA]]) -> 4 | C64: 62 | D64: 71 | E64: Agar Saboureaud con Cloranfenicol | H64: Merck o CONDALAB 1090 o equivalente | I64: Frasco x 500g | J64: =SUM(Reactivos_[[#This Row],[Cantidad LANIP]],Reactivos_[[#This Row],[Cantidad LDV]],Reactivos_[[#This Row],[Cantidad LNDV]],Reactivos_[[#This Row],[GGCA]],Reactivos_[[#This Row],[Cantidad LDF]],Reactivos_[[#This Row],[Cantidad LDF&MR]],Reactivos_[[#This Row],[Cantidad RED LASE]],Reactivos_[[#This Row],[Cantidad LANIA]],Reactivos_[[#This Row],[Cantidad SPA]]) -> 13 | K64: 411145 | L64: =+Reactivos_[[#This Row],[Cantidad]]*Reactivos_[[#This Row],[Valor de referencia]] -> 5344885 | M64: 2 | N64: =+Reactivos_[[#This Row],[Valor de referencia]]*Reactivos_[[#This Row],[Cantidad LANIP]] -> 822290 | O64: 4 | P64: =+Reactivos_[[#This Row],[Cantidad LDV]]*Reactivos_[[#This Row],[Valor de referencia]] -> 1644580 | Q64: 1 | R64: =+Reactivos_[[#This Row],[Cantidad LNDV]]*Reactivos_[[#This Row],[Valor de referencia]] -> 411145 | T64: =+Reactivos_[[#This Row],[GGCA]]*Reactivos_[[#This Row],[Valor de referencia]] -> 0 | U64: 2 | V64: =+Reactivos_[[#This Row],[Cantidad LDF]]*Reactivos_[[#This Row],[Valor de referencia]] -> 822290 | X64: =+Reactivos_[[#This Row],[Cantidad LDF&MR]]*Reactivos_[[#This Row],[Valor de referencia]] -> 0 | Z64: =+Reactivos_[[#This Row],[Cantidad RED LASE]]*Reactivos_[[#This Row],[Valor de referencia]] -> 0 | AA64: 4 | AB64: =+Reactivos_[[#This Row],[Cantidad LANIA]]*Reactivos_[[#This Row],[Valor de referencia]] -> 1644580 | AD64: =+Reactivos_[[#This Row],[Cantidad SPA]]*Reactivos_[[#This Row],[Valor de referencia]] -> 0 | AE64: No aplica | AF64: SI
A65: =IF(B65=Reactivos_[[#This Row],[Cantidad LANIP]],"LANIP",IF(B65=Reactivos_[[#This Row],[Cantidad LDV]],"LDV",IF(B65=Reactivos_[[#This Row],[Cantidad LNDV]],"LNDV",IF(B65=Reactivos_[[#This Row],[GGCA]],"GGCA",IF(B65=Reactivos_[[#This Row],[Cantidad LDF]],"LDF",IF(Reactivos_[[#This Row],[Cantidad LDF&MR]],"LDF&MR",IF(B65=Reactivos_[[#This Row],[Cantidad RED LASE]],"LASE",IF(B65=Reactivos_[[#This Row],[Cantidad LANIA]],"LANIA",IF(B65=Reactivos_[[#This Row],[Cantidad SPA]],"SPA"," "))))))))) -> LNDV | B65: =MAX(Reactivos_[[#This Row],[Cantidad LANIP]],Reactivos_[[#This Row],[Cantidad LDV]],Reactivos_[[#This Row],[Cantidad LNDV]],Reactivos_[[#This Row],[GGCA]],Reactivos_[[#This Row],[Cantidad LDF]],Reactivos_[[#This Row],[Cantidad LDF&MR]],Reactivos_[[#This Row],[Cantidad RED LASE]],Reactivos_[[#This Row],[Cantidad LANIA]],Reactivos_[[#This Row],[Cantidad SPA]]) -> 1 | C65: 63 | D65: 72 | E65: Agar Sangre azida | F65: 26628-22-8 | H65: Condalab 111300 o equivalente | I65: Frasco X 500g | J65: =SUM(Reactivos_[[#This Row],[Cantidad LANIP]],Reactivos_[[#This Row],[Cantidad LDV]],Reactivos_[[#This Row],[Cantidad LNDV]],Reactivos_[[#This Row],[GGCA]],Reactivos_[[#This Row],[Cantidad LDF]],Reactivos_[[#This Row],[Cantidad LDF&MR]],Reactivos_[[#This Row],[Cantidad RED LASE]],Reactivos_[[#This Row],[Cantidad LANIA]],Reactivos_[[#This Row],[Cantidad SPA]]) -> 1 | K65: 698233 | L65: =+Reactivos_[[#This Row],[Cantidad]]*Reactivos_[[#This Row],[Valor de referencia]] -> 698233 | M65: 0 | N65: =+Reactivos_[[#This Row],[Valor de referencia]]*Reactivos_[[#This Row],[Cantidad LANIP]] -> 0 | P65: =+Reactivos_[[#This Row],[Cantidad LDV]]*Reactivos_[[#This Row],[Valor de referencia]] -> 0 | Q65: 1 | R65: =+Reactivos_[[#This Row],[Cantidad LNDV]]*Reactivos_[[#This Row],[Valor de referencia]] -> 698233 | T65: =+Reactivos_[[#This Row],[GGCA]]*Reactivos_[[#This Row],[Valor de referencia]] -> 0 | V65: =+Reactivos_[[#This Row],[Cantidad LDF]]*Reactivos_[[#This Row],[Valor de referencia]] -> 0 | X65: =+Reactivos_[[#This Row],[Cantidad LDF&MR]]*Reactivos_[[#This Row],[Valor de referencia]] -> 0 | Z65: =+Reactivos_[[#This Row],[Cantidad RED LASE]]*Reactivos_[[#This Row],[Valor de referencia]] -> 0 | AB65: =+Reactivos_[[#This Row],[Cantidad LANIA]]*Reactivos_[[#This Row],[Valor de referencia]] -> 0 | AD65: =+Reactivos_[[#This Row],[Cantidad SPA]]*Reactivos_[[#This Row],[Valor de referencia]] -> 0 | AE65: No aplica | AF65: SI
A66: =IF(B66=Reactivos_[[#This Row],[Cantidad LANIP]],"LANIP",IF(B66=Reactivos_[[#This Row],[Cantidad LDV]],"LDV",IF(B66=Reactivos_[[#This Row],[Cantidad LNDV]],"LNDV",IF(B66=Reactivos_[[#This Row],[GGCA]],"GGCA",IF(B66=Reactivos_[[#This Row],[Cantidad LDF]],"LDF",IF(Reactivos_[[#This Row],[Cantidad LDF&MR]],"LDF&MR",IF(B66=Reactivos_[[#This Row],[Cantidad RED LASE]],"LASE",IF(B66=Reactivos_[[#This Row],[Cantidad LANIA]],"LANIA",IF(B66=Reactivos_[[#This Row],[Cantidad SPA]],"SPA"," "))))))))) -> LNDV | B66: =MAX(Reactivos_[[#This Row],[Cantidad LANIP]],Reactivos_[[#This Row],[Cantidad LDV]],Reactivos_[[#This Row],[Cantidad LNDV]],Reactivos_[[#This Row],[GGCA]],Reactivos_[[#This Row],[Cantidad LDF]],Reactivos_[[#This Row],[Cantidad LDF&MR]],Reactivos_[[#This Row],[Cantidad RED LASE]],Reactivos_[[#This Row],[Cantidad LANIA]],Reactivos_[[#This Row],[Cantidad SPA]]) -> 2 | C66: 64 | D66: 73 | E66: Agar SPS | H66: Sigma o CONDALAB 1082 o Merck o equivalente | I66: Frasco x 500g | J66: =SUM(Reactivos_[[#This Row],[Cantidad LANIP]],Reactivos_[[#This Row],[Cantidad LDV]],Reactivos_[[#This Row],[Cantidad LNDV]],Reactivos_[[#This Row],[GGCA]],Reactivos_[[#This Row],[Cantidad LDF]],Reactivos_[[#This Row],[Cantidad LDF&MR]],Reactivos_[[#This Row],[Cantidad RED LASE]],Reactivos_[[#This Row],[Cantidad LANIA]],Reactivos_[[#This Row],[Cantidad SPA]]) -> 4 | K66: 663871 | L66: =+Reactivos_[[#This Row],[Cantidad]]*Reactivos_[[#This Row],[Valor de referencia]] -> 2655484 | M66: 0 | N66: =+Reactivos_[[#This Row],[Valor de referencia]]*Reactivos_[[#This Row],[Cantidad LANIP]] -> 0 | O66: 1 | P66: =+Reactivos_[[#This Row],[Cantidad LDV]]*Reactivos_[[#This Row],[Valor de referencia]] -> 663871 | Q66: 2 | R66: =+Reactivos_[[#This Row],[Cantidad LNDV]]*Reactivos_[[#This Row],[Valor de referencia]] -> 1327742 | T66: =+Reactivos_[[#This Row],[GGCA]]*Reactivos_[[#This Row],[Valor de referencia]] -> 0 | V66: =+Reactivos_[[#This Row],[Cantidad LDF]]*Reactivos_[[#This Row],[Valor de referencia]] -> 0 | X66: =+Reactivos_[[#This Row],[Cantidad LDF&MR]]*Reactivos_[[#This Row],[Valor de referencia]] -> 0 | Z66: =+Reactivos_[[#This Row],[Cantidad RED LASE]]*Reactivos_[[#This Row],[Valor de referencia]] -> 0 | AA66: 1 | AB66: =+Reactivos_[[#This Row],[Cantidad LANIA]]*Reactivos_[[#This Row],[Valor de referencia]] -> 663871 | AD66: =+Reactivos_[[#This Row],[Cantidad SPA]]*Reactivos_[[#This Row],[Valor de referencia]] -> 0 | AE66: No aplica | AF66: SI
A67: =IF(B67=Reactivos_[[#This Row],[Cantidad LANIP]],"LANIP",IF(B67=Reactivos_[[#This Row],[Cantidad LDV]],"LDV",IF(B67=Reactivos_[[#This Row],[Cantidad LNDV]],"LNDV",IF(B67=Reactivos_[[#This Row],[GGCA]],"GGCA",IF(B67=Reactivos_[[#This Row],[Cantidad LDF]],"LDF",IF(Reactivos_[[#This Row],[Cantidad LDF&MR]],"LDF&MR",IF(B67=Reactivos_[[#This Row],[Cantidad RED LASE]],"LASE",IF(B67=Reactivos_[[#This Row],[Cantidad LANIA]],"LANIA",IF(B67=Reactivos_[[#This Row],[Cantidad SPA]],"SPA"," "))))))))) -> LANIP | B67: =MAX(Reactivos_[[#This Row],[Cantidad LANIP]],Reactivos_[[#This Row],[Cantidad LDV]],Reactivos_[[#This Row],[Cantidad LNDV]],Reactivos_[[#This Row],[GGCA]],Reactivos_[[#This Row],[Cantidad LDF]],Reactivos_[[#This Row],[Cantidad LDF&MR]],Reactivos_[[#This Row],[Cantidad RED LASE]],Reactivos_[[#This Row],[Cantidad LANIA]],Reactivos_[[#This Row],[Cantidad SPA]]) -> 3 | C67: 65 | D67: 74 | E67: Agar TBX cromogenico para recuento de E. coli. | H67: CONDALAB 1151 o equivalentes | I67: Frasco x 500g | J67: =SUM(Reactivos_[[#This Row],[Cantidad LANIP]],Reactivos_[[#This Row],[Cantidad LDV]],Reactivos_[[#This Row],[Cantidad LNDV]],Reactivos_[[#This Row],[GGCA]],Reactivos_[[#This Row],[Cantidad LDF]],Reactivos_[[#This Row],[Cantidad LDF&MR]],Reactivos_[[#This Row],[Cantidad RED LASE]],Reactivos_[[#This Row],[Cantidad LANIA]],Reactivos_[[#This Row],[Cantidad SPA]]) -> 3 | K67: 2297218 | L67: =+Reactivos_[[#This Row],[Cantidad]]*Reactivos_[[#This Row],[Valor de referencia]] -> 6891654 | M67: 3 | N67: =+Reactivos_[[#This Row],[Valor de referencia]]*Reactivos_[[#This Row],[Cantidad LANIP]] -> 6891654 | O67: 0 | P67: =+Reactivos_[[#This Row],[Cantidad LDV]]*Reactivos_[[#This Row],[Valor de referencia]] -> 0 | R67: =+Reactivos_[[#This Row],[Cantidad LNDV]]*Reactivos_[[#This Row],[Valor de referencia]] -> 0 | T67: =+Reactivos_[[#This Row],[GGCA]]*Reactivos_[[#This Row],[Valor de referencia]] -> 0 | V67: =+Reactivos_[[#This Row],[Cantidad LDF]]*Reactivos_[[#This Row],[Valor de referencia]] -> 0 | X67: =+Reactivos_[[#This Row],[Cantidad LDF&MR]]*Reactivos_[[#This Row],[Valor de referencia]] -> 0 | Z67: =+Reactivos_[[#This Row],[Cantidad RED LASE]]*Reactivos_[[#This Row],[Valor de referencia]] -> 0 | AB67: =+Reactivos_[[#This Row],[Cantidad LANIA]]*Reactivos_[[#This Row],[Valor de referencia]] -> 0 | AD67: =+Reactivos_[[#This Row],[Cantidad SPA]]*Reactivos_[[#This Row],[Valor de referencia]] -> 0 | AE67: No aplica | AF67: SI
A68: =IF(B68=Reactivos_[[#This Row],[Cantidad LANIP]],"LANIP",IF(B68=Reactivos_[[#This Row],[Cantidad LDV]],"LDV",IF(B68=Reactivos_[[#This Row],[Cantidad LNDV]],"LNDV",IF(B68=Reactivos_[[#This Row],[GGCA]],"GGCA",IF(B68=Reactivos_[[#This Row],[Cantidad LDF]],"LDF",IF(Reactivos_[[#This Row],[Cantidad LDF&MR]],"LDF&MR",IF(B68=Reactivos_[[#This Row],[Cantidad RED LASE]],"LASE",IF(B68=Reactivos_[[#This Row],[Cantidad LANIA]],"LANIA",IF(B68=Reactivos_[[#This Row],[Cantidad SPA]],"SPA"," "))))))))) -> LNDV | B68: =MAX(Reactivos_[[#This Row],[Cantidad LANIP]],Reactivos_[[#This Row],[Cantidad LDV]],Reactivos_[[#This Row],[Cantidad LNDV]],Reactivos_[[#This Row],[GGCA]],Reactivos_[[#This Row],[Cantidad LDF]],Reactivos_[[#This Row],[Cantidad LDF&MR]],Reactivos_[[#This Row],[Cantidad RED LASE]],Reactivos_[[#This Row],[Cantidad LANIA]],Reactivos_[[#This Row],[Cantidad SPA]]) -> 3 | C68: 66 | D68: 75 | E68: Agar TSN | H68: Merck o CONDALAB 1075 o equivalente | I68: Frasco x 500g | J68: =SUM(Reactivos_[[#This Row],[Cantidad LANIP]],Reactivos_[[#This Row],[Cantidad LDV]],Reactivos_[[#This Row],[Cantidad LNDV]],Reactivos_[[#This Row],[GGCA]],Reactivos_[[#This Row],[Cantidad LDF]],Reactivos_[[#This Row],[Cantidad LDF&MR]],Reactivos_[[#This Row],[Cantidad RED LASE]],Reactivos_[[#This Row],[Cantidad LANIA]],Reactivos_[[#This Row],[Cantidad SPA]]) -> 5 | K68: 1200510 | L68: =+Reactivos_[[#This Row],[Cantidad]]*Reactivos_[[#This Row],[Valor de referencia]] -> 6002550 | M68: 1 | N68: =+Reactivos_[[#This Row],[Valor de referencia]]*Reactivos_[[#This Row],[Cantidad LANIP]] -> 1200510 | O68: 1 | P68: =+Reactivos_[[#This Row],[Cantidad LDV]]*Reactivos_[[#This Row],[Valor de referencia]] -> 1200510 | Q68: 3 | R68: =+Reactivos_[[#This Row],[Cantidad LNDV]]*Reactivos_[[#This Row],[Valor de referencia]] -> 3601530 | T68: =+Reactivos_[[#This Row],[GGCA]]*Reactivos_[[#This Row],[Valor de referencia]] -> 0 | V68: =+Reactivos_[[#This Row],[Cantidad LDF]]*Reactivos_[[#This Row],[Valor de referencia]] -> 0 | X68: =+Reactivos_[[#This Row],[Cantidad LDF&MR]]*Reactivos_[[#This Row],[Valor de referencia]] -> 0 | Z68: =+Reactivos_[[#This Row],[Cantidad RED LASE]]*Reactivos_[[#This Row],[Valor de referencia]] -> 0 | AB68: =+Reactivos_[[#This Row],[Cantidad LANIA]]*Reactivos_[[#This Row],[Valor de referencia]] -> 0 | AD68: =+Reactivos_[[#This Row],[Cantidad SPA]]*Reactivos_[[#This Row],[Valor de referencia]] -> 0 | AE68: No aplica | AF68: SI
A69: =IF(B69=Reactivos_[[#This Row],[Cantidad LANIP]],"LANIP",IF(B69=Reactivos_[[#This Row],[Cantidad LDV]],"LDV",IF(B69=Reactivos_[[#This Row],[Cantidad LNDV]],"LNDV",IF(B69=Reactivos_[[#This Row],[GGCA]],"GGCA",IF(B69=Reactivos_[[#This Row],[Cantidad LDF]],"LDF",IF(Reactivos_[[#This Row],[Cantidad LDF&MR]],"LDF&MR",IF(B69=Reactivos_[[#This Row],[Cantidad RED LASE]],"LASE",IF(B69=Reactivos_[[#This Row],[Cantidad LANIA]],"LANIA",IF(B69=Reactivos_[[#This Row],[Cantidad SPA]],"SPA"," "))))))))) -> LANIP | B69: =MAX(Reactivos_[[#This Row],[Cantidad LANIP]],Reactivos_[[#This Row],[Cantidad LDV]],Reactivos_[[#This Row],[Cantidad LNDV]],Reactivos_[[#This Row],[GGCA]],Reactivos_[[#This Row],[Cantidad LDF]],Reactivos_[[#This Row],[Cantidad LDF&MR]],Reactivos_[[#This Row],[Cantidad RED LASE]],Reactivos_[[#This Row],[Cantidad LANIA]],Reactivos_[[#This Row],[Cantidad SPA]]) -> 1 | C69: 67 | D69: 76 | E69: Agar YGC | H69: Merck o CONDALAB 1301 o equivalente | I69: Frasco x 500 g | J69: =SUM(Reactivos_[[#This Row],[Cantidad LANIP]],Reactivos_[[#This Row],[Cantidad LDV]],Reactivos_[[#This Row],[Cantidad LNDV]],Reactivos_[[#This Row],[GGCA]],Reactivos_[[#This Row],[Cantidad LDF]],Reactivos_[[#This Row],[Cantidad LDF&MR]],Reactivos_[[#This Row],[Cantidad RED LASE]],Reactivos_[[#This Row],[Cantidad LANIA]],Reactivos_[[#This Row],[Cantidad SPA]]) -> 2 | K69: 518245 | L69: =+Reactivos_[[#This Row],[Cantidad]]*Reactivos_[[#This Row],[Valor de referencia]] -> 1036490 | M69: 1 | N69: =+Reactivos_[[#This Row],[Valor de referencia]]*Reactivos_[[#This Row],[Cantidad LANIP]] -> 518245 | P69: =+Reactivos_[[#This Row],[Cantidad LDV]]*Reactivos_[[#This Row],[Valor de referencia]] -> 0 | Q69: 1 | R69: =+Reactivos_[[#This Row],[Cantidad LNDV]]*Reactivos_[[#This Row],[Valor de referencia]] -> 518245 | T69: =+Reactivos_[[#This Row],[GGCA]]*Reactivos_[[#This Row],[Valor de referencia]] -> 0 | V69: =+Reactivos_[[#This Row],[Cantidad LDF]]*Reactivos_[[#This Row],[Valor de referencia]] -> 0 | X69: =+Reactivos_[[#This Row],[Cantidad LDF&MR]]*Reactivos_[[#This Row],[Valor de referencia]] -> 0 | Z69: =+Reactivos_[[#This Row],[Cantidad RED LASE]]*Reactivos_[[#This Row],[Valor de referencia]] -> 0 | AB69: =+Reactivos_[[#This Row],[Cantidad LANIA]]*Reactivos_[[#This Row],[Valor de referencia]] -> 0 | AD69: =+Reactivos_[[#This Row],[Cantidad SPA]]*Reactivos_[[#This Row],[Valor de referencia]] -> 0 | AE69: No aplica | AF69: SI
A70: =IF(B70=Reactivos_[[#This Row],[Cantidad LANIP]],"LANIP",IF(B70=Reactivos_[[#This Row],[Cantidad LDV]],"LDV",IF(B70=Reactivos_[[#This Row],[Cantidad LNDV]],"LNDV",IF(B70=Reactivos_[[#This Row],[GGCA]],"GGCA",IF(B70=Reactivos_[[#This Row],[Cantidad LDF]],"LDF",IF(Reactivos_[[#This Row],[Cantidad LDF&MR]],"LDF&MR",IF(B70=Reactivos_[[#This Row],[Cantidad RED LASE]],"LASE",IF(B70=Reactivos_[[#This Row],[Cantidad LANIA]],"LANIA",IF(B70=Reactivos_[[#This Row],[Cantidad SPA]],"SPA"," "))))))))) -> LNDV | B70: =MAX(Reactivos_[[#This Row],[Cantidad LANIP]],Reactivos_[[#This Row],[Cantidad LDV]],Reactivos_[[#This Row],[Cantidad LNDV]],Reactivos_[[#This Row],[GGCA]],Reactivos_[[#This Row],[Cantidad LDF]],Reactivos_[[#This Row],[Cantidad LDF&MR]],Reactivos_[[#This Row],[Cantidad RED LASE]],Reactivos_[[#This Row],[Cantidad LANIA]],Reactivos_[[#This Row],[Cantidad SPA]]) -> 1 | C70: 68 | D70: 77 | E70: Agarosa grado biología molecular | F70: 9012-36-6 | H70: VWR LIFE SCIENCE Ref: 97062-250 o Merck o Acumedia o BBL o Sharlau o Sigma o VWR LIFE o equivalente | I70: Frasco x 500g | J70: =SUM(Reactivos_[[#This Row],[Cantidad LANIP]],Reactivos_[[#This Row],[Cantidad LDV]],Reactivos_[[#This Row],[Cantidad LNDV]],Reactivos_[[#This Row],[GGCA]],Reactivos_[[#This Row],[Cantidad LDF]],Reactivos_[[#This Row],[Cantidad LDF&MR]],Reactivos_[[#This Row],[Cantidad RED LASE]],Reactivos_[[#This Row],[Cantidad LANIA]],Reactivos_[[#This Row],[Cantidad SPA]]) -> 2 | K70: 5954696 | L70: =+Reactivos_[[#This Row],[Cantidad]]*Reactivos_[[#This Row],[Valor de referencia]] -> 11909392 | M70: 0 | N70: =+Reactivos_[[#This Row],[Valor de referencia]]*Reactivos_[[#This Row],[Cantidad LANIP]] -> 0 | P70: =+Reactivos_[[#This Row],[Cantidad LDV]]*Reactivos_[[#This Row],[Valor de referencia]] -> 0 | Q70: 1 | R70: =+Reactivos_[[#This Row],[Cantidad LNDV]]*Reactivos_[[#This Row],[Valor de referencia]] -> 5954696 | T70: =+Reactivos_[[#This Row],[GGCA]]*Reactivos_[[#This Row],[Valor de referencia]] -> 0 | V70: =+Reactivos_[[#This Row],[Cantidad LDF]]*Reactivos_[[#This Row],[Valor de referencia]] -> 0 | X70: =+Reactivos_[[#This Row],[Cantidad LDF&MR]]*Reactivos_[[#This Row],[Valor de referencia]] -> 0 | Z70: =+Reactivos_[[#This Row],[Cantidad RED LASE]]*Reactivos_[[#This Row],[Valor de referencia]] -> 0 | AA70: 1 | AB70: =+Reactivos_[[#This Row],[Cantidad LANIA]]*Reactivos_[[#This Row],[Valor de referencia]] -> 5954696 | AD70: =+Reactivos_[[#This Row],[Cantidad SPA]]*Reactivos_[[#This Row],[Valor de referencia]] -> 0 | AE70: No aplica | AF70: SI
A71: =IF(B71=Reactivos_[[#This Row],[Cantidad LANIP]],"LANIP",IF(B71=Reactivos_[[#This Row],[Cantidad LDV]],"LDV",IF(B71=Reactivos_[[#This Row],[Cantidad LNDV]],"LNDV",IF(B71=Reactivos_[[#This Row],[GGCA]],"GGCA",IF(B71=Reactivos_[[#This Row],[Cantidad LDF]],"LDF",IF(Reactivos_[[#This Row],[Cantidad LDF&MR]],"LDF&MR",IF(B71=Reactivos_[[#This Row],[Cantidad RED LASE]],"LASE",IF(B71=Reactivos_[[#This Row],[Cantidad LANIA]],"LANIA",IF(B71=Reactivos_[[#This Row],[Cantidad SPA]],"SPA"," "))))))))) -> LNDV | B71: =MAX(Reactivos_[[#This Row],[Cantidad LANIP]],Reactivos_[[#This Row],[Cantidad LDV]],Reactivos_[[#This Row],[Cantidad LNDV]],Reactivos_[[#This Row],[GGCA]],Reactivos_[[#This Row],[Cantidad LDF]],Reactivos_[[#This Row],[Cantidad LDF&MR]],Reactivos_[[#This Row],[Cantidad RED LASE]],Reactivos_[[#This Row],[Cantidad LANIA]],Reactivos_[[#This Row],[Cantidad SPA]]) -> 1 | C71: 69 | D71: 78 | E71: Agat Bilis Esculina | H71: MERCK / SIGMA o equivalente | I71: frasco 500g | J71: =SUM(Reactivos_[[#This Row],[Cantidad LANIP]],Reactivos_[[#This Row],[Cantidad LDV]],Reactivos_[[#This Row],[Cantidad LNDV]],Reactivos_[[#This Row],[GGCA]],Reactivos_[[#This Row],[Cantidad LDF]],Reactivos_[[#This Row],[Cantidad LDF&MR]],Reactivos_[[#This Row],[Cantidad RED LASE]],Reactivos_[[#This Row],[Cantidad LANIA]],Reactivos_[[#This Row],[Cantidad SPA]]) -> 1 | K71: 1394430 | L71: =+Reactivos_[[#This Row],[Cantidad]]*Reactivos_[[#This Row],[Valor de referencia]] -> 1394430 | M71: 0 | N71: =+Reactivos_[[#This Row],[Valor de referencia]]*Reactivos_[[#This Row],[Cantidad LANIP]] -> 0 | P71: =+Reactivos_[[#This Row],[Cantidad LDV]]*Reactivos_[[#This Row],[Valor de referencia]] -> 0 | Q71: 1 | R71: =+Reactivos_[[#This Row],[Cantidad LNDV]]*Reactivos_[[#This Row],[Valor de referencia]] -> 1394430 | T71: =+Reactivos_[[#This Row],[GGCA]]*Reactivos_[[#This Row],[Valor de referencia]] -> 0 | V71: =+Reactivos_[[#This Row],[Cantidad LDF]]*Reactivos_[[#This Row],[Valor de referencia]] -> 0 | X71: =+Reactivos_[[#This Row],[Cantidad LDF&MR]]*Reactivos_[[#This Row],[Valor de referencia]] -> 0 | Z71: =+Reactivos_[[#This Row],[Cantidad RED LASE]]*Reactivos_[[#This Row],[Valor de referencia]] -> 0 | AB71: =+Reactivos_[[#This Row],[Cantidad LANIA]]*Reactivos_[[#This Row],[Valor de referencia]] -> 0 | AD71: =+Reactivos_[[#This Row],[Cantidad SPA]]*Reactivos_[[#This Row],[Valor de referencia]] -> 0 | AE71: No aplica | AF71: SI
A72: =IF(B72=Reactivos_[[#This Row],[Cantidad LANIP]],"LANIP",IF(B72=Reactivos_[[#This Row],[Cantidad LDV]],"LDV",IF(B72=Reactivos_[[#This Row],[Cantidad LNDV]],"LNDV",IF(B72=Reactivos_[[#This Row],[GGCA]],"GGCA",IF(B72=Reactivos_[[#This Row],[Cantidad LDF]],"LDF",IF(Reactivos_[[#This Row],[Cantidad LDF&MR]],"LDF&MR",IF(B72=Reactivos_[[#This Row],[Cantidad RED LASE]],"LASE",IF(B72=Reactivos_[[#This Row],[Cantidad LANIA]],"LANIA",IF(B72=Reactivos_[[#This Row],[Cantidad SPA]],"SPA"," "))))))))) -> LNDV | B72: =MAX(Reactivos_[[#This Row],[Cantidad LANIP]],Reactivos_[[#This Row],[Cantidad LDV]],Reactivos_[[#This Row],[Cantidad LNDV]],Reactivos_[[#This Row],[GGCA]],Reactivos_[[#This Row],[Cantidad LDF]],Reactivos_[[#This Row],[Cantidad LDF&MR]],Reactivos_[[#This Row],[Cantidad RED LASE]],Reactivos_[[#This Row],[Cantidad LANIA]],Reactivos_[[#This Row],[Cantidad SPA]]) -> 192 | C72: 70 | D72: 79 | E72: AgPath-ID(TM) One-step RT-PCR Kit; (100 rxn); | H72: Thermo Fisher Aplied AM1005 | I72: Kit x 100 rxn | J72: =SUM(Reactivos_[[#This Row],[Cantidad LANIP]],Reactivos_[[#This Row],[Cantidad LDV]],Reactivos_[[#This Row],[Cantidad LNDV]],Reactivos_[[#This Row],[GGCA]],Reactivos_[[#This Row],[Cantidad LDF]],Reactivos_[[#This Row],[Cantidad LDF&MR]],Reactivos_[[#This Row],[Cantidad RED LASE]],Reactivos_[[#This Row],[Cantidad LANIA]],Reactivos_[[#This Row],[Cantidad SPA]]) -> 292 | K72: 1681580 | L72: =+Reactivos_[[#This Row],[Cantidad]]*Reactivos_[[#This Row],[Valor de referencia]] -> 491021360 | M72: 0 | N72: =+Reactivos_[[#This Row],[Valor de referencia]]*Reactivos_[[#This Row],[Cantidad LANIP]] -> 0 | O72: 100 | P72: =+Reactivos_[[#This Row],[Cantidad LDV]]*Reactivos_[[#This Row],[Valor de referencia]] -> 168158000 | Q72: 192 | R72: =+Reactivos_[[#This Row],[Cantidad LNDV]]*Reactivos_[[#This Row],[Valor de referencia]] -> 322863360 | T72: =+Reactivos_[[#This Row],[GGCA]]*Reactivos_[[#This Row],[Valor de referencia]] -> 0 | V72: =+Reactivos_[[#This Row],[Cantidad LDF]]*Reactivos_[[#This Row],[Valor de referencia]] -> 0 | X72: =+Reactivos_[[#This Row],[Cantidad LDF&MR]]*Reactivos_[[#This Row],[Valor de referencia]] -> 0 | Z72: =+Reactivos_[[#This Row],[Cantidad RED LASE]]*Reactivos_[[#This Row],[Valor de referencia]] -> 0 | AB72: =+Reactivos_[[#This Row],[Cantidad LANIA]]*Reactivos_[[#This Row],[Valor de referencia]] -> 0 | AD72: =+Reactivos_[[#This Row],[Cantidad SPA]]*Reactivos_[[#This Row],[Valor de referencia]] -> 0 | AE72: No aplica | AF72: SI
A73: =IF(B73=Reactivos_[[#This Row],[Cantidad LANIP]],"LANIP",IF(B73=Reactivos_[[#This Row],[Cantidad LDV]],"LDV",IF(B73=Reactivos_[[#This Row],[Cantidad LNDV]],"LNDV",IF(B73=Reactivos_[[#This Row],[GGCA]],"GGCA",IF(B73=Reactivos_[[#This Row],[Cantidad LDF]],"LDF",IF(Reactivos_[[#This Row],[Cantidad LDF&MR]],"LDF&MR",IF(B73=Reactivos_[[#This Row],[Cantidad RED LASE]],"LASE",IF(B73=Reactivos_[[#This Row],[Cantidad LANIA]],"LANIA",IF(B73=Reactivos_[[#This Row],[Cantidad SPA]],"SPA"," "))))))))) -> LDF&MR | B73: =MAX(Reactivos_[[#This Row],[Cantidad LANIP]],Reactivos_[[#This Row],[Cantidad LDV]],Reactivos_[[#This Row],[Cantidad LNDV]],Reactivos_[[#This Row],[GGCA]],Reactivos_[[#This Row],[Cantidad LDF]],Reactivos_[[#This Row],[Cantidad LDF&MR]],Reactivos_[[#This Row],[Cantidad RED LASE]],Reactivos_[[#This Row],[Cantidad LANIA]],Reactivos_[[#This Row],[Cantidad SPA]]) -> 1 | C73: 71 | D73: 80 | E73: Agrobacterium tumefaciens (Smith and Townsend) Conn 4720™ | H73: ATCC Conn 4720™ | J73: =SUM(Reactivos_[[#This Row],[Cantidad LANIP]],Reactivos_[[#This Row],[Cantidad LDV]],Reactivos_[[#This Row],[Cantidad LNDV]],Reactivos_[[#This Row],[GGCA]],Reactivos_[[#This Row],[Cantidad LDF]],Reactivos_[[#This Row],[Cantidad LDF&MR]],Reactivos_[[#This Row],[Cantidad RED LASE]],Reactivos_[[#This Row],[Cantidad LANIA]],Reactivos_[[#This Row],[Cantidad SPA]]) -> 1 | K73: 10531500 | L73: =+Reactivos_[[#This Row],[Cantidad]]*Reactivos_[[#This Row],[Valor de referencia]] -> 10531500 | M73: 0 | N73: =+Reactivos_[[#This Row],[Valor de referencia]]*Reactivos_[[#This Row],[Cantidad LANIP]] -> 0 | P73: =+Reactivos_[[#This Row],[Cantidad LDV]]*Reactivos_[[#This Row],[Valor de referencia]] -> 0 | R73: =+Reactivos_[[#This Row],[Cantidad LNDV]]*Reactivos_[[#This Row],[Valor de referencia]] -> 0 | T73: =+Reactivos_[[#This Row],[GGCA]]*Reactivos_[[#This Row],[Valor de referencia]] -> 0 | V73: =+Reactivos_[[#This Row],[Cantidad LDF]]*Reactivos_[[#This Row],[Valor de referencia]] -> 0 | W73: 1 | X73: =+Reactivos_[[#This Row],[Cantidad LDF&MR]]*Reactivos_[[#This Row],[Valor de referencia]] -> 10531500 | Z73: =+Reactivos_[[#This Row],[Cantidad RED LASE]]*Reactivos_[[#This Row],[Valor de referencia]] -> 0 | AB73: =+Reactivos_[[#This Row],[Cantidad LANIA]]*Reactivos_[[#This Row],[Valor de referencia]] -> 0 | AD73: =+Reactivos_[[#This Row],[Cantidad SPA]]*Reactivos_[[#This Row],[Valor de referencia]] -> 0 | AE73: No aplica | AF73: NO APLICA
A74: =IF(B74=Reactivos_[[#This Row],[Cantidad LANIP]],"LANIP",IF(B74=Reactivos_[[#This Row],[Cantidad LDV]],"LDV",IF(B74=Reactivos_[[#This Row],[Cantidad LNDV]],"LNDV",IF(B74=Reactivos_[[#This Row],[GGCA]],"GGCA",IF(B74=Reactivos_[[#This Row],[Cantidad LDF]],"LDF",IF(Reactivos_[[#This Row],[Cantidad LDF&MR]],"LDF&MR",IF(B74=Reactivos_[[#This Row],[Cantidad RED LASE]],"LASE",IF(B74=Reactivos_[[#This Row],[Cantidad LANIA]],"LANIA",IF(B74=Reactivos_[[#This Row],[Cantidad SPA]],"SPA"," "))))))))) -> LANIP | B74: =MAX(Reactivos_[[#This Row],[Cantidad LANIP]],Reactivos_[[#This Row],[Cantidad LDV]],Reactivos_[[#This Row],[Cantidad LNDV]],Reactivos_[[#This Row],[GGCA]],Reactivos_[[#This Row],[Cantidad LDF]],Reactivos_[[#This Row],[Cantidad LDF&MR]],Reactivos_[[#This Row],[Cantidad RED LASE]],Reactivos_[[#This Row],[Cantidad LANIA]],Reactivos_[[#This Row],[Cantidad SPA]]) -> 30 | C74: 72 | D74: 81 | E74: AGUA DESMINERALIZADA SENSITITRE | H74: MERK o equivalente | I74: CAJA X 10 TUBOS X 5 ML | J74: =SUM(Reactivos_[[#This Row],[Cantidad LANIP]],Reactivos_[[#This Row],[Cantidad LDV]],Reactivos_[[#This Row],[Cantidad LNDV]],Reactivos_[[#This Row],[GGCA]],Reactivos_[[#This Row],[Cantidad LDF]],Reactivos_[[#This Row],[Cantidad LDF&MR]],Reactivos_[[#This Row],[Cantidad RED LASE]],Reactivos_[[#This Row],[Cantidad LANIA]],Reactivos_[[#This Row],[Cantidad SPA]]) -> 30 | K74: 755055 | L74: =+Reactivos_[[#This Row],[Cantidad]]*Reactivos_[[#This Row],[Valor de referencia]] -> 22651650 | M74: 30 | N74: =+Reactivos_[[#This Row],[Valor de referencia]]*Reactivos_[[#This Row],[Cantidad LANIP]] -> 22651650 | P74: =+Reactivos_[[#This Row],[Cantidad LDV]]*Reactivos_[[#This Row],[Valor de referencia]] -> 0 | R74: =+Reactivos_[[#This Row],[Cantidad LNDV]]*Reactivos_[[#This Row],[Valor de referencia]] -> 0 | T74: =+Reactivos_[[#This Row],[GGCA]]*Reactivos_[[#This Row],[Valor de referencia]] -> 0 | V74: =+Reactivos_[[#This Row],[Cantidad LDF]]*Reactivos_[[#This Row],[Valor de referencia]] -> 0 | X74: =+Reactivos_[[#This Row],[Cantidad LDF&MR]]*Reactivos_[[#This Row],[Valor de referencia]] -> 0 | Z74: =+Reactivos_[[#This Row],[Cantidad RED LASE]]*Reactivos_[[#This Row],[Valor de referencia]] -> 0 | AB74: =+Reactivos_[[#This Row],[Cantidad LANIA]]*Reactivos_[[#This Row],[Valor de referencia]] -> 0 | AD74: =+Reactivos_[[#This Row],[Cantidad SPA]]*Reactivos_[[#This Row],[Valor de referencia]] -> 0 | AE74: No aplica | AF74: SI
A75: =IF(B75=Reactivos_[[#This Row],[Cantidad LANIP]],"LANIP",IF(B75=Reactivos_[[#This Row],[Cantidad LDV]],"LDV",IF(B75=Reactivos_[[#This Row],[Cantidad LNDV]],"LNDV",IF(B75=Reactivos_[[#This Row],[GGCA]],"GGCA",IF(B75=Reactivos_[[#This Row],[Cantidad LDF]],"LDF",IF(Reactivos_[[#This Row],[Cantidad LDF&MR]],"LDF&MR",IF(B75=Reactivos_[[#This Row],[Cantidad RED LASE]],"LASE",IF(B75=Reactivos_[[#This Row],[Cantidad LANIA]],"LANIA",IF(B75=Reactivos_[[#This Row],[Cantidad SPA]],"SPA"," "))))))))) -> LNDV | B75: =MAX(Reactivos_[[#This Row],[Cantidad LANIP]],Reactivos_[[#This Row],[Cantidad LDV]],Reactivos_[[#This Row],[Cantidad LNDV]],Reactivos_[[#This Row],[GGCA]],Reactivos_[[#This Row],[Cantidad LDF]],Reactivos_[[#This Row],[Cantidad LDF&MR]],Reactivos_[[#This Row],[Cantidad RED LASE]],Reactivos_[[#This Row],[Cantidad LANIA]],Reactivos_[[#This Row],[Cantidad SPA]]) -> 20 | C75: 73 | D75: 82 | E75: Agua estéril libre de nucleasas | H75: Thermo Fisher o Invitrogen, New England Biolabs o Sigma-Aldrich o VWR LIFE SCIENCE Ref:97062 o equivalente | I75: Caja x 5 frascos x 100ml | J75: =SUM(Reactivos_[[#This Row],[Cantidad LANIP]],Reactivos_[[#This Row],[Cantidad LDV]],Reactivos_[[#This Row],[Cantidad LNDV]],Reactivos_[[#This Row],[GGCA]],Reactivos_[[#This Row],[Cantidad LDF]],Reactivos_[[#This Row],[Cantidad LDF&MR]],Reactivos_[[#This Row],[Cantidad RED LASE]],Reactivos_[[#This Row],[Cantidad LANIA]],Reactivos_[[#This Row],[Cantidad SPA]]) -> 36 | K75: 860379 | L75: =+Reactivos_[[#This Row],[Cantidad]]*Reactivos_[[#This Row],[Valor de referencia]] -> 30973644 | M75: 0 | N75: =+Reactivos_[[#This Row],[Valor de referencia]]*Reactivos_[[#This Row],[Cantidad LANIP]] -> 0 | P75: =+Reactivos_[[#This Row],[Cantidad LDV]]*Reactivos_[[#This Row],[Valor de referencia]] -> 0 | Q75: 20 | R75: =+Reactivos_[[#This Row],[Cantidad LNDV]]*Reactivos_[[#This Row],[Valor de referencia]] -> 17207580 | T75: =+Reactivos_[[#This Row],[GGCA]]*Reactivos_[[#This Row],[Valor de referencia]] -> 0 | U75: 12 | V75: =+Reactivos_[[#This Row],[Cantidad LDF]]*Reactivos_[[#This Row],[Valor de referencia]] -> 10324548 | W75: 3 | X75: =+Reactivos_[[#This Row],[Cantidad LDF&MR]]*Reactivos_[[#This Row],[Valor de referencia]] -> 2581137 | Z75: =+Reactivos_[[#This Row],[Cantidad RED LASE]]*Reactivos_[[#This Row],[Valor de referencia]] -> 0 | AA75: 1 | AB75: =+Reactivos_[[#This Row],[Cantidad LANIA]]*Reactivos_[[#This Row],[Valor de referencia]] -> 860379 | AD75: =+Reactivos_[[#This Row],[Cantidad SPA]]*Reactivos_[[#This Row],[Valor de referencia]] -> 0 | AE75: No aplica | AF75: SI
A76: =IF(B76=Reactivos_[[#This Row],[Cantidad LANIP]],"LANIP",IF(B76=Reactivos_[[#This Row],[Cantidad LDV]],"LDV",IF(B76=Reactivos_[[#This Row],[Cantidad LNDV]],"LNDV",IF(B76=Reactivos_[[#This Row],[GGCA]],"GGCA",IF(B76=Reactivos_[[#This Row],[Cantidad LDF]],"LDF",IF(Reactivos_[[#This Row],[Cantidad LDF&MR]],"LDF&MR",IF(B76=Reactivos_[[#This Row],[Cantidad RED LASE]],"LASE",IF(B76=Reactivos_[[#This Row],[Cantidad LANIA]],"LANIA",IF(B76=Reactivos_[[#This Row],[Cantidad SPA]],"SPA"," "))))))))) -> LDV | B76: =MAX(Reactivos_[[#This Row],[Cantidad LANIP]],Reactivos_[[#This Row],[Cantidad LDV]],Reactivos_[[#This Row],[Cantidad LNDV]],Reactivos_[[#This Row],[GGCA]],Reactivos_[[#This Row],[Cantidad LDF]],Reactivos_[[#This Row],[Cantidad LDF&MR]],Reactivos_[[#This Row],[Cantidad RED LASE]],Reactivos_[[#This Row],[Cantidad LANIA]],Reactivos_[[#This Row],[Cantidad SPA]]) -> 50 | C76: 74 | D76: 83 | E76: Agua peptonada buferada | H76: 3M o sigma o merck, sharlau o equivalente | I76: Frasco x 500g | J76: =SUM(Reactivos_[[#This Row],[Cantidad LANIP]],Reactivos_[[#This Row],[Cantidad LDV]],Reactivos_[[#This Row],[Cantidad LNDV]],Reactivos_[[#This Row],[GGCA]],Reactivos_[[#This Row],[Cantidad LDF]],Reactivos_[[#This Row],[Cantidad LDF&MR]],Reactivos_[[#This Row],[Cantidad RED LASE]],Reactivos_[[#This Row],[Cantidad LANIA]],Reactivos_[[#This Row],[Cantidad SPA]]) -> 79 | K76: 347726 | L76: =+Reactivos_[[#This Row],[Cantidad]]*Reactivos_[[#This Row],[Valor de referencia]] -> 27470354 | M76: 5 | N76: =+Reactivos_[[#This Row],[Valor de referencia]]*Reactivos_[[#This Row],[Cantidad LANIP]] -> 1738630 | O76: 50 | P76: =+Reactivos_[[#This Row],[Cantidad LDV]]*Reactivos_[[#This Row],[Valor de referencia]] -> 17386300 | Q76: 22 | R76: =+Reactivos_[[#This Row],[Cantidad LNDV]]*Reactivos_[[#This Row],[Valor de referencia]] -> 7649972 | T76: =+Reactivos_[[#This Row],[GGCA]]*Reactivos_[[#This Row],[Valor de referencia]] -> 0 | V76: =+Reactivos_[[#This Row],[Cantidad LDF]]*Reactivos_[[#This Row],[Valor de referencia]] -> 0 | X76: =+Reactivos_[[#This Row],[Cantidad LDF&MR]]*Reactivos_[[#This Row],[Valor de referencia]] -> 0 | Z76: =+Reactivos_[[#This Row],[Cantidad RED LASE]]*Reactivos_[[#This Row],[Valor de referencia]] -> 0 | AA76: 2 | AB76: =+Reactivos_[[#This Row],[Cantidad LANIA]]*Reactivos_[[#This Row],[Valor de referencia]] -> 695452 | AD76: =+Reactivos_[[#This Row],[Cantidad SPA]]*Reactivos_[[#This Row],[Valor de referencia]] -> 0 | AE76: No aplica | AF76: SI
A77: =IF(B77=Reactivos_[[#This Row],[Cantidad LANIP]],"LANIP",IF(B77=Reactivos_[[#This Row],[Cantidad LDV]],"LDV",IF(B77=Reactivos_[[#This Row],[Cantidad LNDV]],"LNDV",IF(B77=Reactivos_[[#This Row],[GGCA]],"GGCA",IF(B77=Reactivos_[[#This Row],[Cantidad LDF]],"LDF",IF(Reactivos_[[#This Row],[Cantidad LDF&MR]],"LDF&MR",IF(B77=Reactivos_[[#This Row],[Cantidad RED LASE]],"LASE",IF(B77=Reactivos_[[#This Row],[Cantidad LANIA]],"LANIA",IF(B77=Reactivos_[[#This Row],[Cantidad SPA]],"SPA"," "))))))))) -> LDF | B77: =MAX(Reactivos_[[#This Row],[Cantidad LANIP]],Reactivos_[[#This Row],[Cantidad LDV]],Reactivos_[[#This Row],[Cantidad LNDV]],Reactivos_[[#This Row],[GGCA]],Reactivos_[[#This Row],[Cantidad LDF]],Reactivos_[[#This Row],[Cantidad LDF&MR]],Reactivos_[[#This Row],[Cantidad RED LASE]],Reactivos_[[#This Row],[Cantidad LANIA]],Reactivos_[[#This Row],[Cantidad SPA]]) -> 2 | C77: 75 | D77: 84 | E77: AGUA tratada con DEPC, para uso con RNA, es Incubada con 0.1% de DEPC, autoclavada y luego filtrada. | H77: Invitrogen Ref. 750024 o equivalente | I77: Caja x 4 frascos x 100 ml | J77: =SUM(Reactivos_[[#This Row],[Cantidad LANIP]],Reactivos_[[#This Row],[Cantidad LDV]],Reactivos_[[#This Row],[Cantidad LNDV]],Reactivos_[[#This Row],[GGCA]],Reactivos_[[#This Row],[Cantidad LDF]],Reactivos_[[#This Row],[Cantidad LDF&MR]],Reactivos_[[#This Row],[Cantidad RED LASE]],Reactivos_[[#This Row],[Cantidad LANIA]],Reactivos_[[#This Row],[Cantidad SPA]]) -> 2 | K77: 1469472 | L77: =+Reactivos_[[#This Row],[Cantidad]]*Reactivos_[[#This Row],[Valor de referencia]] -> 2938944 | M77: 0 | N77: =+Reactivos_[[#This Row],[Valor de referencia]]*Reactivos_[[#This Row],[Cantidad LANIP]] -> 0 | P77: =+Reactivos_[[#This Row],[Cantidad LDV]]*Reactivos_[[#This Row],[Valor de referencia]] -> 0 | R77: =+Reactivos_[[#This Row],[Cantidad LNDV]]*Reactivos_[[#This Row],[Valor de referencia]] -> 0 | T77: =+Reactivos_[[#This Row],[GGCA]]*Reactivos_[[#This Row],[Valor de referencia]] -> 0 | U77: 2 | V77: =+Reactivos_[[#This Row],[Cantidad LDF]]*Reactivos_[[#This Row],[Valor de referencia]] -> 2938944 | X77: =+Reactivos_[[#This Row],[Cantidad LDF&MR]]*Reactivos_[[#This Row],[Valor de referencia]] -> 0 | Z77: =+Reactivos_[[#This Row],[Cantidad RED LASE]]*Reactivos_[[#This Row],[Valor de referencia]] -> 0 | AB77: =+Reactivos_[[#This Row],[Cantidad LANIA]]*Reactivos_[[#This Row],[Valor de referencia]] -> 0 | AD77: =+Reactivos_[[#This Row],[Cantidad SPA]]*Reactivos_[[#This Row],[Valor de referencia]] -> 0 | AE77: No aplica | AF77: SI
A78: =IF(B78=Reactivos_[[#This Row],[Cantidad LANIP]],"LANIP",IF(B78=Reactivos_[[#This Row],[Cantidad LDV]],"LDV",IF(B78=Reactivos_[[#This Row],[Cantidad LNDV]],"LNDV",IF(B78=Reactivos_[[#This Row],[GGCA]],"GGCA",IF(B78=Reactivos_[[#This Row],[Cantidad LDF]],"LDF",IF(Reactivos_[[#This Row],[Cantidad LDF&MR]],"LDF&MR",IF(B78=Reactivos_[[#This Row],[Cantidad RED LASE]],"LASE",IF(B78=Reactivos_[[#This Row],[Cantidad LANIA]],"LANIA",IF(B78=Reactivos_[[#This Row],[Cantidad SPA]],"SPA"," "))))))))) -> LDF | B78: =MAX(Reactivos_[[#This Row],[Cantidad LANIP]],Reactivos_[[#This Row],[Cantidad LDV]],Reactivos_[[#This Row],[Cantidad LNDV]],Reactivos_[[#This Row],[GGCA]],Reactivos_[[#This Row],[Cantidad LDF]],Reactivos_[[#This Row],[Cantidad LDF&MR]],Reactivos_[[#This Row],[Cantidad RED LASE]],Reactivos_[[#This Row],[Cantidad LANIA]],Reactivos_[[#This Row],[Cantidad SPA]]) -> 13 | C78: 76 | D78: 85 | E78: Agua ultrapura destilada para uso en Biología Molecular con certificado de libre de RNAsas y DNAsas | H78: VWR LIFE SCIENCE Ref: L0201-0500 o equivalente | I78: Frasco x 500 ml | J78: =SUM(Reactivos_[[#This Row],[Cantidad LANIP]],Reactivos_[[#This Row],[Cantidad LDV]],Reactivos_[[#This Row],[Cantidad LNDV]],Reactivos_[[#This Row],[GGCA]],Reactivos_[[#This Row],[Cantidad LDF]],Reactivos_[[#This Row],[Cantidad LDF&MR]],Reactivos_[[#This Row],[Cantidad RED LASE]],Reactivos_[[#This Row],[Cantidad LANIA]],Reactivos_[[#This Row],[Cantidad SPA]]) -> 18 | K78: 314517 | L78: =+Reactivos_[[#This Row],[Cantidad]]*Reactivos_[[#This Row],[Valor de referencia]] -> 5661306 | M78: 0 | N78: =+Reactivos_[[#This Row],[Valor de referencia]]*Reactivos_[[#This Row],[Cantidad LANIP]] -> 0 | P78: =+Reactivos_[[#This Row],[Cantidad LDV]]*Reactivos_[[#This Row],[Valor de referencia]] -> 0 | R78: =+Reactivos_[[#This Row],[Cantidad LNDV]]*Reactivos_[[#This Row],[Valor de referencia]] -> 0 | T78: =+Reactivos_[[#This Row],[GGCA]]*Reactivos_[[#This Row],[Valor de referencia]] -> 0 | U78: 13 | V78: =+Reactivos_[[#This Row],[Cantidad LDF]]*Reactivos_[[#This Row],[Valor de referencia]] -> 4088721 | W78: 5 | X78: =+Reactivos_[[#This Row],[Cantidad LDF&MR]]*Reactivos_[[#This Row],[Valor de referencia]] -> 1572585 | Z78: =+Reactivos_[[#This Row],[Cantidad RED LASE]]*Reactivos_[[#This Row],[Valor de referencia]] -> 0 | AB78: =+Reactivos_[[#This Row],[Cantidad LANIA]]*Reactivos_[[#This Row],[Valor de referencia]] -> 0 | AD78: =+Reactivos_[[#This Row],[Cantidad SPA]]*Reactivos_[[#This Row],[Valor de referencia]] -> 0 | AE78: No aplica | AF78: SI
A79: =IF(B79=Reactivos_[[#This Row],[Cantidad LANIP]],"LANIP",IF(B79=Reactivos_[[#This Row],[Cantidad LDV]],"LDV",IF(B79=Reactivos_[[#This Row],[Cantidad LNDV]],"LNDV",IF(B79=Reactivos_[[#This Row],[GGCA]],"GGCA",IF(B79=Reactivos_[[#This Row],[Cantidad LDF]],"LDF",IF(Reactivos_[[#This Row],[Cantidad LDF&MR]],"LDF&MR",IF(B79=Reactivos_[[#This Row],[Cantidad RED LASE]],"LASE",IF(B79=Reactivos_[[#This Row],[Cantidad LANIA]],"LANIA",IF(B79=Reactivos_[[#This Row],[Cantidad SPA]],"SPA"," "))))))))) -> LDV | B79: =MAX(Reactivos_[[#This Row],[Cantidad LANIP]],Reactivos_[[#This Row],[Cantidad LDV]],Reactivos_[[#This Row],[Cantidad LNDV]],Reactivos_[[#This Row],[GGCA]],Reactivos_[[#This Row],[Cantidad LDF]],Reactivos_[[#This Row],[Cantidad LDF&MR]],Reactivos_[[#This Row],[Cantidad RED LASE]],Reactivos_[[#This Row],[Cantidad LANIA]],Reactivos_[[#This Row],[Cantidad SPA]]) -> 4 | C79: 77 | D79: 86 | E79: Alcohol ácido Ziehl Neelsen | H79: Albor o equivalente | I79: Frasco x 1 litro | J79: =SUM(Reactivos_[[#This Row],[Cantidad LANIP]],Reactivos_[[#This Row],[Cantidad LDV]],Reactivos_[[#This Row],[Cantidad LNDV]],Reactivos_[[#This Row],[GGCA]],Reactivos_[[#This Row],[Cantidad LDF]],Reactivos_[[#This Row],[Cantidad LDF&MR]],Reactivos_[[#This Row],[Cantidad RED LASE]],Reactivos_[[#This Row],[Cantidad LANIA]],Reactivos_[[#This Row],[Cantidad SPA]]) -> 7 | K79: 120192 | L79: =+Reactivos_[[#This Row],[Cantidad]]*Reactivos_[[#This Row],[Valor de referencia]] -> 841344 | M79: 0 | N79: =+Reactivos_[[#This Row],[Valor de referencia]]*Reactivos_[[#This Row],[Cantidad LANIP]] -> 0 | O79: 4 | P79: =+Reactivos_[[#This Row],[Cantidad LDV]]*Reactivos_[[#This Row],[Valor de referencia]] -> 480768 | Q79: 3 | R79: =+Reactivos_[[#This Row],[Cantidad LNDV]]*Reactivos_[[#This Row],[Valor de referencia]] -> 360576 | T79: =+Reactivos_[[#This Row],[GGCA]]*Reactivos_[[#This Row],[Valor de referencia]] -> 0 | V79: =+Reactivos_[[#This Row],[Cantidad LDF]]*Reactivos_[[#This Row],[Valor de referencia]] -> 0 | X79: =+Reactivos_[[#This Row],[Cantidad LDF&MR]]*Reactivos_[[#This Row],[Valor de referencia]] -> 0 | Z79: =+Reactivos_[[#This Row],[Cantidad RED LASE]]*Reactivos_[[#This Row],[Valor de referencia]] -> 0 | AB79: =+Reactivos_[[#This Row],[Cantidad LANIA]]*Reactivos_[[#This Row],[Valor de referencia]] -> 0 | AD79: =+Reactivos_[[#This Row],[Cantidad SPA]]*Reactivos_[[#This Row],[Valor de referencia]] -> 0 | AE79: No aplica | AF79: SI
A80: =IF(B80=Reactivos_[[#This Row],[Cantidad LANIP]],"LANIP",IF(B80=Reactivos_[[#This Row],[Cantidad LDV]],"LDV",IF(B80=Reactivos_[[#This Row],[Cantidad LNDV]],"LNDV",IF(B80=Reactivos_[[#This Row],[GGCA]],"GGCA",IF(B80=Reactivos_[[#This Row],[Cantidad LDF]],"LDF",IF(Reactivos_[[#This Row],[Cantidad LDF&MR]],"LDF&MR",IF(B80=Reactivos_[[#This Row],[Cantidad RED LASE]],"LASE",IF(B80=Reactivos_[[#This Row],[Cantidad LANIA]],"LANIA",IF(B80=Reactivos_[[#This Row],[Cantidad SPA]],"SPA"," "))))))))) -> LDV | B80: =MAX(Reactivos_[[#This Row],[Cantidad LANIP]],Reactivos_[[#This Row],[Cantidad LDV]],Reactivos_[[#This Row],[Cantidad LNDV]],Reactivos_[[#This Row],[GGCA]],Reactivos_[[#This Row],[Cantidad LDF]],Reactivos_[[#This Row],[Cantidad LDF&MR]],Reactivos_[[#This Row],[Cantidad RED LASE]],Reactivos_[[#This Row],[Cantidad LANIA]],Reactivos_[[#This Row],[Cantidad SPA]]) -> 300 | C80: 78 | D80: 87 | E80: Alcohol antiséptico al 70% | H80: NACIONAL (OSA) | I80: Frasco x 750 ml | J80: =SUM(Reactivos_[[#This Row],[Cantidad LANIP]],Reactivos_[[#This Row],[Cantidad LDV]],Reactivos_[[#This Row],[Cantidad LNDV]],Reactivos_[[#This Row],[GGCA]],Reactivos_[[#This Row],[Cantidad LDF]],Reactivos_[[#This Row],[Cantidad LDF&MR]],Reactivos_[[#This Row],[Cantidad RED LASE]],Reactivos_[[#This Row],[Cantidad LANIA]],Reactivos_[[#This Row],[Cantidad SPA]]) -> 1144 | K80: 13565 | L80: =+Reactivos_[[#This Row],[Cantidad]]*Reactivos_[[#This Row],[Valor de referencia]] -> 15518360 | M80: 11 | N80: =+Reactivos_[[#This Row],[Valor de referencia]]*Reactivos_[[#This Row],[Cantidad LANIP]] -> 149215 | O80: 300 | P80: =+Reactivos_[[#This Row],[Cantidad LDV]]*Reactivos_[[#This Row],[Valor de referencia]] -> 4069500 | Q80: 200 | R80: =+Reactivos_[[#This Row],[Cantidad LNDV]]*Reactivos_[[#This Row],[Valor de referencia]] -> 2713000 | T80: =+Reactivos_[[#This Row],[GGCA]]*Reactivos_[[#This Row],[Valor de referencia]] -> 0 | U80: 286 | V80: =+Reactivos_[[#This Row],[Cantidad LDF]]*Reactivos_[[#This Row],[Valor de referencia]] -> 3879590 | W80: 80 | X80: =+Reactivos_[[#This Row],[Cantidad LDF&MR]]*Reactivos_[[#This Row],[Valor de referencia]] -> 1085200 | Y80: 142 | Z80: =+Reactivos_[[#This Row],[Cantidad RED LASE]]*Reactivos_[[#This Row],[Valor de referencia]] -> 1926230 | AA80: 100 | AB80: =+Reactivos_[[#This Row],[Cantidad LANIA]]*Reactivos_[[#This Row],[Valor de referencia]] -> 1356500 | AC80: 25 | AD80: =+Reactivos_[[#This Row],[Cantidad SPA]]*Reactivos_[[#This Row],[Valor de referencia]] -> 339125 | AE80: No aplica | AF80: NO APLICA
